Workbook

Sheet Orçamento
H2: SERPO
H3: Secretaria de Serviços Públicos e Obras
A4: PLANILHA ORÇAMENTÁRIA | I4: REV. | J4: 46287
A5: OBRA: | B5: REFORMAS NA ÁREA DA PISTA DE SKATE NO CÉU DAS ARTES – LARANJEIRAS | I5: BDI Obra: | J5: 0.2354
A6: LOCAL: | B6: RUA WASHINGTON PENSA, 969 – PARQUE DAS LARANJEIRAS, SOROCABA/SP | I6: Área (m²): | J6: 350
A8: ITEM | B8: CÓDIGO | C8: REFERÊNCIA | D8: DISCRIMINAÇÃO DO SERVIÇO | E8: UNIDADE | F8: QUANTIDADE | G8: PREÇO UNITÁRIO (S/ BDI) | H8: PREÇO UNITÁRIO (C/ BDI) | I8: PREÇO TOTAL (SEM BDI) | J8: PREÇO TOTAL (COM BDI) | K8: $ sem BDI | L8: $ com BDI | M8: Caso tenha alguma observação no item, escrever abaixo | O8: Conferências
A9: 1 | D9: SERVIÇOS PRELIMINARES | K9: =I18 -> 12460.52 | L9: =J18 -> 15393.13 | M9: OBSERVAÇÃO | N9: =A9 -> 1 | O9: =IF(L9=SUM(L10:L18),"OK","NOK") -> OK
A10: 1.1 | D10: CANTEIRO DE OBRAS | H10: SUBTOTAL | I10: =SUBTOTAL(9,I11:I14) -> 12377.08 | J10: =SUBTOTAL(9,J11:J14) -> 15290.38 | K10: =SUM(I11:I14) -> 12377.08 | L10: =SUM(J11:J14) -> 15290.38
A11: 1.1.1 | B11: 02.08.040 | C11: CDHU | D11: Placa em lona com impressão digital e requadro em metalon | E11: M2 | F11: 6 | G11: 450.11 | H11: =TRUNC(G11*(1+$J$5),2) -> 556.06 | I11: =TRUNC(G11*F11,2) -> 2700.66 | J11: =TRUNC(H11*F11,2) -> 3336.36
A12: 1.1.2 | B12: 02.01.180 | C12: CDHU | D12: Banheiro químico modelo Standard, com manutenção conforme exigências da CETESB | E12: UNMES | F12: 3 | G12: 1259.83 | H12: =TRUNC(G12*(1+$J$5),2) -> 1556.39 | I12: =TRUNC(G12*F12,2) -> 3779.49 | J12: =TRUNC(H12*F12,2) -> 4669.17
A13: 1.1.3 | B13: 02.02.150 | C13: CDHU | D13: Locação de container tipo depósito - área mínima de 13,80 m² | E13: UNMES | F13: 3 | G13: 1010.89 | H13: =TRUNC(G13*(1+$J$5),2) -> 1248.85 | I13: =TRUNC(G13*F13,2) -> 3032.67 | J13: =TRUNC(H13*F13,2) -> 3746.55
A14: 1.1.4 | B14: 01-005-040 | C14: SIURB - EDIF | D14: TELA PARA PROTEÇÃO DE OBRAS, MALHA 2 MM | E14: M2 | F14: 82 | G14: 34.93 | H14: =TRUNC(G14*(1+$J$5),2) -> 43.15 | I14: =TRUNC(G14*F14,2) -> 2864.26 | J14: =TRUNC(H14*F14,2) -> 3538.3
A15: 1.2 | D15: LOCAÇÃO DE OBRA | H15: SUBTOTAL | I15: =SUBTOTAL(9,I16:I17) -> 83.44 | J15: =SUBTOTAL(9,J16:J17) -> 102.75 | K15: =SUM(I16:I17) -> 83.44 | L15: =SUM(J16:J17) -> 102.75
A16: 1.2.1 | B16: 02.10.050 | C16: CDHU | D16: Locação para muros, cercas e alambrados | E16: M | F16: 37.35 | G16: 1.6 | H16: =TRUNC(G16*(1+$J$5),2) -> 1.97 | I16: =TRUNC(G16*F16,2) -> 59.76 | J16: =TRUNC(H16*F16,2) -> 73.57
A17: 1.2.2 | B17: 02.10.060 | C17: CDHU | D17: Locação de vias, calçadas, tanques e lagoas | E17: M2 | F17: 12.21 | G17: 1.94 | H17: =TRUNC(G17*(1+$J$5),2) -> 2.39 | I17: =TRUNC(G17*F17,2) -> 23.68 | J17: =TRUNC(H17*F17,2) -> 29.18
H18: TOTAL ITEM | I18: =SUBTOTAL(9,I10:I17) -> 12460.52 | J18: =SUBTOTAL(9,J10:J17) -> 15393.13
A19: 2 | D19: DEMOLIÇÃO E REMOÇÃO | K19: =I24 -> 2287.99 | L19: =J24 -> 2826.2 | N19: =A19 -> 2 | O19: =IF(L19=SUM(L20:L23),"OK","NOK") -> OK
A20: 2.1 | D20: PISO INTERTRAVADO EXISTENTE | H20: SUBTOTAL | I20: =SUBTOTAL(9,I21:I23) -> 2287.99 | J20: =SUBTOTAL(9,J21:J23) -> 2826.2 | K20: =SUM(I21:I23) -> 2287.99 | L20: =SUM(J21:J23) -> 2826.2
A21: 2.1.1 | B21: 97635 | C21: SINAPI | D21: REMOÇÃO DE PISO DE BLOCO INTERTRAVADO OU DE PEDRA PORTUGUESA, DE FORMA MANUAL, COM REAPROVEITAMENTO. AF_09/2023 | E21: M2 | F21: 23.56 | G21: 24.59 | H21: =TRUNC(G21*(1+$J$5),2) -> 30.37 | I21: =TRUNC(G21*F21,2) -> 579.34 | J21: =TRUNC(H21*F21,2) -> 715.51
A22: 2.1.2 | B22: 05.07.060 | C22: CDHU | D22: Remoção de entulho de obra com caçamba metálica - material rejeitado e misturado por vegetação, isopor, manta asfáltica e lã de vidro | E22: M3 | F22: 8.03 | G22: 139.93 | H22: =TRUNC(G22*(1+$J$5),2) -> 172.86 | I22: =TRUNC(G22*F22,2) -> 1123.63 | J22: =TRUNC(H22*F22,2) -> 1388.06
A23: 2.1.3 | B23: 05.09.006 | C23: CDHU | D23: Taxa de destinação de resíduo sólido em aterro, tipo inerte | E23: T | F23: 12.05 | G23: 48.55 | H23: =TRUNC(G23*(1+$J$5),2) -> 59.97 | I23: =TRUNC(G23*F23,2) -> 585.02 | J23: =TRUNC(H23*F23,2) -> 722.63
H24: TOTAL ITEM | I24: =SUBTOTAL(9,I20:I23) -> 2287.99 | J24: =SUBTOTAL(9,J20:J23) -> 2826.2
A25: 3 | D25: FECHAMENTO | K25: =I63 -> 53765.23 | L25: =J63 -> 66418.71 | N25: =A25 -> 3 | O25: =IF(L25=SUM(L26:L62),"OK","NOK") -> OK
A26: 3.1 | D26: INFRAESTRUTURA – ARQUIBANCADA | H26: SUBTOTAL | I26: =SUBTOTAL(9,I27:I37) -> 10077.31 | J26: =SUBTOTAL(9,J27:J37) -> 12448.28 | K26: =SUM(I27:I37) -> 10077.31 | L26: =SUM(J27:J37) -> 12448.28
A27: 3.1.1 | B27: 96525 | C27: SINAPI | D27: ESCAVAÇÃO MECANIZADA PARA VIGA BALDRAME OU SAPATA CORRIDA COM MINI-ESCAVADEIRA (INCLUINDO ESCAVAÇÃO PARA COLOCAÇÃO DE FÔRMAS). AF_01/2024 | E27: M3 | F27: 2.62 | G27: 68.81 | H27: =TRUNC(G27*(1+$J$5),2) -> 85 | I27: =TRUNC(G27*F27,2) -> 180.28 | J27: =TRUNC(H27*F27,2) -> 222.7
A28: 3.1.2 | B28: 101616 | C28: SINAPI | D28: PREPARO DE FUNDO DE VALA COM LARGURA MENOR QUE 1,5 M (ACERTO DO SOLO NATURAL), EM LOCAL COM NÍVEL BAIXO DE INTERFERÊNCIA. AF_01/2026 | E28: M2 | F28: 8.3 | G28: 10.61 | H28: =TRUNC(G28*(1+$J$5),2) -> 13.1 | I28: =TRUNC(G28*F28,2) -> 88.06 | J28: =TRUNC(H28*F28,2) -> 108.73
A29: 3.1.3 | B29: 12.01.021 | C29: CDHU | D29: Broca em concreto armado diâmetro de 20 cm - completa | E29: M | F29: 16 | G29: 75.47 | H29: =TRUNC(G29*(1+$J$5),2) -> 93.23 | I29: =TRUNC(G29*F29,2) -> 1207.52 | J29: =TRUNC(H29*F29,2) -> 1491.68
A30: 3.1.4 | B30: 96621 | C30: SINAPI | D30: LASTRO COM MATERIAL GRANULAR, APLICAÇÃO EM BLOCOS DE COROAMENTO, ESPESSURA DE *5 CM*. AF_01/2024 | E30: M3 | F30: 0.42 | G30: 238.11 | H30: =TRUNC(G30*(1+$J$5),2) -> 294.16 | I30: =TRUNC(G30*F30,2) -> 100 | J30: =TRUNC(H30*F30,2) -> 123.54
A31: 3.1.5 | B31: 96528 | C31: SINAPI | D31: FABRICAÇÃO, MONTAGEM E DESMONTAGEM DE FÔRMA PARA BLOCO DE COROAMENTO, EM MADEIRA SERRADA, E=25 MM, 1 UTILIZAÇÃO. AF_01/2024 | E31: M2 | F31: 5.76 | G31: 172.6 | H31: =TRUNC(G31*(1+$J$5),2) -> 213.23 | I31: =TRUNC(G31*F31,2) -> 994.17 | J31: =TRUNC(H31*F31,2) -> 1228.2
A32: 3.1.6 | B32: 96546 | C32: SINAPI | D32: ARMAÇÃO DE BLOCO UTILIZANDO AÇO CA-50 DE 10 MM - MONTAGEM. AF_01/2024 | E32: KG | F32: 32.33 | G32: 14.23 | H32: =TRUNC(G32*(1+$J$5),2) -> 17.57 | I32: =TRUNC(G32*F32,2) -> 460.05 | J32: =TRUNC(H32*F32,2) -> 568.03
A33: 3.1.7 | B33: 96530 | C33: SINAPI | D33: FABRICAÇÃO, MONTAGEM E DESMONTAGEM DE FÔRMA PARA VIGA BALDRAME, EM MADEIRA SERRADA, E=25 MM, 1 UTILIZAÇÃO. AF_01/2024 | E33: M2 | F33: 17.01 | G33: 156.27 | H33: =TRUNC(G33*(1+$J$5),2) -> 193.05 | I33: =TRUNC(G33*F33,2) -> 2658.15 | J33: =TRUNC(H33*F33,2) -> 3283.78
A34: 3.1.8 | B34: 104919 | C34: SINAPI | D34: ARMAÇÃO DE SAPATA ISOLADA, VIGA BALDRAME E SAPATA CORRIDA UTILIZANDO AÇO CA-50 DE 10 MM - MONTAGEM. AF_01/2024 | E34: KG | F34: 63.82 | G34: 12.46 | H34: =TRUNC(G34*(1+$J$5),2) -> 15.39 | I34: =TRUNC(G34*F34,2) -> 795.19 | J34: =TRUNC(H34*F34,2) -> 982.18
A35: 3.1.9 | B35: 104916 | C35: SINAPI | D35: ARMAÇÃO DE SAPATA ISOLADA, VIGA BALDRAME E SAPATA CORRIDA UTILIZANDO AÇO CA-60 DE 5 MM - MONTAGEM. AF_01/2024 | E35: KG | F35: 23.1 | G35: 18.3 | H35: =TRUNC(G35*(1+$J$5),2) -> 22.6 | I35: =TRUNC(G35*F35,2) -> 422.73 | J35: =TRUNC(H35*F35,2) -> 522.06
A36: 3.1.10 | B36: 96557 | C36: SINAPI | D36: CONCRETAGEM DE BLOCO DE COROAMENTO OU VIGA BALDRAME, FCK 30 MPA, COM USO DE BOMBA - LANÇAMENTO, ADENSAMENTO E ACABAMENTO. AF_01/2024 | E36: M3 | F36: 2.62 | G36: 710.11 | H36: =TRUNC(G36*(1+$J$5),2) -> 877.26 | I36: =TRUNC(G36*F36,2) -> 1860.48 | J36: =TRUNC(H36*F36,2) -> 2298.42
A37: 3.1.11 | B37: 98557 | C37: SINAPI | D37: IMPERMEABILIZAÇÃO DE SUPERFÍCIE COM EMULSÃO ASFÁLTICA, 2 DEMÃOS. AF_09/2023 | E37: M2 | F37: 28 | G37: 46.81 | H37: =TRUNC(G37*(1+$J$5),2) -> 57.82 | I37: =TRUNC(G37*F37,2) -> 1310.68 | J37: =TRUNC(H37*F37,2) -> 1618.96
A38: 3.2 | D38: SUPERESTRUTURA – ARQUIBANCADA | H38: SUBTOTAL | I38: =SUBTOTAL(9,I39:I50) -> 9742.84 | J38: =SUBTOTAL(9,J39:J50) -> 12035.7 | K38: =SUM(I39:I50) -> 9742.84 | L38: =SUM(J39:J50) -> 12035.7
A39: 3.2.1 | B39: 89470 | C39: SINAPI | D39: ALVENARIA DE BLOCOS DE CONCRETO ESTRUTURAL 14X19X39 CM (ESPESSURA 14 CM), FBK = 4,5 MPA, UTILIZANDO COLHER DE PEDREIRO. AF_07/2026 | E39: M2 | F39: 18.74 | G39: 135.61 | H39: =TRUNC(G39*(1+$J$5),2) -> 167.53 | I39: =TRUNC(G39*F39,2) -> 2541.33 | J39: =TRUNC(H39*F39,2) -> 3139.51
A40: 3.2.2 | B40: 89998 | C40: SINAPI | D40: ARMAÇÃO DE CINTA DE ALVENARIA ESTRUTURAL; DIÂMETRO DE 10,0 MM. AF_06/2026 | E40: KG | F40: 9.25 | G40: 10.58 | H40: =TRUNC(G40*(1+$J$5),2) -> 13.07 | I40: =TRUNC(G40*F40,2) -> 97.86 | J40: =TRUNC(H40*F40,2) -> 120.89
A41: 3.2.3 | B41: 90000 | C41: SINAPI | D41: ARMAÇÃO DE VERGA E CONTRAVERGA DE ALVENARIA ESTRUTURAL; DIÂMETRO DE 10,0 MM. AF_06/2026 | E41: KG | F41: 14.49 | G41: 21.97 | H41: =TRUNC(G41*(1+$J$5),2) -> 27.14 | I41: =TRUNC(G41*F41,2) -> 318.34 | J41: =TRUNC(H41*F41,2) -> 393.25
A42: 3.2.4 | B42: 89996 | C42: SINAPI | D42: ARMAÇÃO VERTICAL DE ALVENARIA ESTRUTURAL; DIÂMETRO DE 10,0 MM. AF_06/2026 | E42: KG | F42: 11.83 | G42: 11.09 | H42: =TRUNC(G42*(1+$J$5),2) -> 13.7 | I42: =TRUNC(G42*F42,2) -> 131.19 | J42: =TRUNC(H42*F42,2) -> 162.07
A43: 3.2.5 | B43: 89994 | C43: SINAPI | D43: GRAUTEAMENTO DE CINTA INTERMEDIÁRIA OU DE CONTRAVERGA EM ALVENARIA ESTRUTURAL, FGK = 20 MPA. AF_06/2026 | E43: M3 | F43: 0.17 | G43: 1730.14 | H43: =TRUNC(G43*(1+$J$5),2) -> 2137.41 | I43: =TRUNC(G43*F43,2) -> 294.12 | J43: =TRUNC(H43*F43,2) -> 363.35
A44: 3.2.6 | B44: 89995 | C44: SINAPI | D44: GRAUTEAMENTO DE CINTA SUPERIOR OU DE VERGA EM ALVENARIA ESTRUTURAL, FGK = 20 MPA. AF_06/2026 | E44: M3 | F44: 0.27 | G44: 1135.96 | H44: =TRUNC(G44*(1+$J$5),2) -> 1403.36 | I44: =TRUNC(G44*F44,2) -> 306.7 | J44: =TRUNC(H44*F44,2) -> 378.9
A45: 3.2.7 | B45: 89993 | C45: SINAPI | D45: GRAUTEAMENTO VERTICAL EM ALVENARIA ESTRUTURAL, FGK = 20 MPA. AF_06/2026 | E45: M3 | F45: 0.13 | G45: 1206.04 | H45: =TRUNC(G45*(1+$J$5),2) -> 1489.94 | I45: =TRUNC(G45*F45,2) -> 156.78 | J45: =TRUNC(H45*F45,2) -> 193.69
A46: 3.2.8 | B46: 92510 | C46: SINAPI | D46: MONTAGEM E DESMONTAGEM DE FÔRMA DE LAJE MACIÇA, PÉ-DIREITO SIMPLES, EM CHAPA DE MADEIRA COMPENSADA RESINADA, 2 UTILIZAÇÕES. AF_09/2020 | E46: M2 | F46: 17.76 | G46: 69.9 | H46: =TRUNC(G46*(1+$J$5),2) -> 86.35 | I46: =TRUNC(G46*F46,2) -> 1241.42 | J46: =TRUNC(H46*F46,2) -> 1533.57
A47: 3.2.9 | B47: 92770 | C47: SINAPI | D47: ARMAÇÃO DE LAJE DE ESTRUTURA CONVENCIONAL DE CONCRETO ARMADO UTILIZANDO AÇO CA-50 DE 8,0 MM - MONTAGEM. AF_06/2022 | E47: KG | F47: 132.52 | G47: 10.97 | H47: =TRUNC(G47*(1+$J$5),2) -> 13.55 | I47: =TRUNC(G47*F47,2) -> 1453.74 | J47: =TRUNC(H47*F47,2) -> 1795.64
A48: 3.2.10 | B48: 103682 | C48: SINAPI | D48: CONCRETAGEM DE VIGAS E LAJES, FCK=25 MPA, PARA QUALQUER TIPO DE LAJE COM BALDES EM EDIFICAÇÃO TÉRREA - LANÇAMENTO, ADENSAMENTO E ACABAMENTO. AF_02/2022 | E48: M3 | F48: 1.58 | G48: 1077.52 | H48: =TRUNC(G48*(1+$J$5),2) -> 1331.16 | I48: =TRUNC(G48*F48,2) -> 1702.48 | J48: =TRUNC(H48*F48,2) -> 2103.23
A49: 3.2.11 | B49: 97097 | C49: SINAPI | D49: ACABAMENTO POLIDO PARA PISO DE CONCRETO ARMADO DE ALTA RESISTÊNCIA. AF_07/2026 | E49: M2 | F49: 14.42 | G49: 37.67 | H49: =TRUNC(G49*(1+$J$5),2) -> 46.53 | I49: =TRUNC(G49*F49,2) -> 543.2 | J49: =TRUNC(H49*F49,2) -> 670.96
A50: 3.2.12 | B50: 102073 | C50: SINAPI | D50: ESCADA EM CONCRETO ARMADO MOLDADO IN LOCO, FCK 25 MPA, COM 1 LANCE E LAJE PLANA, FÔRMA EM CHAPA DE MADEIRA COMPENSADA RESINADA. AF_11/2020 | E50: M3 | F50: 0.24 | G50: 3982.01 | H50: =TRUNC(G50*(1+$J$5),2) -> 4919.37 | I50: =TRUNC(G50*F50,2) -> 955.68 | J50: =TRUNC(H50*F50,2) -> 1180.64
A51: 3.3 | D51: REVESTIMENTOS ARGAMASSADOS | H51: SUBTOTAL | I51: =SUBTOTAL(9,I52:I53) -> 1146.6 | J51: =SUBTOTAL(9,J52:J53) -> 1416.47 | K51: =SUM(I52:I53) -> 1146.6 | L51: =SUM(J52:J53) -> 1416.47
A52: 3.3.1 | B52: 87893 | C52: SINAPI | D52: CHAPISCO APLICADO EM ALVENARIA (SEM PRESENÇA DE VÃOS) E ESTRUTURAS DE CONCRETO DE FACHADA, COM COLHER DE PEDREIRO. ARGAMASSA TRAÇO 1:3 COM PREPARO MANUAL. AF_10/2022 | E52: M2 | F52: 17.86 | G52: 9.52 | H52: =TRUNC(G52*(1+$J$5),2) -> 11.76 | I52: =TRUNC(G52*F52,2) -> 170.02 | J52: =TRUNC(H52*F52,2) -> 210.03
A53: 3.3.2 | B53: 87794 | C53: SINAPI | D53: EMBOÇO OU MASSA ÚNICA EM ARGAMASSA TRAÇO 1:2:8, PREPARO MANUAL, APLICADA MANUALMENTE EM PANOS CEGOS DE FACHADA (SEM PRESENÇA DE VÃOS), ESPESSURA DE 25 MM. AF_09/2022 | E53: M2 | F53: 17.86 | G53: 54.68 | H53: =TRUNC(G53*(1+$J$5),2) -> 67.55 | I53: =TRUNC(G53*F53,2) -> 976.58 | J53: =TRUNC(H53*F53,2) -> 1206.44
A54: 3.4 | D54: PINTURA | H54: SUBTOTAL | I54: =SUBTOTAL(9,I55:I57) -> 738.67 | J54: =SUBTOTAL(9,J55:J57) -> 912.27 | K54: =SUM(I55:I57) -> 738.67 | L54: =SUM(J55:J57) -> 912.27
A55: 3.4.1 | B55: 96130 | C55: SINAPI | D55: APLICAÇÃO MANUAL DE MASSA ACRÍLICA EM PAREDES EXTERNAS DE CASAS, UMA DEMÃO. AF_03/2024 | E55: M2 | F55: 17.86 | G55: 24.52 | H55: =TRUNC(G55*(1+$J$5),2) -> 30.29 | I55: =TRUNC(G55*F55,2) -> 437.92 | J55: =TRUNC(H55*F55,2) -> 540.97
A56: 3.4.2 | B56: 88485 | C56: SINAPI | D56: FUNDO SELADOR ACRÍLICO, APLICAÇÃO MANUAL EM PAREDE, UMA DEMÃO. AF_04/2023 | E56: M2 | F56: 17.86 | G56: 5.17 | H56: =TRUNC(G56*(1+$J$5),2) -> 6.38 | I56: =TRUNC(G56*F56,2) -> 92.33 | J56: =TRUNC(H56*F56,2) -> 113.94
A57: 3.4.3 | B57: 104641 | C57: SINAPI | D57: PINTURA LÁTEX ACRÍLICA ECONÔMICA, APLICAÇÃO MANUAL EM PAREDES, DUAS DEMÃOS. AF_04/2023 | E57: M2 | F57: 17.86 | G57: 11.67 | H57: =TRUNC(G57*(1+$J$5),2) -> 14.41 | I57: =TRUNC(G57*F57,2) -> 208.42 | J57: =TRUNC(H57*F57,2) -> 257.36
A58: 3.5 | D58: ALAMBRADO | H58: SUBTOTAL | I58: =SUBTOTAL(9,I59:I62) -> 32059.81 | J58: =SUBTOTAL(9,J59:J62) -> 39605.99 | K58: =SUM(I59:I62) -> 32059.81 | L58: =SUM(J59:J62) -> 39605.99
A59: 3.5.1 | B59: 12.01.021 | C59: CDHU | D59: Broca em concreto armado diâmetro de 20 cm - completa | E59: M | F59: 28 | G59: 75.47 | H59: =TRUNC(G59*(1+$J$5),2) -> 93.23 | I59: =TRUNC(G59*F59,2) -> 2113.16 | J59: =TRUNC(H59*F59,2) -> 2610.44
A60: 3.5.2 | B60: 17-001-091 | C60: SIURB - EDIF | D60: GRADIL DE FERRO GALVANIZADO ELETROFUNDIDO - BARRA 25X2MM - MALHA 65X132MM - MONTANTE COM DISTÂNCIA DE 1650MM - COM PINTURA | E60: M2 | F60: 61.06 | G60: 350.97 | H60: =TRUNC(G60*(1+$J$5),2) -> 433.58 | I60: =TRUNC(G60*F60,2) -> 21430.22 | J60: =TRUNC(H60*F60,2) -> 26474.39
A61: 3.5.3 | B61: 17-001-093 | C61: SIURB - EDIF | D61: PORTÃO EM FERRO GALVANIZADO ELETROFUNDIDO MALHA 65X132MM, DE ABRIR, 1 FOLHA, COM PINTURA ELETROLÍTICA | E61: M2 | F61: 1.89 | G61: 1664.14 | H61: =TRUNC(G61*(1+$J$5),2) -> 2055.87 | I61: =TRUNC(G61*F61,2) -> 3145.22 | J61: =TRUNC(H61*F61,2) -> 3885.59
A62: 3.5.4 | B62: 17-001-095 | C62: SIURB - EDIF | D62: PORTÃO EM FERRO GALVANIZADO ELETROFUNDIDO MALHA 65X132MM, DE ABRIR, 2 FOLHAS, COM PINTURA ELETROLÍTICA | E62: M2 | F62: 3.18 | G62: 1689.06 | H62: =TRUNC(G62*(1+$J$5),2) -> 2086.66 | I62: =TRUNC(G62*F62,2) -> 5371.21 | J62: =TRUNC(H62*F62,2) -> 6635.57
H63: TOTAL ITEM | I63: =SUBTOTAL(9,I26:I62) -> 53765.23 | J63: =SUBTOTAL(9,J26:J62) -> 66418.71
A64: 4 | D64: REVITALIZAÇÃO E ACESSIBILIDADE | K64: =I85 -> 9710.73 | L64: =J85 -> 11994.48 | N64: =A64 -> 4 | O64: =IF(L64=SUM(L65:L84),"OK","NOK") -> OK
A65: 4.1 | D65: ACESSIBILIDADE E PROTEÇÃO | H65: SUBTOTAL | I65: =SUBTOTAL(9,I66:I71) -> 3246.89 | J65: =SUBTOTAL(9,J66:J71) -> 4010.95 | K65: =SUM(I66:I71) -> 3246.89 | L65: =SUM(J66:J71) -> 4010.95
A66: 4.1.1 | B66: 17-001-091 | C66: SIURB - EDIF | D66: GRADIL DE FERRO GALVANIZADO ELETROFUNDIDO - BARRA 25X2MM - MALHA 65X132MM - MONTANTE COM DISTÂNCIA DE 1650MM - COM PINTURA | E66: M2 | F66: 5.28 | G66: 350.97 | H66: =TRUNC(G66*(1+$J$5),2) -> 433.58 | I66: =TRUNC(G66*F66,2) -> 1853.12 | J66: =TRUNC(H66*F66,2) -> 2289.3
A67: 4.1.2 | B67: 99855 | C67: SINAPI | D67: CORRIMÃO SIMPLES FIXADO EM PAREDE, DIÂMETRO EXTERNO = 1 1/2", EM AÇO GALVANIZADO. AF_10/2025 | E67: M | F67: 8.16 | G67: 97.44 | H67: =TRUNC(G67*(1+$J$5),2) -> 120.37 | I67: =TRUNC(G67*F67,2) -> 795.11 | J67: =TRUNC(H67*F67,2) -> 982.21
A68: 4.1.3 | B68: 30.06.010 | C68: CDHU | D68: Placa para sinalização tátil (início ou final) em braile para corrimão | E68: UN | F68: 4 | G68: 11.92 | H68: =TRUNC(G68*(1+$J$5),2) -> 14.72 | I68: =TRUNC(G68*F68,2) -> 47.68 | J68: =TRUNC(H68*F68,2) -> 58.88
A69: 4.1.4 | B69: 30.04.030 | C69: CDHU | D69: Piso em ladrilho hidráulico podotátil várias cores (25x25cm), assentado com argamassa mista | E69: M2 | F69: 2.61 | G69: 148.7 | H69: =TRUNC(G69*(1+$J$5),2) -> 183.7 | I69: =TRUNC(G69*F69,2) -> 388.1 | J69: =TRUNC(H69*F69,2) -> 479.45
A70: 4.1.5 | B70: 97.03.010 | C70: CDHU | D70: Sinalização com pictograma em tinta acrílica | E70: UN | F70: 1 | G70: 75.76 | H70: =TRUNC(G70*(1+$J$5),2) -> 93.59 | I70: =TRUNC(G70*F70,2) -> 75.76 | J70: =TRUNC(H70*F70,2) -> 93.59
A71: 4.1.6 | B71: 17-005-098 | C71: SIURB - EDIF | D71: SINALIZAÇÃO VISUAL DE DEGRAUS PARA DEFICIENTE VISUAL | E71: UN | F71: 12 | G71: 7.26 | H71: =TRUNC(G71*(1+$J$5),2) -> 8.96 | I71: =TRUNC(G71*F71,2) -> 87.12 | J71: =TRUNC(H71*F71,2) -> 107.52
A72: 4.2 | D72: PASSEIO INTERNO | H72: SUBTOTAL | I72: =SUBTOTAL(9,I73:I78) -> 1708.48 | J72: =SUBTOTAL(9,J73:J78) -> 2110.27 | K72: =SUM(I73:I78) -> 1708.48 | L72: =SUM(J73:J78) -> 2110.27
A73: 4.2.1 | B73: 06.02.020 | C73: CDHU | D73: Escavação manual em solo de 1ª e 2ª categoria em vala ou cava até 1,5 m | E73: M3 | F73: 1.46 | G73: 71.7 | H73: =TRUNC(G73*(1+$J$5),2) -> 88.57 | I73: =TRUNC(G73*F73,2) -> 104.68 | J73: =TRUNC(H73*F73,2) -> 129.31
A74: 4.2.2 | B74: 97084 | C74: SINAPI | D74: COMPACTAÇÃO MECÂNICA DE SOLO PARA EXECUÇÃO DE RADIER, PISO DE CONCRETO OU LAJE SOBRE SOLO, COM COMPACTADOR DE SOLOS TIPO PLACA VIBRATÓRIA. AF_07/2026 | E74: M2 | F74: 15.75 | G74: 1.09 | H74: =TRUNC(G74*(1+$J$5),2) -> 1.34 | I74: =TRUNC(G74*F74,2) -> 17.16 | J74: =TRUNC(H74*F74,2) -> 21.1
A75: 4.2.3 | B75: 11.18.040 | C75: CDHU | D75: Lastro de pedra britada | E75: M3 | F75: 0.79 | G75: 224.12 | H75: =TRUNC(G75*(1+$J$5),2) -> 276.87 | I75: =TRUNC(G75*F75,2) -> 177.05 | J75: =TRUNC(H75*F75,2) -> 218.72
A76: 4.2.4 | B76: 97088 | C76: SINAPI | D76: ARMAÇÃO PARA EXECUÇÃO DE RADIER, PISO DE CONCRETO OU LAJE SOBRE SOLO, COM USO DE TELA Q-92. AF_07/2026 | E76: KG | F76: 25.64 | G76: 14.91 | H76: =TRUNC(G76*(1+$J$5),2) -> 18.41 | I76: =TRUNC(G76*F76,2) -> 382.29 | J76: =TRUNC(H76*F76,2) -> 472.03
A77: 4.2.5 | B77: 104626 | C77: SINAPI | D77: EXECUÇÃO DE PASSEIO (CALÇADA) OU PISO DE CONCRETO COM CONCRETO MOLDADO IN LOCO, USINADO C25, ACABAMENTO CONVENCIONAL, NÃO ARMADO. AF_03/2023 | E77: M3 | F77: 1.26 | G77: 756.17 | H77: =TRUNC(G77*(1+$J$5),2) -> 934.17 | I77: =TRUNC(G77*F77,2) -> 952.77 | J77: =TRUNC(H77*F77,2) -> 1177.05
A78: 4.2.6 | B78: 11.20.050 | C78: CDHU | D78: Corte de junta de dilatação, com serra de disco diamantado para pisos | E78: M | F78: 6.15 | G78: 12.12 | H78: =TRUNC(G78*(1+$J$5),2) -> 14.97 | I78: =TRUNC(G78*F78,2) -> 74.53 | J78: =TRUNC(H78*F78,2) -> 92.06
A79: 4.3 | D79: REVITALIZAÇÃO DE OBSTÁCULOS | H79: SUBTOTAL | I79: =SUBTOTAL(9,I80:I84) -> 4755.36 | J79: =SUBTOTAL(9,J80:J84) -> 5873.26 | K79: =SUM(I80:I84) -> 4755.36 | L79: =SUM(J80:J84) -> 5873.26
A80: 4.3.1 | B80: 03.10.140 | C80: CDHU | D80: Remoção de pintura em massa com lixamento | E80: M2 | F80: 59.06 | G80: 7.49 | H80: =TRUNC(G80*(1+$J$5),2) -> 9.25 | I80: =TRUNC(G80*F80,2) -> 442.35 | J80: =TRUNC(H80*F80,2) -> 546.3
A81: 4.3.2 | B81: 88485 | C81: SINAPI | D81: FUNDO SELADOR ACRÍLICO, APLICAÇÃO MANUAL EM PAREDE, UMA DEMÃO. AF_04/2023 | E81: M2 | F81: 59.06 | G81: 5.17 | H81: =TRUNC(G81*(1+$J$5),2) -> 6.38 | I81: =TRUNC(G81*F81,2) -> 305.34 | J81: =TRUNC(H81*F81,2) -> 376.8
A82: 4.3.3 | B82: 104641 | C82: SINAPI | D82: PINTURA LÁTEX ACRÍLICA ECONÔMICA, APLICAÇÃO MANUAL EM PAREDES, DUAS DEMÃOS. AF_04/2023 | E82: M2 | F82: 59.06 | G82: 11.67 | H82: =TRUNC(G82*(1+$J$5),2) -> 14.41 | I82: =TRUNC(G82*F82,2) -> 689.23 | J82: =TRUNC(H82*F82,2) -> 851.05
A83: 4.3.4 | B83: 03.10.100 | C83: CDHU | D83: Remoção de pintura em superfícies de madeira e/ou metálicas com lixamento | E83: M2 | F83: 47.83 | G83: 10.97 | H83: =TRUNC(G83*(1+$J$5),2) -> 13.55 | I83: =TRUNC(G83*F83,2) -> 524.69 | J83: =TRUNC(H83*F83,2) -> 648.09
A84: 4.3.5 | B84: 33.11.050 | C84: CDHU | D84: Esmalte à base água em superfície metálica, inclusive preparo | E84: M2 | F84: 50.52 | G84: 55.3 | H84: =TRUNC(G84*(1+$J$5),2) -> 68.31 | I84: =TRUNC(G84*F84,2) -> 2793.75 | J84: =TRUNC(H84*F84,2) -> 3451.02
H85: TOTAL ITEM | I85: =SUBTOTAL(9,I65:I84) -> 9710.73 | J85: =SUBTOTAL(9,J65:J84) -> 11994.48
A86: 5 | D86: ELÉTRICA | K86: =I96 -> 448.5 | L86: =J96 -> 554.03 | N86: =A86 -> 5 | O86: =IF(L86=SUM(L87:L95),"OK","NOK") -> OK
A87: 5.1 | D87: POSTES EXISTENTES | H87: SUBTOTAL | I87: =SUBTOTAL(9,I88:I95) -> 448.5 | J87: =SUBTOTAL(9,J88:J95) -> 554.03 | K87: =SUM(I88:I95) -> 448.5 | L87: =SUM(J88:J95) -> 554.03
A88: 5.1.1 | B88: 06.02.020 | C88: CDHU | D88: Escavação manual em solo de 1ª e 2ª categoria em vala ou cava até 1,5 m | E88: M3 | F88: 0.08 | G88: 71.7 | H88: =TRUNC(G88*(1+$J$5),2) -> 88.57 | I88: =TRUNC(G88*F88,2) -> 5.73 | J88: =TRUNC(H88*F88,2) -> 7.08
A89: 5.1.2 | B89: 101616 | C89: SINAPI | D89: PREPARO DE FUNDO DE VALA COM LARGURA MENOR QUE 1,5 M (ACERTO DO SOLO NATURAL), EM LOCAL COM NÍVEL BAIXO DE INTERFERÊNCIA. AF_01/2026 | E89: M2 | F89: 0.16 | G89: 10.61 | H89: =TRUNC(G89*(1+$J$5),2) -> 13.1 | I89: =TRUNC(G89*F89,2) -> 1.69 | J89: =TRUNC(H89*F89,2) -> 2.09
A90: 5.1.3 | B90: 97882 | C90: SINAPI | D90: CAIXA ENTERRADA ELÉTRICA RETANGULAR, EM CONCRETO PRÉ-MOLDADO, FUNDO COM BRITA, DIMENSÕES INTERNAS: 0,4X0,4X0,4 M. AF_12/2020 | E90: UN | F90: 1 | G90: 250.52 | H90: =TRUNC(G90*(1+$J$5),2) -> 309.49 | I90: =TRUNC(G90*F90,2) -> 250.52 | J90: =TRUNC(H90*F90,2) -> 309.49
A91: 5.1.4 | B91: 11.18.040 | C91: CDHU | D91: Lastro de pedra britada | E91: M3 | F91: 0.05 | G91: 224.12 | H91: =TRUNC(G91*(1+$J$5),2) -> 276.87 | I91: =TRUNC(G91*F91,2) -> 11.2 | J91: =TRUNC(H91*F91,2) -> 13.84
A92: 5.1.5 | B92: 94963 | C92: SINAPI | D92: CONCRETO FCK = 15MPA, TRAÇO 1:3,4:3,5 (EM MASSA SECA DE CIMENTO/ AREIA MÉDIA/ BRITA 1) - PREPARO MECÂNICO COM BETONEIRA 400 L. AF_05/2021 | E92: M3 | F92: 0.01 | G92: 443.57 | H92: =TRUNC(G92*(1+$J$5),2) -> 547.98 | I92: =TRUNC(G92*F92,2) -> 4.43 | J92: =TRUNC(H92*F92,2) -> 5.47
A93: 5.1.6 | B93: 39.21.230 | C93: CDHU | D93: Cabo de cobre flexível de 3 x 1,5 mm², isolamento 0,6/1 kV - isolação HEPR 90°C | E93: M | F93: 8 | G93: 7.67 | H93: =TRUNC(G93*(1+$J$5),2) -> 9.47 | I93: =TRUNC(G93*F93,2) -> 61.36 | J93: =TRUNC(H93*F93,2) -> 75.76
A94: 5.1.7 | B94: 96985 | C94: SINAPI | D94: HASTE DE ATERRAMENTO, DIÂMETRO 5/8", COM 3 METROS - FORNECIMENTO E INSTALAÇÃO. AF_08/2023 | E94: UN | F94: 1 | G94: 87.52 | H94: =TRUNC(G94*(1+$J$5),2) -> 108.12 | I94: =TRUNC(G94*F94,2) -> 87.52 | J94: =TRUNC(H94*F94,2) -> 108.12
A95: 5.1.8 | B95: 42.05.110 | C95: CDHU | D95: Conector cabo/haste de 3/4´ | E95: UN | F95: 1 | G95: 26.05 | H95: =TRUNC(G95*(1+$J$5),2) -> 32.18 | I95: =TRUNC(G95*F95,2) -> 26.05 | J95: =TRUNC(H95*F95,2) -> 32.18
H96: TOTAL ITEM | I96: =SUBTOTAL(9,I87:I95) -> 448.5 | J96: =SUBTOTAL(9,J87:J95) -> 554.03
A97: 6 | D97: SERVIÇOS COMPLEMENTARES | K97: =I101 -> 1977.73 | L97: =J101 -> 2443.04 | N97: =A97 -> 6 | O97: =IF(L97=SUM(L98:L99),"OK","NOK") -> OK
A98: 6.1 | D98: LIMPEZA | H98: SUBTOTAL | I98: =SUBTOTAL(9,I99:I100) -> 1977.73 | J98: =SUBTOTAL(9,J99:J100) -> 2443.04 | K98: =SUM(I99:I100) -> 1977.73 | L98: =SUM(J99:J100) -> 2443.04
A99: 6.1.1 | B99: 17-004-001 | C99: SIURB - EDIF | D99: LIMPEZA GERAL DA OBRA | E99: M2 | F99: 101.08 | G99: 16.28 | H99: =TRUNC(G99*(1+$J$5),2) -> 20.11 | I99: =TRUNC(G99*F99,2) -> 1645.58 | J99: =TRUNC(H99*F99,2) -> 2032.71
A100: 6.1.2 | B100: C.12 | C100: COMPOSIÇÃO | D100: PLACA ORIENTATIVA SOBRE O USO, 0,80 M X 1,20M, INSTALADA SOBRE GRADIL METÁLICO | E100: UN. | F100: 1 | G100: 332.15 | H100: =TRUNC(G100*(1+$J$5),2) -> 410.33 | I100: =TRUNC(G100*F100,2) -> 332.15 | J100: =TRUNC(H100*F100,2) -> 410.33
H101: TOTAL ITEM | I101: =SUBTOTAL(9,I98:I100) -> 1977.73 | J101: =SUBTOTAL(9,J98:J100) -> 2443.04
I102: PREÇO TOTAL (SEM BDI) | J102: PREÇO TOTAL (COM BDI)
...

Sheet Composições Abertas
G2: SERPO
F3: Secretaria de Serviços Públicos e Obras
A4: CRONOGRAMA FÍSICO-FINANCEIRO
A5: OBRA: | B5: =Orçamento!B5 -> REFORMAS NA ÁREA DA PISTA DE SKATE NO CÉU DAS ARTES – LARANJEIRAS | H5: =Orçamento!I4 -> REV. | I5: =Orçamento!J4 -> 46287
A6: LOCAL: | B6: =Orçamento!B6 -> RUA WASHINGTON PENSA, 969 – PARQUE DAS LARANJEIRAS, SOROCABA/SP | H6: BDI Obra | I6: =Orçamento!J5 -> 0.2354
A8: TIPO / ITEM | B8: BASE | C8: CÓDIGO / REF. | D8: DESCRIÇÃO | E8: UNID | F8: COEF. / QTD | G8: PREÇO UNIT. | H8: CUSTO TOTAL | I8: CONFERÊNCIA
A9: 1.1.1 | B9: CDHU | C9: 02.08.040 | D9: Placa em lona com impressão digital e requadro em metalon | E9: M2 | F9: QTD: 6 | G9: =SUM(H10:H13) -> 450.11 | H9: =TRUNC(G9 * VALUE(SUBSTITUTE(F9,"QTD: ","")), 2) -> 2700.66 | I9: =IF(ROUND(ABS(G9-Orçamento!G11),2)<0.01,"OK","DIVERGENTE") -> OK
A10: INSUMO | B10: CDHU | C10: B.01.000.010144 | D10: Serralheiro | E10: H | F10: 0,5 | G10: 37.91 | H10: =ROUND(F10*G10,2) -> 18.96
A11: INSUMO | B11: CDHU | C11: B.01.000.010145 | D11: Ajudante serralheiro | E11: H | F11: 0,5 | G11: 23.9 | H11: =ROUND(F11*G11,2) -> 11.95
A12: INSUMO | B12: CDHU | C12: N.04.000.039114 | D12: Banner em lona com impressão digitalmente, com bainha reforçada e ilhoses | E12: M2 | F12: 1 | G12: 113.44 | H12: =ROUND(F12*G12,2) -> 113.44
A13: INSUMO | B13: CDHU | C13: N.04.000.039115 | D13: Requadro em metalon para banner em lona impresso | E13: M | F13: 0,917 | G13: 333.43 | H13: =ROUND(F13*G13,2) -> 305.76
A15: 1.1.2 | B15: CDHU | C15: 02.01.180 | D15: Banheiro químico modelo Standard, com manutenção conforme exigências da CETESB | E15: UNMES | F15: QTD: 3 | G15: =SUM(H16) -> 1259.83 | H15: =TRUNC(G15 * VALUE(SUBSTITUTE(F15,"QTD: ","")), 2) -> 3779.49 | I15: =IF(ROUND(ABS(G15-Orçamento!G12),2)<0.01,"OK","DIVERGENTE") -> OK
A16: INSUMO | B16: CDHU | C16: A.14.000.081900 | D16: Banheiro químico, modelo Standard, com limpeza 1 vez por semana e descarte conforme exigências da CETESB | E16: UNMES | F16: 1 | G16: 1259.83 | H16: =ROUND(F16*G16,2) -> 1259.83
A18: 1.1.3 | B18: CDHU | C18: 02.02.150 | D18: Locação de container tipo depósito - área mínima de 13,80 m² | E18: UNMES | F18: QTD: 3 | G18: =SUM(H19:H22) -> 1010.89 | H18: =TRUNC(G18 * VALUE(SUBSTITUTE(F18,"QTD: ","")), 2) -> 3032.67 | I18: =IF(ROUND(ABS(G18-Orçamento!G13),2)<0.01,"OK","DIVERGENTE") -> OK
A19: INSUMO | B19: CDHU | C19: A.12.000.021099 | D19: Container depósito, módulo metálico em aço galvanizado de 6,0x2,3x2,5m, vão livre, piso de concreto, cimentado, madeira ou material equivalente | E19: UNMES | F19: 1 | G19: 913.31 | H19: =ROUND(F19*G19,2) -> 913.31
A20: INSUMO | B20: CDHU | C20: B.01.000.010101 | D20: Ajudante geral | E20: H | F20: 1,32 | G20: 23.9 | H20: =ROUND(F20*G20,2) -> 31.55
A21: INSUMO | B21: CDHU | C21: B.01.000.010115 | D21: Eletricista | E21: H | F21: 0,99 | G21: 34.83 | H21: =ROUND(F21*G21,2) -> 34.48
A22: INSUMO | B22: CDHU | C22: B.01.000.010116 | D22: Ajudante eletricista | E22: H | F22: 1,32 | G22: 23.9 | H22: =ROUND(F22*G22,2) -> 31.55
A24: 1.1.4 | B24: SIURB - EDIF | C24: 01-005-040 | D24: TELA PARA PROTEÇÃO DE OBRAS, MALHA 2 MM | E24: M2 | F24: QTD: 82 | G24: =SUM(H25:H30) -> 34.93 | H24: =TRUNC(G24 * VALUE(SUBSTITUTE(F24,"QTD: ","")), 2) -> 2864.26 | I24: =IF(ROUND(ABS(G24-Orçamento!G14),2)<0.01,"OK","DIVERGENTE") -> OK
A25: INSUMO | B25: SIURB - EDIF | C25: 02013 | D25: CARPINTEIRO (SGSP) | E25: H | F25: 0,44 | G25: 35.1 | H25: =ROUND(F25*G25,2) -> 15.44
A26: INSUMO | B26: SIURB - EDIF | C26: 02099 | D26: SERVENTE (SGSP) | E26: H | F26: 0,53 | G26: 27.12 | H26: =ROUND(F26*G26,2) -> 14.37
A27: INSUMO | B27: SIURB - EDIF | C27: 11046 | D27: PINUS - PONTALETE DE 3" X 3" - BRUTO | E27: M | F27: 0,06 | G27: 7.59 | H27: =ROUND(F27*G27,2) -> 0.46
A28: INSUMO | B28: SIURB - EDIF | C28: 11066 | D28: PINUS - SARRAFO DE 1" X 4" - BRUTO | E28: M | F28: 0,2 | G28: 3.2 | H28: =ROUND(F28*G28,2) -> 0.64
A29: INSUMO | B29: SIURB - EDIF | C29: 17515 | D29: PREGO 18 X 27 COMUM - POLIDO | E29: Kg | F29: 0,01 | G29: 10.98 | H29: =ROUND(F29*G29,2) -> 0.11
A30: INSUMO | B30: SIURB - EDIF | C30: 38043 | D30: TELA POLIETILENO P/ PROTEÇÃO DE FACHADA-TRAMA 2,2MM | E30: M2 | F30: 1,1 | G30: 3.55 | H30: =ROUND(F30*G30,2) -> 3.91
A32: 1.2.1 | B32: CDHU | C32: 02.10.050 | D32: Locação para muros, cercas e alambrados | E32: M | F32: QTD: 37,35 | G32: =SUM(H33:H35) -> 1.6 | H32: =TRUNC(G32 * VALUE(SUBSTITUTE(F32,"QTD: ","")), 2) -> 59.76 | I32: =IF(ROUND(ABS(G32-Orçamento!G16),2)<0.01,"OK","DIVERGENTE") -> OK
A33: INSUMO | B33: CDHU | C33: B.01.000.010160 | D33: Ajudante de topógrafo | E33: H | F33: 0,012 | G33: 23.9 | H33: =ROUND(F33*G33,2) -> 0.29
A34: INSUMO | B34: CDHU | C34: B.01.000.010185 | D34: Topografo | E34: H | F34: 0,004 | G34: 50.21 | H34: =ROUND(F34*G34,2) -> 0.2
A35: INSUMO | B35: CDHU | C35: S.01.000.080352 | D35: Veículo utilitário com capacidade para 9 pessoas - 1.600 CC - COND.D | E35: H | F35: 0,01 | G35: 111.24 | H35: =ROUND(F35*G35,2) -> 1.11
A37: 1.2.2 | B37: CDHU | C37: 02.10.060 | D37: Locação de vias, calçadas, tanques e lagoas | E37: M2 | F37: QTD: 12,21 | G37: =SUM(H38:H43) -> 1.94 | H37: =TRUNC(G37 * VALUE(SUBSTITUTE(F37,"QTD: ","")), 2) -> 23.68 | I37: =IF(ROUND(ABS(G37-Orçamento!G17),2)<0.01,"OK","DIVERGENTE") -> OK
A38: INSUMO | B38: CDHU | C38: B.01.000.010160 | D38: Ajudante de topógrafo | E38: H | F38: 0,024 | G38: 23.9 | H38: =ROUND(F38*G38,2) -> 0.57
A39: INSUMO | B39: CDHU | C39: B.01.000.010185 | D39: Topografo | E39: H | F39: 0,008 | G39: 50.21 | H39: =ROUND(F39*G39,2) -> 0.4
A40: INSUMO | B40: CDHU | C40: D.02.000.021009 | D40: Pontalete de cedrinho de 75 mm x 75 mm - 3ª construção | E40: M | F40: 0,0093 | G40: 23.43 | H40: =ROUND(F40*G40,2) -> 0.22
A41: INSUMO | B41: CDHU | C41: E.02.000.026760 | D41: Prego diversas bitolas (referência 18 x 27) | E41: KG | F41: 0,001 | G41: 10.77 | H41: =ROUND(F41*G41,2) -> 0.01
A42: INSUMO | B42: CDHU | C42: E.02.000.027025 | D42: Arame galvanizado nº 16 BWG | E42: KG | F42: 0,0115 | G42: 15.79 | H42: =ROUND(F42*G42,2) -> 0.18
A43: INSUMO | B43: CDHU | C43: S.01.000.080352 | D43: Veículo utilitário com capacidade para 9 pessoas - 1.600 CC - COND.D | E43: H | F43: 0,005 | G43: 111.24 | H43: =ROUND(F43*G43,2) -> 0.56
A45: SUBTOTAL 1 | D45: SUBTOTAL DO GRUPO 1 | H45: =SUMIFS(H8:H44,A8:A44,"1.*",A8:A44,"<>INSUMO",A8:A44,"<>AUXILIAR*") -> 12460.52
A47: 2.1.1 | B47: SINAPI | C47: 97635 | D47: REMOÇÃO DE PISO DE BLOCO INTERTRAVADO OU DE PEDRA PORTUGUESA, DE FORMA MANUAL, COM REAPROVEITAMENTO. AF_09/2023 | E47: M2 | F47: QTD: 23,56 | G47: =SUM(H48:H49) -> 24.59 | H47: =TRUNC(G47 * VALUE(SUBSTITUTE(F47,"QTD: ","")), 2) -> 579.34 | I47: =IF(ROUND(ABS(G47-Orçamento!G21),2)<0.01,"OK","DIVERGENTE") -> OK
A48: AUXILIAR (N1) | B48: SINAPI | C48: 88316 | D48: SERVENTE COM ENCARGOS COMPLEMENTARES | E48: H | F48: 0,2113 | G48: 32.18 | H48: =TRUNC(F48*G48,2) -> 6.79 | I48: =IFERROR(IF(ROUND(G48, 2) <> ROUND(VLOOKUP("C"&C48,C:G, 5, FALSE), 2), "VALOR AUXILIAR DIVERGENTE", "OK"), "NÃO ENCONTRADO") -> OK
A49: AUXILIAR (N1) | B49: SINAPI | C49: 88260 | D49: CALCETEIRO COM ENCARGOS COMPLEMENTARES | E49: H | F49: 0,4815 | G49: 36.97 | H49: =TRUNC(F49*G49,2) -> 17.8 | I49: =IFERROR(IF(ROUND(G49, 2) <> ROUND(VLOOKUP("C"&C49,C:G, 5, FALSE), 2), "VALOR AUXILIAR DIVERGENTE", "OK"), "NÃO ENCONTRADO") -> OK
A51: 2.1.2 | B51: CDHU | C51: 05.07.060 | D51: Remoção de entulho de obra com caçamba metálica - material rejeitado e misturado por vegetação, isopor, manta asfáltica e lã de vidro | E51: M3 | F51: QTD: 8,03 | G51: =SUM(H52:H53) -> 139.93 | H51: =TRUNC(G51 * VALUE(SUBSTITUTE(F51,"QTD: ","")), 2) -> 1123.63 | I51: =IF(ROUND(ABS(G51-Orçamento!G22),2)<0.01,"OK","DIVERGENTE") -> OK
A52: INSUMO | B52: CDHU | C52: A.05.000.020998 | D52: Remoção de entulho de obra, material rejeitado (mistura de vegetação, isopor, manta asfáltica, lã de vidro), capacidade 4 m³ | E52: M3 | F52: 1 | G52: 125.59 | H52: =ROUND(F52*G52,2) -> 125.59
A53: INSUMO | B53: CDHU | C53: B.01.000.010146 | D53: Servente | E53: H | F53: 0,6 | G53: 23.9 | H53: =ROUND(F53*G53,2) -> 14.34
A55: 2.1.3 | B55: CDHU | C55: 05.09.006 | D55: Taxa de destinação de resíduo sólido em aterro, tipo inerte | E55: T | F55: QTD: 12,05 | G55: =SUM(H56) -> 48.55 | H55: =TRUNC(G55 * VALUE(SUBSTITUTE(F55,"QTD: ","")), 2) -> 585.02 | I55: =IF(ROUND(ABS(G55-Orçamento!G23),2)<0.01,"OK","DIVERGENTE") -> OK
A56: INSUMO | B56: CDHU | C56: A.05.000.020299 | D56: Taxa de destinação de resíduo sólido em aterro, tipo inerte | E56: T | F56: 1 | G56: 48.55 | H56: =ROUND(F56*G56,2) -> 48.55
A58: SUBTOTAL 2 | D58: SUBTOTAL DO GRUPO 2 | H58: =SUMIFS(H8:H57,A8:A57,"2.*",A8:A57,"<>INSUMO",A8:A57,"<>AUXILIAR*") -> 2287.99
A60: 3.1.1 | B60: SINAPI | C60: 96525 | D60: ESCAVAÇÃO MECANIZADA PARA VIGA BALDRAME OU SAPATA CORRIDA COM MINI-ESCAVADEIRA (INCLUINDO ESCAVAÇÃO PARA COLOCAÇÃO DE FÔRMAS). AF_01/2024 | E60: M3 | F60: QTD: 2,62 | G60: =SUM(H61:H64) -> 68.81 | H60: =TRUNC(G60 * VALUE(SUBSTITUTE(F60,"QTD: ","")), 2) -> 180.28 | I60: =IF(ROUND(ABS(G60-Orçamento!G27),2)<0.01,"OK","DIVERGENTE") -> OK
A61: AUXILIAR (N1) | B61: SINAPI | C61: 96246 | D61: MINIESCAVADEIRA SOBRE ESTEIRAS, POTÊNCIA LÍQUIDA DE *30* HP, PESO OPERACIONAL DE *3.500* KG - CHI DIURNO. AF_04/2017 | E61: CHI | F61: 0,164 | G61: 86.46 | H61: =TRUNC(F61*G61,2) -> 14.17 | I61: =IFERROR(IF(ROUND(G61, 2) <> ROUND(VLOOKUP("C"&C61,C:G, 5, FALSE), 2), "VALOR AUXILIAR DIVERGENTE", "OK"), "NÃO ENCONTRADO") -> OK
A62: AUXILIAR (N1) | B62: SINAPI | C62: 96245 | D62: MINIESCAVADEIRA SOBRE ESTEIRAS, POTÊNCIA LÍQUIDA DE *30* HP, PESO OPERACIONAL DE *3.500* KG - CHP DIURNO. AF_04/2017 | E62: CHP | F62: 0,328 | G62: 143.53 | H62: =TRUNC(F62*G62,2) -> 47.07 | I62: =IFERROR(IF(ROUND(G62, 2) <> ROUND(VLOOKUP("C"&C62,C:G, 5, FALSE), 2), "VALOR AUXILIAR DIVERGENTE", "OK"), "NÃO ENCONTRADO") -> OK
A63: AUXILIAR (N1) | B63: SINAPI | C63: 88316 | D63: SERVENTE COM ENCARGOS COMPLEMENTARES | E63: H | F63: 0,136 | G63: 32.18 | H63: =TRUNC(F63*G63,2) -> 4.37 | I63: =IFERROR(IF(ROUND(G63, 2) <> ROUND(VLOOKUP("C"&C63,C:G, 5, FALSE), 2), "VALOR AUXILIAR DIVERGENTE", "OK"), "NÃO ENCONTRADO") -> OK
A64: AUXILIAR (N1) | B64: SINAPI | C64: 88309 | D64: PEDREIRO COM ENCARGOS COMPLEMENTARES | E64: H | F64: 0,086 | G64: 37.26 | H64: =TRUNC(F64*G64,2) -> 3.2 | I64: =IFERROR(IF(ROUND(G64, 2) <> ROUND(VLOOKUP("C"&C64,C:G, 5, FALSE), 2), "VALOR AUXILIAR DIVERGENTE", "OK"), "NÃO ENCONTRADO") -> OK
A66: 3.1.2 | B66: SINAPI | C66: 101616 | D66: PREPARO DE FUNDO DE VALA COM LARGURA MENOR QUE 1,5 M (ACERTO DO SOLO NATURAL), EM LOCAL COM NÍVEL BAIXO DE INTERFERÊNCIA. AF_01/2026 | E66: M2 | F66: QTD: 8,3 | G66: =SUM(H67:H69) -> 10.61 | H66: =TRUNC(G66 * VALUE(SUBSTITUTE(F66,"QTD: ","")), 2) -> 88.06 | I66: =IF(ROUND(ABS(G66-Orçamento!G28),2)<0.01,"OK","DIVERGENTE") -> OK
A67: AUXILIAR (N1) | B67: SINAPI | C67: 91533 | D67: COMPACTADOR DE SOLOS DE PERCUSSÃO (SOQUETE) COM MOTOR A GASOLINA 4 TEMPOS, POTÊNCIA 4 CV - CHP DIURNO. AF_08/2015 | E67: CHP | F67: 0,006753 | G67: 48.42 | H67: =TRUNC(F67*G67,2) -> 0.32 | I67: =IFERROR(IF(ROUND(G67, 2) <> ROUND(VLOOKUP("C"&C67,C:G, 5, FALSE), 2), "VALOR AUXILIAR DIVERGENTE", "OK"), "NÃO ENCONTRADO") -> OK
A68: AUXILIAR (N1) | B68: SINAPI | C68: 88316 | D68: SERVENTE COM ENCARGOS COMPLEMENTARES | E68: H | F68: 0,191587 | G68: 32.18 | H68: =TRUNC(F68*G68,2) -> 6.16 | I68: =IFERROR(IF(ROUND(G68, 2) <> ROUND(VLOOKUP("C"&C68,C:G, 5, FALSE), 2), "VALOR AUXILIAR DIVERGENTE", "OK"), "NÃO ENCONTRADO") -> OK
A69: AUXILIAR (N1) | B69: SINAPI | C69: 88309 | D69: PEDREIRO COM ENCARGOS COMPLEMENTARES | E69: H | F69: 0,110919 | G69: 37.26 | H69: =TRUNC(F69*G69,2) -> 4.13 | I69: =IFERROR(IF(ROUND(G69, 2) <> ROUND(VLOOKUP("C"&C69,C:G, 5, FALSE), 2), "VALOR AUXILIAR DIVERGENTE", "OK"), "NÃO ENCONTRADO") -> OK
A71: 3.1.3 | B71: CDHU | C71: 12.01.021 | D71: Broca em concreto armado diâmetro de 20 cm - completa | E71: M | F71: QTD: 16 | G71: =SUM(H72:H78) -> 75.47 | H71: =TRUNC(G71 * VALUE(SUBSTITUTE(F71,"QTD: ","")), 2) -> 1207.52 | I71: =IF(ROUND(ABS(G71-Orçamento!G29),2)<0.01,"OK","DIVERGENTE") -> OK
A72: INSUMO | B72: CDHU | C72: B.01.000.010121 | D72: Ferreiro/armador | E72: H | F72: 0,05 | G72: 29.08 | H72: =ROUND(F72*G72,2) -> 1.45
A73: INSUMO | B73: CDHU | C73: B.01.000.010122 | D73: Ajudante de ferreiro | E73: H | F73: 0,05 | G73: 23.9 | H73: =ROUND(F73*G73,2) -> 1.2
A74: INSUMO | B74: CDHU | C74: B.01.000.010139 | D74: Pedreiro | E74: H | F74: 0,16 | G74: 29.08 | H74: =ROUND(F74*G74,2) -> 4.65
A75: INSUMO | B75: CDHU | C75: B.01.000.010146 | D75: Servente | E75: H | F75: 2,0285 | G75: 23.9 | H75: =ROUND(F75*G75,2) -> 48.48
A76: INSUMO | B76: CDHU | C76: B.06.000.021525 | D76: Aço CA-50-A $MD bitolas | E76: KG | F76: 0,63 | G76: 6.27 | H76: =ROUND(F76*G76,2) -> 3.95
A77: INSUMO | B77: CDHU | C77: C.04.000.020535 | D77: Concreto usinado fck= 20 MPa, slump 5 ± 1cm | E77: M3 | F77: 0,0314 | G77: 496.97 | H77: =ROUND(F77*G77,2) -> 15.6
A78: INSUMO | B78: CDHU | C78: E.02.000.027010 | D78: Arame recozido nº 18 BWG | E78: KG | F78: 0,01 | G78: 13.75 | H78: =ROUND(F78*G78,2) -> 0.14
A80: 3.1.4 | B80: SINAPI | C80: 96621 | D80: LASTRO COM MATERIAL GRANULAR, APLICAÇÃO EM BLOCOS DE COROAMENTO, ESPESSURA DE *5 CM*. AF_01/2024 | E80: M3 | F80: QTD: 0,42 | G80: =SUM(H81:H85) -> 238.11 | H80: =TRUNC(G80 * VALUE(SUBSTITUTE(F80,"QTD: ","")), 2) -> 100 | I80: =IF(ROUND(ABS(G80-Orçamento!G30),2)<0.01,"OK","DIVERGENTE") -> OK
A81: AUXILIAR (N1) | B81: SINAPI | C81: 91278 | D81: PLACA VIBRATÓRIA REVERSÍVEL COM MOTOR 4 TEMPOS A GASOLINA, FORÇA CENTRÍFUGA DE 25 KN (2500 KGF), POTÊNCIA 5,5 CV - CHI DIURNO. AF_08/2015 | E81: CHI | F81: 0,067 | G81: 0.64 | H81: =TRUNC(F81*G81,2) -> 0.04 | I81: =IFERROR(IF(ROUND(G81, 2) <> ROUND(VLOOKUP("C"&C81,C:G, 5, FALSE), 2), "VALOR AUXILIAR DIVERGENTE", "OK"), "NÃO ENCONTRADO") -> OK
A82: AUXILIAR (N1) | B82: SINAPI | C82: 91277 | D82: PLACA VIBRATÓRIA REVERSÍVEL COM MOTOR 4 TEMPOS A GASOLINA, FORÇA CENTRÍFUGA DE 25 KN (2500 KGF), POTÊNCIA 5,5 CV - CHP DIURNO. AF_08/2015 | E82: CHP | F82: 0,072 | G82: 10.41 | H82: =TRUNC(F82*G82,2) -> 0.74 | I82: =IFERROR(IF(ROUND(G82, 2) <> ROUND(VLOOKUP("C"&C82,C:G, 5, FALSE), 2), "VALOR AUXILIAR DIVERGENTE", "OK"), "NÃO ENCONTRADO") -> OK
A83: AUXILIAR (N1) | B83: SINAPI | C83: 88316 | D83: SERVENTE COM ENCARGOS COMPLEMENTARES | E83: H | F83: 0,967 | G83: 32.18 | H83: =TRUNC(F83*G83,2) -> 31.11 | I83: =IFERROR(IF(ROUND(G83, 2) <> ROUND(VLOOKUP("C"&C83,C:G, 5, FALSE), 2), "VALOR AUXILIAR DIVERGENTE", "OK"), "NÃO ENCONTRADO") -> OK
A84: AUXILIAR (N1) | B84: SINAPI | C84: 88309 | D84: PEDREIRO COM ENCARGOS COMPLEMENTARES | E84: H | F84: 2,292 | G84: 37.26 | H84: =TRUNC(F84*G84,2) -> 85.39 | I84: =IFERROR(IF(ROUND(G84, 2) <> ROUND(VLOOKUP("C"&C84,C:G, 5, FALSE), 2), "VALOR AUXILIAR DIVERGENTE", "OK"), "NÃO ENCONTRADO") -> OK
A85: INSUMO | B85: SINAPI | C85: 4718 | D85: PEDRA BRITADA N. 2 (19 A 38 MM) POSTO PEDREIRA/FORNECEDOR, SEM FRETE | E85: M3 | F85: 1,38 | G85: 87.56 | H85: =TRUNC(F85*G85,2) -> 120.83
A87: 3.1.5 | B87: SINAPI | C87: 96528 | D87: FABRICAÇÃO, MONTAGEM E DESMONTAGEM DE FÔRMA PARA BLOCO DE COROAMENTO, EM MADEIRA SERRADA, E=25 MM, 1 UTILIZAÇÃO. AF_01/2024 | E87: M2 | F87: QTD: 5,76 | G87: =SUM(H88:H97) -> 172.6 | H87: =TRUNC(G87 * VALUE(SUBSTITUTE(F87,"QTD: ","")), 2) -> 994.17 | I87: =IF(ROUND(ABS(G87-Orçamento!G31),2)<0.01,"OK","DIVERGENTE") -> OK
A88: AUXILIAR (N1) | B88: SINAPI | C88: 91693 | D88: SERRA CIRCULAR DE BANCADA COM MOTOR ELÉTRICO POTÊNCIA DE 5HP, COM COIFA PARA DISCO 10" - CHI DIURNO. AF_08/2015 | E88: CHI | F88: 0,163 | G88: 40.09 | H88: =TRUNC(F88*G88,2) -> 6.53 | I88: =IFERROR(IF(ROUND(G88, 2) <> ROUND(VLOOKUP("C"&C88,C:G, 5, FALSE), 2), "VALOR AUXILIAR DIVERGENTE", "OK"), "NÃO ENCONTRADO") -> OK
A89: AUXILIAR (N1) | B89: SINAPI | C89: 91692 | D89: SERRA CIRCULAR DE BANCADA COM MOTOR ELÉTRICO POTÊNCIA DE 5HP, COM COIFA PARA DISCO 10" - CHP DIURNO. AF_08/2015 | E89: CHP | F89: 0,041 | G89: 41.33 | H89: =TRUNC(F89*G89,2) -> 1.69 | I89: =IFERROR(IF(ROUND(G89, 2) <> ROUND(VLOOKUP("C"&C89,C:G, 5, FALSE), 2), "VALOR AUXILIAR DIVERGENTE", "OK"), "NÃO ENCONTRADO") -> OK
A90: AUXILIAR (N1) | B90: SINAPI | C90: 88262 | D90: CARPINTEIRO DE FORMAS COM ENCARGOS COMPLEMENTARES | E90: H | F90: 1,596 | G90: 36.53 | H90: =TRUNC(F90*G90,2) -> 58.3 | I90: =IFERROR(IF(ROUND(G90, 2) <> ROUND(VLOOKUP("C"&C90,C:G, 5, FALSE), 2), "VALOR AUXILIAR DIVERGENTE", "OK"), "NÃO ENCONTRADO") -> OK
A91: AUXILIAR (N1) | B91: SINAPI | C91: 88239 | D91: AJUDANTE DE CARPINTEIRO COM ENCARGOS COMPLEMENTARES | E91: H | F91: 0,656 | G91: 34.27 | H91: =TRUNC(F91*G91,2) -> 22.48 | I91: =IFERROR(IF(ROUND(G91, 2) <> ROUND(VLOOKUP("C"&C91,C:G, 5, FALSE), 2), "VALOR AUXILIAR DIVERGENTE", "OK"), "NÃO ENCONTRADO") -> OK
A92: INSUMO | B92: SINAPI | C92: 40304 | D92: PREGO DE ACO POLIDO COM CABECA DUPLA 17 X 27 (2 1/2 X 11) | E92: KG | F92: 0,029 | G92: 15.38 | H92: =TRUNC(F92*G92,2) -> 0.44
A93: INSUMO | B93: SINAPI | C93: 6212 | D93: TABUA *2,5 X 30 CM EM PINUS, MISTA OU EQUIVALENTE DA REGIAO - BRUTA | E93: M | F93: 4,284 | G93: 12.66 | H93: =TRUNC(F93*G93,2) -> 54.23
A94: INSUMO | B94: SINAPI | C94: 5074 | D94: PREGO DE ACO POLIDO COM CABECA 15 X 18 (1 1/2 X 13) | E94: KG | F94: 0,042 | G94: 13.96 | H94: =TRUNC(F94*G94,2) -> 0.58
A95: INSUMO | B95: SINAPI | C95: 4517 | D95: SARRAFO *2,5 X 7,5* CM EM PINUS, MISTA OU EQUIVALENTE DA REGIAO - BRUTA | E95: M | F95: 3,426 | G95: 2.67 | H95: =TRUNC(F95*G95,2) -> 9.14
A96: INSUMO | B96: SINAPI | C96: 4491 | D96: PONTALETE *7,5 X 7,5* CM EM PINUS, MISTA OU EQUIVALENTE DA REGIAO - BRUTA | E96: M | F96: 2,504 | G96: 7.63 | H96: =TRUNC(F96*G96,2) -> 19.1
A97: INSUMO | B97: SINAPI | C97: 2692 | D97: DESMOLDANTE PROTETOR PARA FORMAS DE MADEIRA, DE BASE OLEOSA EMULSIONADA EM AGUA | E97: L | F97: 0,0167 | G97: 6.66 | H97: =TRUNC(F97*G97,2) -> 0.11
A99: 3.1.6 | B99: SINAPI | C99: 96546 | D99: ARMAÇÃO DE BLOCO UTILIZANDO AÇO CA-50 DE 10 MM - MONTAGEM. AF_01/2024 | E99: KG | F99: QTD: 32,33 | G99: =SUM(H100:H104) -> 14.23 | H99: =TRUNC(G99 * VALUE(SUBSTITUTE(F99,"QTD: ","")), 2) -> 460.05 | I99: =IF(ROUND(ABS(G99-Orçamento!G32),2)<0.01,"OK","DIVERGENTE") -> OK
A100: AUXILIAR (N1) | B100: SINAPI | C100: 92803 | D100: CORTE E DOBRA DE AÇO CA-50, DIÂMETRO DE 10,0 MM. AF_06/2022 | E100: KG | F100: 1 | G100: 7.78 | H100: =TRUNC(F100*G100,2) -> 7.78 | I100: =IFERROR(IF(ROUND(G100, 2) <> ROUND(VLOOKUP("C"&C100,C:G, 5, FALSE), 2), "VALOR AUXILIAR DIVERGENTE", "OK"), "NÃO ENCONTRADO") -> OK
A101: AUXILIAR (N1) | B101: SINAPI | C101: 88245 | D101: ARMADOR COM ENCARGOS COMPLEMENTARES | E101: H | F101: 0,116 | G101: 36.99 | H101: =TRUNC(F101*G101,2) -> 4.29 | I101: =IFERROR(IF(ROUND(G101, 2) <> ROUND(VLOOKUP("C"&C101,C:G, 5, FALSE), 2), "VALOR AUXILIAR DIVERGENTE", "OK"), "NÃO ENCONTRADO") -> OK
A102: AUXILIAR (N1) | B102: SINAPI | C102: 88238 | D102: AJUDANTE DE ARMADOR COM ENCARGOS COMPLEMENTARES | E102: H | F102: 0,044 | G102: 34.64 | H102: =TRUNC(F102*G102,2) -> 1.52 | I102: =IFERROR(IF(ROUND(G102, 2) <> ROUND(VLOOKUP("C"&C102,C:G, 5, FALSE), 2), "VALOR AUXILIAR DIVERGENTE", "OK"), "NÃO ENCONTRADO") -> OK
A103: INSUMO | B103: SINAPI | C103: 43132 | D103: ARAME RECOZIDO 16 BWG, D = 1,65 MM (0,016 KG/M) OU 18 BWG, D = 1,25 MM (0,01 KG/M) | E103: KG | F103: 0,025 | G103: 21.66 | H103: =TRUNC(F103*G103,2) -> 0.54
A104: INSUMO | B104: SINAPI | C104: 39017 | D104: ESPACADOR / DISTANCIADOR CIRCULAR COM ENTRADA LATERAL, EM PLASTICO, PARA VERGALHAO *4,2 A 12,5* MM, COBRIMENTO 20 MM | E104: UN | F104: 0,48 | G104: 0.22 | H104: =TRUNC(F104*G104,2) -> 0.1
A106: 3.1.7 | B106: SINAPI | C106: 96530 | D106: FABRICAÇÃO, MONTAGEM E DESMONTAGEM DE FÔRMA PARA VIGA BALDRAME, EM MADEIRA SERRADA, E=25 MM, 1 UTILIZAÇÃO. AF_01/2024 | E106: M2 | F106: QTD: 17,01 | G106: =SUM(H107:H116) -> 156.27 | H106: =TRUNC(G106 * VALUE(SUBSTITUTE(F106,"QTD: ","")), 2) -> 2658.15 | I106: =IF(ROUND(ABS(G106-Orçamento!G33),2)<0.01,"OK","DIVERGENTE") -> OK
A107: AUXILIAR (N1) | B107: SINAPI | C107: 91693 | D107: SERRA CIRCULAR DE BANCADA COM MOTOR ELÉTRICO POTÊNCIA DE 5HP, COM COIFA PARA DISCO 10" - CHI DIURNO. AF_08/2015 | E107: CHI | F107: 0,198 | G107: 40.09 | H107: =TRUNC(F107*G107,2) -> 7.93 | I107: =IFERROR(IF(ROUND(G107, 2) <> ROUND(VLOOKUP("C"&C107,C:G, 5, FALSE), 2), "VALOR AUXILIAR DIVERGENTE", "OK"), "NÃO ENCONTRADO") -> OK
A108: AUXILIAR (N1) | B108: SINAPI | C108: 91692 | D108: SERRA CIRCULAR DE BANCADA COM MOTOR ELÉTRICO POTÊNCIA DE 5HP, COM COIFA PARA DISCO 10" - CHP DIURNO. AF_08/2015 | E108: CHP | F108: 0,049 | G108: 41.33 | H108: =TRUNC(F108*G108,2) -> 2.02 | I108: =IFERROR(IF(ROUND(G108, 2) <> ROUND(VLOOKUP("C"&C108,C:G, 5, FALSE), 2), "VALOR AUXILIAR DIVERGENTE", "OK"), "NÃO ENCONTRADO") -> OK
A109: AUXILIAR (N1) | B109: SINAPI | C109: 88262 | D109: CARPINTEIRO DE FORMAS COM ENCARGOS COMPLEMENTARES | E109: H | F109: 1,355 | G109: 36.53 | H109: =TRUNC(F109*G109,2) -> 49.49 | I109: =IFERROR(IF(ROUND(G109, 2) <> ROUND(VLOOKUP("C"&C109,C:G, 5, FALSE), 2), "VALOR AUXILIAR DIVERGENTE", "OK"), "NÃO ENCONTRADO") -> OK
A110: AUXILIAR (N1) | B110: SINAPI | C110: 88239 | D110: AJUDANTE DE CARPINTEIRO COM ENCARGOS COMPLEMENTARES | E110: H | F110: 0,552 | G110: 34.27 | H110: =TRUNC(F110*G110,2) -> 18.91 | I110: =IFERROR(IF(ROUND(G110, 2) <> ROUND(VLOOKUP("C"&C110,C:G, 5, FALSE), 2), "VALOR AUXILIAR DIVERGENTE", "OK"), "NÃO ENCONTRADO") -> OK
A111: INSUMO | B111: SINAPI | C111: 40304 | D111: PREGO DE ACO POLIDO COM CABECA DUPLA 17 X 27 (2 1/2 X 11) | E111: KG | F111: 0,053 | G111: 15.38 | H111: =TRUNC(F111*G111,2) -> 0.81
A112: INSUMO | B112: SINAPI | C112: 6212 | D112: TABUA *2,5 X 30 CM EM PINUS, MISTA OU EQUIVALENTE DA REGIAO - BRUTA | E112: M | F112: 4,208 | G112: 12.66 | H112: =TRUNC(F112*G112,2) -> 53.27
A113: INSUMO | B113: SINAPI | C113: 5073 | D113: PREGO DE ACO POLIDO COM CABECA 17 X 24 (2 1/4 X 11) | E113: KG | F113: 0,095 | G113: 12.7 | H113: =TRUNC(F113*G113,2) -> 1.2
A114: INSUMO | B114: SINAPI | C114: 4517 | D114: SARRAFO *2,5 X 7,5* CM EM PINUS, MISTA OU EQUIVALENTE DA REGIAO - BRUTA | E114: M | F114: 2,027 | G114: 2.67 | H114: =TRUNC(F114*G114,2) -> 5.41
A115: INSUMO | B115: SINAPI | C115: 4491 | D115: PONTALETE *7,5 X 7,5* CM EM PINUS, MISTA OU EQUIVALENTE DA REGIAO - BRUTA | E115: M | F115: 2,244 | G115: 7.63 | H115: =TRUNC(F115*G115,2) -> 17.12
A116: INSUMO | B116: SINAPI | C116: 2692 | D116: DESMOLDANTE PROTETOR PARA FORMAS DE MADEIRA, DE BASE OLEOSA EMULSIONADA EM AGUA | E116: L | F116: 0,0167 | G116: 6.66 | H116: =TRUNC(F116*G116,2) -> 0.11
A118: 3.1.8 | B118: SINAPI | C118: 104919 | D118: ARMAÇÃO DE SAPATA ISOLADA, VIGA BALDRAME E SAPATA CORRIDA UTILIZANDO AÇO CA-50 DE 10 MM - MONTAGEM. AF_01/2024 | E118: KG | F118: QTD: 63,82 | G118: =SUM(H119:H123) -> 12.46 | H118: =TRUNC(G118 * VALUE(SUBSTITUTE(F118,"QTD: ","")), 2) -> 795.19 | I118: =IF(ROUND(ABS(G118-Orçamento!G34),2)<0.01,"OK","DIVERGENTE") -> OK
A119: AUXILIAR (N1) | B119: SINAPI | C119: 92803 | D119: CORTE E DOBRA DE AÇO CA-50, DIÂMETRO DE 10,0 MM. AF_06/2022 | E119: KG | F119: 1 | G119: 7.78 | H119: =TRUNC(F119*G119,2) -> 7.78 | I119: =IFERROR(IF(ROUND(G119, 2) <> ROUND(VLOOKUP("C"&C119,C:G, 5, FALSE), 2), "VALOR AUXILIAR DIVERGENTE", "OK"), "NÃO ENCONTRADO") -> OK
A120: AUXILIAR (N1) | B120: SINAPI | C120: 88245 | D120: ARMADOR COM ENCARGOS COMPLEMENTARES | E120: H | F120: 0,081 | G120: 36.99 | H120: =TRUNC(F120*G120,2) -> 2.99 | I120: =IFERROR(IF(ROUND(G120, 2) <> ROUND(VLOOKUP("C"&C120,C:G, 5, FALSE), 2), "VALOR AUXILIAR DIVERGENTE", "OK"), "NÃO ENCONTRADO") -> OK
...

Sheet CRONOGRAMA
G2: SERPO
G3: Secretaria de Serviços Públicos e Obras
B4: CRONOGRAMA FÍSICO-FINANCEIRO
B5: OBRA: | C5: =Orçamento!B5 -> REFORMAS NA ÁREA DA PISTA DE SKATE NO CÉU DAS ARTES – LARANJEIRAS | H5: =Orçamento!I4 -> REV. | I5: =Orçamento!J4 -> 46287
B6: LOCAL: | C6: =Orçamento!B6 -> RUA WASHINGTON PENSA, 969 – PARQUE DAS LARANJEIRAS, SOROCABA/SP | H6: BDI Obra | I6: =Orçamento!J5 -> 0.2354
B8: ITEM | C8: ETAPA | D8: PREÇO (SEM BDI) | E8: PREÇO (COM BDI) | F8: % SOBRE O TOTAL | G8: 1º MÊS | H8: 2º MÊS | I8: 3º MÊS | L8: Conferências
B9: 1 | C9: =VLOOKUP($B9,Orçamento!$A$9:$L$108,4,0) -> SERVIÇOS PRELIMINARES | D9: =VLOOKUP($B9,Orçamento!$A$9:$L$108,11,0) -> 12460.52 | E9: =VLOOKUP($B9,Orçamento!$A$9:$L$108,12,0) -> 15393.13 | F9: =E9/$E$43 -> 0.14929296
A10: A | B10: 1.1 | C10: =VLOOKUP($B10,Orçamento!$A$9:$L$108,4,0) -> CANTEIRO DE OBRAS | D10: =VLOOKUP($B10,Orçamento!$A$9:$L$108,11,0) -> 12377.08 | E10: =VLOOKUP($B10,Orçamento!$A$9:$L$108,12,0) -> 15290.38 | F10: =E10/$E$43 -> 0.14829642 | G10: =VLOOKUP($B10,CRON.AUXILIAR!$A$9:$P$108,G$63,0) -> 9679.9 | H10: =VLOOKUP($B10,CRON.AUXILIAR!$A$9:$P$108,H$63,0) -> 2805.24 | I10: =VLOOKUP($B10,CRON.AUXILIAR!$A$9:$P$108,I$63,0) -> 2805.24 | N10: =SUM(G10:I10) -> 15290.38 | O10: =IF(N10=E10,"OK","NOK") -> OK
A11: - | G11: =G10/$E10 -> 0.63307125 | H11: =H10/$E10 -> 0.18346437 | I11: =I10/$E10 -> 0.18346437 | L11: =SUM(G11:I11) -> 1 | M11: =IF(L11=1,"OK","NOK") -> OK
A12: A | B12: 1.2 | C12: =VLOOKUP($B12,Orçamento!$A$9:$L$108,4,0) -> LOCAÇÃO DE OBRA | D12: =VLOOKUP($B12,Orçamento!$A$9:$L$108,11,0) -> 83.44 | E12: =VLOOKUP($B12,Orçamento!$A$9:$L$108,12,0) -> 102.75 | F12: =E12/$E$43 -> 0.00099653883 | G12: =VLOOKUP($B12,CRON.AUXILIAR!$A$9:$P$108,G$63,0) -> 102.75 | H12: =VLOOKUP($B12,CRON.AUXILIAR!$A$9:$P$108,H$63,0) -> 0 | I12: =VLOOKUP($B12,CRON.AUXILIAR!$A$9:$P$108,I$63,0) -> 0 | N12: =SUM(G12:I12) -> 102.75 | O12: =IF(N12=E12,"OK","NOK") -> OK
A13: - | G13: =G12/$E12 -> 1 | H13: =H12/$E12 -> 0 | I13: =I12/$E12 -> 0 | L13: =SUM(G13:I13) -> 1 | M13: =IF(L13=1,"OK","NOK") -> OK
B14: 2 | C14: =VLOOKUP($B14,Orçamento!$A$9:$L$108,4,0) -> DEMOLIÇÃO E REMOÇÃO | D14: =VLOOKUP($B14,Orçamento!$A$9:$L$108,11,0) -> 2287.99 | E14: =VLOOKUP($B14,Orçamento!$A$9:$L$108,12,0) -> 2826.2 | F14: =E14/$E$43 -> 0.027410395
A15: A | B15: 2.1 | C15: =VLOOKUP($B15,Orçamento!$A$9:$L$108,4,0) -> PISO INTERTRAVADO EXISTENTE | D15: =VLOOKUP($B15,Orçamento!$A$9:$L$108,11,0) -> 2287.99 | E15: =VLOOKUP($B15,Orçamento!$A$9:$L$108,12,0) -> 2826.2 | F15: =E15/$E$43 -> 0.027410395 | G15: =VLOOKUP($B15,CRON.AUXILIAR!$A$9:$P$108,G$63,0) -> 2826.2 | H15: =VLOOKUP($B15,CRON.AUXILIAR!$A$9:$P$108,H$63,0) -> 0 | I15: =VLOOKUP($B15,CRON.AUXILIAR!$A$9:$P$108,I$63,0) -> 0 | N15: =SUM(G15:I15) -> 2826.2 | O15: =IF(N15=E15,"OK","NOK") -> OK
A16: - | G16: =G15/$E15 -> 1 | H16: =H15/$E15 -> 0 | I16: =I15/$E15 -> 0 | L16: =SUM(G16:I16) -> 1 | M16: =IF(L16=1,"OK","NOK") -> OK
B17: 3 | C17: =VLOOKUP($B17,Orçamento!$A$9:$L$108,4,0) -> FECHAMENTO | D17: =VLOOKUP($B17,Orçamento!$A$9:$L$108,11,0) -> 53765.23 | E17: =VLOOKUP($B17,Orçamento!$A$9:$L$108,12,0) -> 66418.71 | F17: =E17/$E$43 -> 0.64417347
A18: A | B18: 3.1 | C18: =VLOOKUP($B18,Orçamento!$A$9:$L$108,4,0) -> INFRAESTRUTURA – ARQUIBANCADA | D18: =VLOOKUP($B18,Orçamento!$A$9:$L$108,11,0) -> 10077.31 | E18: =VLOOKUP($B18,Orçamento!$A$9:$L$108,12,0) -> 12448.28 | F18: =E18/$E$43 -> 0.12073182 | G18: =VLOOKUP($B18,CRON.AUXILIAR!$A$9:$P$108,G$63,0) -> 12448.28 | H18: =VLOOKUP($B18,CRON.AUXILIAR!$A$9:$P$108,H$63,0) -> 0 | I18: =VLOOKUP($B18,CRON.AUXILIAR!$A$9:$P$108,I$63,0) -> 0 | N18: =SUM(G18:I18) -> 12448.28 | O18: =IF(N18=E18,"OK","NOK") -> OK
A19: - | G19: =G18/$E18 -> 1 | H19: =H18/$E18 -> 0 | I19: =I18/$E18 -> 0 | L19: =SUM(G19:I19) -> 1 | M19: =IF(L19=1,"OK","NOK") -> OK
A20: A | B20: 3.2 | C20: =VLOOKUP($B20,Orçamento!$A$9:$L$108,4,0) -> SUPERESTRUTURA – ARQUIBANCADA | D20: =VLOOKUP($B20,Orçamento!$A$9:$L$108,11,0) -> 9742.84 | E20: =VLOOKUP($B20,Orçamento!$A$9:$L$108,12,0) -> 12035.7 | F20: =E20/$E$43 -> 0.11673034 | G20: =VLOOKUP($B20,CRON.AUXILIAR!$A$9:$P$108,G$63,0) -> 0 | H20: =VLOOKUP($B20,CRON.AUXILIAR!$A$9:$P$108,H$63,0) -> 12035.7 | I20: =VLOOKUP($B20,CRON.AUXILIAR!$A$9:$P$108,I$63,0) -> 0 | N20: =SUM(G20:I20) -> 12035.7 | O20: =IF(N20=E20,"OK","NOK") -> OK
A21: - | G21: =G20/$E20 -> 0 | H21: =H20/$E20 -> 1 | I21: =I20/$E20 -> 0 | L21: =SUM(G21:I21) -> 1 | M21: =IF(L21=1,"OK","NOK") -> OK
A22: A | B22: 3.3 | C22: =VLOOKUP($B22,Orçamento!$A$9:$L$108,4,0) -> REVESTIMENTOS ARGAMASSADOS | D22: =VLOOKUP($B22,Orçamento!$A$9:$L$108,11,0) -> 1146.6 | E22: =VLOOKUP($B22,Orçamento!$A$9:$L$108,12,0) -> 1416.47 | F22: =E22/$E$43 -> 0.013737882 | G22: =VLOOKUP($B22,CRON.AUXILIAR!$A$9:$P$108,G$63,0) -> 0 | H22: =VLOOKUP($B22,CRON.AUXILIAR!$A$9:$P$108,H$63,0) -> 1416.47 | I22: =VLOOKUP($B22,CRON.AUXILIAR!$A$9:$P$108,I$63,0) -> 0 | N22: =SUM(G22:I22) -> 1416.47 | O22: =IF(N22=E22,"OK","NOK") -> OK
A23: - | G23: =G22/$E22 -> 0 | H23: =H22/$E22 -> 1 | I23: =I22/$E22 -> 0 | L23: =SUM(G23:I23) -> 1 | M23: =IF(L23=1,"OK","NOK") -> OK
A24: A | B24: 3.4 | C24: =VLOOKUP($B24,Orçamento!$A$9:$L$108,4,0) -> PINTURA | D24: =VLOOKUP($B24,Orçamento!$A$9:$L$108,11,0) -> 738.67 | E24: =VLOOKUP($B24,Orçamento!$A$9:$L$108,12,0) -> 912.27 | F24: =E24/$E$43 -> 0.00884781 | G24: =VLOOKUP($B24,CRON.AUXILIAR!$A$9:$P$108,G$63,0) -> 0 | H24: =VLOOKUP($B24,CRON.AUXILIAR!$A$9:$P$108,H$63,0) -> 0 | I24: =VLOOKUP($B24,CRON.AUXILIAR!$A$9:$P$108,I$63,0) -> 912.27 | N24: =SUM(G24:I24) -> 912.27 | O24: =IF(N24=E24,"OK","NOK") -> OK
A25: - | G25: =G24/$E24 -> 0 | H25: =H24/$E24 -> 0 | I25: =I24/$E24 -> 1 | L25: =SUM(G25:I25) -> 1 | M25: =IF(L25=1,"OK","NOK") -> OK
A26: A | B26: 3.5 | C26: =VLOOKUP($B26,Orçamento!$A$9:$L$108,4,0) -> ALAMBRADO | D26: =VLOOKUP($B26,Orçamento!$A$9:$L$108,11,0) -> 32059.81 | E26: =VLOOKUP($B26,Orçamento!$A$9:$L$108,12,0) -> 39605.99 | F26: =E26/$E$43 -> 0.38412562 | G26: =VLOOKUP($B26,CRON.AUXILIAR!$A$9:$P$108,G$63,0) -> 0 | H26: =VLOOKUP($B26,CRON.AUXILIAR!$A$9:$P$108,H$63,0) -> 29084.83 | I26: =VLOOKUP($B26,CRON.AUXILIAR!$A$9:$P$108,I$63,0) -> 10521.16 | N26: =SUM(G26:I26) -> 39605.99 | O26: =IF(N26=E26,"OK","NOK") -> OK
A27: - | G27: =G26/$E26 -> 0 | H27: =H26/$E26 -> 0.73435432 | I27: =I26/$E26 -> 0.26564568 | L27: =SUM(G27:I27) -> 1 | M27: =IF(L27=1,"OK","NOK") -> OK
B28: 4 | C28: =VLOOKUP($B28,Orçamento!$A$9:$L$108,4,0) -> REVITALIZAÇÃO E ACESSIBILIDADE | D28: =VLOOKUP($B28,Orçamento!$A$9:$L$108,11,0) -> 9710.73 | E28: =VLOOKUP($B28,Orçamento!$A$9:$L$108,12,0) -> 11994.48 | F28: =E28/$E$43 -> 0.11633056
A29: A | B29: 4.1 | C29: =VLOOKUP($B29,Orçamento!$A$9:$L$108,4,0) -> ACESSIBILIDADE E PROTEÇÃO | D29: =VLOOKUP($B29,Orçamento!$A$9:$L$108,11,0) -> 3246.89 | E29: =VLOOKUP($B29,Orçamento!$A$9:$L$108,12,0) -> 4010.95 | F29: =E29/$E$43 -> 0.0389009 | G29: =VLOOKUP($B29,CRON.AUXILIAR!$A$9:$P$108,G$63,0) -> 0 | H29: =VLOOKUP($B29,CRON.AUXILIAR!$A$9:$P$108,H$63,0) -> 2289.3 | I29: =VLOOKUP($B29,CRON.AUXILIAR!$A$9:$P$108,I$63,0) -> 1721.65 | N29: =SUM(G29:I29) -> 4010.95 | O29: =IF(N29=E29,"OK","NOK") -> OK
A30: - | G30: =G29/$E29 -> 0 | H30: =H29/$E29 -> 0.57076254 | I30: =I29/$E29 -> 0.42923746 | L30: =SUM(G30:I30) -> 1 | M30: =IF(L30=1,"OK","NOK") -> OK
A31: A | B31: 4.2 | C31: =VLOOKUP($B31,Orçamento!$A$9:$L$108,4,0) -> PASSEIO INTERNO | D31: =VLOOKUP($B31,Orçamento!$A$9:$L$108,11,0) -> 1708.48 | E31: =VLOOKUP($B31,Orçamento!$A$9:$L$108,12,0) -> 2110.27 | F31: =E31/$E$43 -> 0.020466822 | G31: =VLOOKUP($B31,CRON.AUXILIAR!$A$9:$P$108,G$63,0) -> 150.41 | H31: =VLOOKUP($B31,CRON.AUXILIAR!$A$9:$P$108,H$63,0) -> 1959.86 | I31: =VLOOKUP($B31,CRON.AUXILIAR!$A$9:$P$108,I$63,0) -> 0 | N31: =SUM(G31:I31) -> 2110.27 | O31: =IF(N31=E31,"OK","NOK") -> OK
A32: - | G32: =G31/$E31 -> 0.07127524 | H32: =H31/$E31 -> 0.92872476 | I32: =I31/$E31 -> 0 | L32: =SUM(G32:I32) -> 1 | M32: =IF(L32=1,"OK","NOK") -> OK
A33: A | B33: 4.3 | C33: =VLOOKUP($B33,Orçamento!$A$9:$L$108,4,0) -> REVITALIZAÇÃO DE OBSTÁCULOS | D33: =VLOOKUP($B33,Orçamento!$A$9:$L$108,11,0) -> 4755.36 | E33: =VLOOKUP($B33,Orçamento!$A$9:$L$108,12,0) -> 5873.26 | F33: =E33/$E$43 -> 0.056962839 | G33: =VLOOKUP($B33,CRON.AUXILIAR!$A$9:$P$108,G$63,0) -> 0 | H33: =VLOOKUP($B33,CRON.AUXILIAR!$A$9:$P$108,H$63,0) -> 5873.26 | I33: =VLOOKUP($B33,CRON.AUXILIAR!$A$9:$P$108,I$63,0) -> 0 | N33: =SUM(G33:I33) -> 5873.26 | O33: =IF(N33=E33,"OK","NOK") -> OK
A34: - | G34: =G33/$E33 -> 0 | H34: =H33/$E33 -> 1 | I34: =I33/$E33 -> 0 | L34: =SUM(G34:I34) -> 1 | M34: =IF(L34=1,"OK","NOK") -> OK
B35: 5 | C35: =VLOOKUP($B35,Orçamento!$A$9:$L$108,4,0) -> ELÉTRICA | D35: =VLOOKUP($B35,Orçamento!$A$9:$L$108,11,0) -> 448.5 | E35: =VLOOKUP($B35,Orçamento!$A$9:$L$108,12,0) -> 554.03 | F35: =E35/$E$43 -> 0.0053733568
A36: A | B36: 5.1 | C36: =VLOOKUP($B36,Orçamento!$A$9:$L$108,4,0) -> POSTES EXISTENTES | D36: =VLOOKUP($B36,Orçamento!$A$9:$L$108,11,0) -> 448.5 | E36: =VLOOKUP($B36,Orçamento!$A$9:$L$108,12,0) -> 554.03 | F36: =E36/$E$43 -> 0.0053733568 | G36: =VLOOKUP($B36,CRON.AUXILIAR!$A$9:$P$108,G$63,0) -> 9.17 | H36: =VLOOKUP($B36,CRON.AUXILIAR!$A$9:$P$108,H$63,0) -> 328.8 | I36: =VLOOKUP($B36,CRON.AUXILIAR!$A$9:$P$108,I$63,0) -> 216.06 | N36: =SUM(G36:I36) -> 554.03 | O36: =IF(N36=E36,"OK","NOK") -> OK
A37: - | G37: =G36/$E36 -> 0.01655145 | H37: =H36/$E36 -> 0.59346967 | I37: =I36/$E36 -> 0.38997888 | L37: =SUM(G37:I37) -> 1 | M37: =IF(L37=1,"OK","NOK") -> OK
B38: 6 | C38: =VLOOKUP($B38,Orçamento!$A$9:$L$108,4,0) -> SERVIÇOS COMPLEMENTARES | D38: =VLOOKUP($B38,Orçamento!$A$9:$L$108,11,0) -> 1977.73 | E38: =VLOOKUP($B38,Orçamento!$A$9:$L$108,12,0) -> 2443.04 | F38: =E38/$E$43 -> 0.02369425
A39: A | B39: 6.1 | C39: =VLOOKUP($B39,Orçamento!$A$9:$L$108,4,0) -> LIMPEZA | D39: =VLOOKUP($B39,Orçamento!$A$9:$L$108,11,0) -> 1977.73 | E39: =VLOOKUP($B39,Orçamento!$A$9:$L$108,12,0) -> 2443.04 | F39: =E39/$E$43 -> 0.02369425 | G39: =VLOOKUP($B39,CRON.AUXILIAR!$A$9:$P$108,G$63,0) -> 0 | H39: =VLOOKUP($B39,CRON.AUXILIAR!$A$9:$P$108,H$63,0) -> 0 | I39: =VLOOKUP($B39,CRON.AUXILIAR!$A$9:$P$108,I$63,0) -> 2443.04 | N39: =SUM(G39:I39) -> 2443.04 | O39: =IF(N39=E39,"OK","NOK") -> OK
A40: - | G40: =G39/$E39 -> 0 | H40: =H39/$E39 -> 0 | I40: =I39/$E39 -> 1 | L40: =SUM(G40:I40) -> 1 | M40: =IF(L40=1,"OK","NOK") -> OK
A41: ** | B41: 7 | C41: =VLOOKUP($B41,Orçamento!$A$9:$L$108,4,0) -> ADMINISTRAÇÃO LOCAL | D41: =VLOOKUP($B41,Orçamento!$A$9:$L$108,11,0) -> 2814.7 | E41: =VLOOKUP($B41,Orçamento!$A$9:$L$108,12,0) -> 3477.28 | F41: =E41/$E$43 -> 0.033725008 | G41: =ROUND($E41*G42,2) -> 880.12 | H41: =ROUND($E41*H42,2) -> 1947.31 | I41: =ROUND($E41*I42,2) -> 649.85 | N41: =SUM(G41:I41) -> 3477.28 | O41: =IF(N41=E41,"OK","NOK") -> OK
G42: =ROUND(G61,6) -> 0.253105 | H42: =ROUND(H61,6) -> 0.560009 | I42: =ROUND(I61,6) -> 0.186886 | L42: =SUM(G42:I42) -> 1 | M42: =IF(L42=1,"OK","NOK") -> OK
C43: TOTAL | E43: =SUMIF($A$9:$A$40,"A",E9:E40)+E41 -> 103106.87 | F43: TOTAL (R$) | G43: =SUMIF($A$9:$A$40,"A",G9:G40)+G41 -> 26096.83 | H43: =SUMIF($A$9:$A$40,"A",H9:H40)+H41 -> 57740.77 | I43: =SUMIF($A$9:$A$40,"A",I9:I40)+I41 -> 19269.27 | N43: =SUM(G43:I43) -> 103106.87 | O43: =IF(N43=E43,"OK","NOK") -> OK
F44: TOTAL (%) | G44: =G43/$E$43 -> 0.25310467 | H44: =H43/$E$43 -> 0.56000895 | I44: =I43/$E$43 -> 0.18688638 | L44: =SUM(G44:I44) -> 1 | M44: =IF(L44=1,"OK","NOK") -> OK
E45: TOTAL ACUMULADO ($) | G45: =G43 -> 26096.83 | H45: =G45+H43 -> 83837.6 | I45: =H45+I43 -> 103106.87 | N45: =I45 -> 103106.87 | O45: =IF(N45=E45,"OK","NOK") -> NOK
E46: TOTAL ACUMULADO (%) | G46: =G45/$E$43 -> 0.25310467 | H46: =G46+H44 -> 0.81311362 | I46: =H46+I44 -> 1 | L46: =I46 -> 1 | M46: =IF(L46=1,"OK","NOK") -> OK
M56: TOTAL
L60: TOTAL
G61: =SUMIF($A$9:$A$40,"A",G9:G40)/($E$43-$E$41) -> 0.25310462 | H61: =SUMIF($A$9:$A$40,"A",H9:H40)/($E$43-$E$41) -> 0.56000893 | I61: =SUMIF($A$9:$A$40,"A",I9:I40)/($E$43-$E$41) -> 0.18688645 | L61: Planilha | N61: =Orçamento!J108 -> 103106.87
L62: Cronograma | N62: =I45 -> 103106.87 | O62: =IF(N61=N62,"OK","NOK") -> OK
G63: =CRON.AUXILIAR!L6 -> 12 | H63: 14 | I63: 16

Sheet CRON.AUXILIAR
A1: NÃO ALTERAR ESSA ABA, TRATA-SE DE BASE DE DADOS PARA AS DEMAIS. NÃO É NECESSÁRIA A IMPRESSÃO. | K1: PREENCHER ESSA TABELA COM AS QUANTIDADES A SEREM EXECUTADAS NO MÊS, A OUTRA PREENCHE AUTOMATICAMENTE
L6: =COLUMN() -> 12 | N6: =COLUMN() -> 14 | P6: =COLUMN() -> 16
A8: ITEM | B8: DISCRIMINAÇÃO DO SERVIÇO | C8: 1º MÊS | D8: 2º MÊS | E8: 3º MÊS | F8: UNIDADE | G8: QUANTIDADE TOTAL | H8: PREÇO UNITÁRIO (C/ BDI) | I8: PREÇO TOTAL (COM BDI) | K8: 1º MÊS | M8: 2º MÊS | O8: 3º MÊS | S8: CONFERÊNCIA
A9: 1 | B9: =VLOOKUP($A9,Orçamento!$A$9:$J$108,4,0) -> SERVIÇOS PRELIMINARES | K9: QTDE | L9: Valor | M9: QTDE | N9: Valor | O9: QTDE | P9: Valor
A10: 1.1 | B10: =VLOOKUP($A10,Orçamento!$A$9:$J$108,4,0) -> CANTEIRO DE OBRAS | C10: EVENTO 1 | D10: EVENTO 2 | E10: EVENTO 3 | L10: =SUM(L11:L14) -> 9679.9 | N10: =SUM(N11:N14) -> 2805.24 | P10: =SUM(P11:P14) -> 2805.24
A11: 1.1.1 | B11: =VLOOKUP($A11,Orçamento!$A$9:$J$108,4,0) -> Placa em lona com impressão digital e requadro em metalon | C11: =IF(K11=0,"",CONCATENATE(K11," ",$F11)) -> 6 M2 | D11: =IF(M11=0,"",CONCATENATE(M11," ",$F11)) | E11: =IF(O11=0,"",CONCATENATE(O11," ",$F11)) | F11: =VLOOKUP($A11,Orçamento!$A$9:$J$108,5,0) -> M2 | G11: =VLOOKUP($A11,Orçamento!$A$9:$J$108,6,0) -> 6 | H11: =VLOOKUP($A11,Orçamento!$A$9:$J$108,8,0) -> 556.06 | I11: =VLOOKUP($A11,Orçamento!$A$9:$J$108,10,0) -> 3336.36 | K11: =G11 -> 6 | L11: =IF(K11=0,"",TRUNC($H11*K11,2)) -> 3336.36 | N11: =IF(M11=0,"",TRUNC($H11*M11,2)) | P11: =IF(O11=0,"",TRUNC($H11*O11,2)) | S11: =SUMIF($K$9:$P$9,$K$9,K11:P11) -> 6 | T11: =IF(S11=G11,"","FALTA") | U11: =SUMIF($K$9:$P$9,$L$9,K11:P11) -> 3336.36 | V11: =IF(U11=I11,"","FALTA")
A12: 1.1.2 | B12: =VLOOKUP($A12,Orçamento!$A$9:$J$108,4,0) -> Banheiro químico modelo Standard, com manutenção conforme exigências da CETESB | C12: =IF(K12=0,"",CONCATENATE(K12," ",$F12)) -> 1 UNMES | D12: =IF(M12=0,"",CONCATENATE(M12," ",$F12)) -> 1 UNMES | E12: =IF(O12=0,"",CONCATENATE(O12," ",$F12)) -> 1 UNMES | F12: =VLOOKUP($A12,Orçamento!$A$9:$J$108,5,0) -> UNMES | G12: =VLOOKUP($A12,Orçamento!$A$9:$J$108,6,0) -> 3 | H12: =VLOOKUP($A12,Orçamento!$A$9:$J$108,8,0) -> 1556.39 | I12: =VLOOKUP($A12,Orçamento!$A$9:$J$108,10,0) -> 4669.17 | K12: =G12/3 -> 1 | L12: =IF(K12=0,"",TRUNC($H12*K12,2)) -> 1556.39 | M12: =G12/3 -> 1 | N12: =IF(M12=0,"",TRUNC($H12*M12,2)) -> 1556.39 | O12: =G12/3 -> 1 | P12: =IF(O12=0,"",TRUNC($H12*O12,2)) -> 1556.39 | S12: =SUMIF($K$9:$P$9,$K$9,K12:P12) -> 3 | T12: =IF(S12=G12,"","FALTA") | U12: =SUMIF($K$9:$P$9,$L$9,K12:P12) -> 4669.17 | V12: =IF(U12=I12,"","FALTA")
A13: 1.1.3 | B13: =VLOOKUP($A13,Orçamento!$A$9:$J$108,4,0) -> Locação de container tipo depósito - área mínima de 13,80 m² | C13: =IF(K13=0,"",CONCATENATE(K13," ",$F13)) -> 1 UNMES | D13: =IF(M13=0,"",CONCATENATE(M13," ",$F13)) -> 1 UNMES | E13: =IF(O13=0,"",CONCATENATE(O13," ",$F13)) -> 1 UNMES | F13: =VLOOKUP($A13,Orçamento!$A$9:$J$108,5,0) -> UNMES | G13: =VLOOKUP($A13,Orçamento!$A$9:$J$108,6,0) -> 3 | H13: =VLOOKUP($A13,Orçamento!$A$9:$J$108,8,0) -> 1248.85 | I13: =VLOOKUP($A13,Orçamento!$A$9:$J$108,10,0) -> 3746.55 | K13: =G13/3 -> 1 | L13: =IF(K13=0,"",TRUNC($H13*K13,2)) -> 1248.85 | M13: =G13/3 -> 1 | N13: =IF(M13=0,"",TRUNC($H13*M13,2)) -> 1248.85 | O13: =G13/3 -> 1 | P13: =IF(O13=0,"",TRUNC($H13*O13,2)) -> 1248.85 | S13: =SUMIF($K$9:$P$9,$K$9,K13:P13) -> 3 | T13: =IF(S13=G13,"","FALTA") | U13: =SUMIF($K$9:$P$9,$L$9,K13:P13) -> 3746.55 | V13: =IF(U13=I13,"","FALTA")
A14: 1.1.4 | B14: =VLOOKUP($A14,Orçamento!$A$9:$J$108,4,0) -> TELA PARA PROTEÇÃO DE OBRAS, MALHA 2 MM | C14: =IF(K14=0,"",CONCATENATE(K14," ",$F14)) -> 82 M2 | D14: =IF(M14=0,"",CONCATENATE(M14," ",$F14)) | E14: =IF(O14=0,"",CONCATENATE(O14," ",$F14)) | F14: =VLOOKUP($A14,Orçamento!$A$9:$J$108,5,0) -> M2 | G14: =VLOOKUP($A14,Orçamento!$A$9:$J$108,6,0) -> 82 | H14: =VLOOKUP($A14,Orçamento!$A$9:$J$108,8,0) -> 43.15 | I14: =VLOOKUP($A14,Orçamento!$A$9:$J$108,10,0) -> 3538.3 | K14: =G14 -> 82 | L14: =IF(K14=0,"",TRUNC($H14*K14,2)) -> 3538.3 | N14: =IF(M14=0,"",TRUNC($H14*M14,2)) | P14: =IF(O14=0,"",TRUNC($H14*O14,2)) | S14: =SUMIF($K$9:$P$9,$K$9,K14:P14) -> 82 | T14: =IF(S14=G14,"","FALTA") | U14: =SUMIF($K$9:$P$9,$L$9,K14:P14) -> 3538.3 | V14: =IF(U14=I14,"","FALTA")
A16: 1.2 | B16: =VLOOKUP($A16,Orçamento!$A$9:$J$108,4,0) -> LOCAÇÃO DE OBRA | C16: EVENTO 4 | L16: =SUM(L17:L18) -> 102.75 | N16: =SUM(N17:N18) -> 0 | P16: =SUM(P17:P18) -> 0
A17: 1.2.1 | B17: =VLOOKUP($A17,Orçamento!$A$9:$J$108,4,0) -> Locação para muros, cercas e alambrados | C17: =IF(K17=0,"",CONCATENATE(K17," ",$F17)) -> 37,35 M | D17: =IF(M17=0,"",CONCATENATE(M17," ",$F17)) | E17: =IF(O17=0,"",CONCATENATE(O17," ",$F17)) | F17: =VLOOKUP($A17,Orçamento!$A$9:$J$108,5,0) -> M | G17: =VLOOKUP($A17,Orçamento!$A$9:$J$108,6,0) -> 37.35 | H17: =VLOOKUP($A17,Orçamento!$A$9:$J$108,8,0) -> 1.97 | I17: =VLOOKUP($A17,Orçamento!$A$9:$J$108,10,0) -> 73.57 | K17: =G17 -> 37.35 | L17: =IF(K17=0,"",TRUNC($H17*K17,2)) -> 73.57 | N17: =IF(M17=0,"",TRUNC($H17*M17,2)) | P17: =IF(O17=0,"",TRUNC($H17*O17,2)) | S17: =SUMIF($K$9:$P$9,$K$9,K17:P17) -> 37.35 | T17: =IF(S17=G17,"","FALTA") | U17: =SUMIF($K$9:$P$9,$L$9,K17:P17) -> 73.57 | V17: =IF(U17=I17,"","FALTA")
A18: 1.2.2 | B18: =VLOOKUP($A18,Orçamento!$A$9:$J$108,4,0) -> Locação de vias, calçadas, tanques e lagoas | C18: =IF(K18=0,"",CONCATENATE(K18," ",$F18)) -> 12,21 M2 | D18: =IF(M18=0,"",CONCATENATE(M18," ",$F18)) | E18: =IF(O18=0,"",CONCATENATE(O18," ",$F18)) | F18: =VLOOKUP($A18,Orçamento!$A$9:$J$108,5,0) -> M2 | G18: =VLOOKUP($A18,Orçamento!$A$9:$J$108,6,0) -> 12.21 | H18: =VLOOKUP($A18,Orçamento!$A$9:$J$108,8,0) -> 2.39 | I18: =VLOOKUP($A18,Orçamento!$A$9:$J$108,10,0) -> 29.18 | K18: =G18 -> 12.21 | L18: =IF(K18=0,"",TRUNC($H18*K18,2)) -> 29.18 | N18: =IF(M18=0,"",TRUNC($H18*M18,2)) | P18: =IF(O18=0,"",TRUNC($H18*O18,2)) | S18: =SUMIF($K$9:$P$9,$K$9,K18:P18) -> 12.21 | T18: =IF(S18=G18,"","FALTA") | U18: =SUMIF($K$9:$P$9,$L$9,K18:P18) -> 29.18 | V18: =IF(U18=I18,"","FALTA")
A20: 2 | B20: =VLOOKUP($A20,Orçamento!$A$9:$J$108,4,0) -> DEMOLIÇÃO E REMOÇÃO
A21: 2.1 | B21: =VLOOKUP($A21,Orçamento!$A$9:$J$108,4,0) -> PISO INTERTRAVADO EXISTENTE | C21: EVENTO 5 | L21: =SUM(L22:L24) -> 2826.2 | N21: =SUM(N22:N24) -> 0 | P21: =SUM(P22:P24) -> 0
A22: 2.1.1 | B22: =VLOOKUP($A22,Orçamento!$A$9:$J$108,4,0) -> REMOÇÃO DE PISO DE BLOCO INTERTRAVADO OU DE PEDRA PORTUGUESA, DE FORMA MANUAL, COM REAPROVEITAMENTO. AF_09/2023 | C22: =IF(K22=0,"",CONCATENATE(K22," ",$F22)) -> 23,56 M2 | D22: =IF(M22=0,"",CONCATENATE(M22," ",$F22)) | E22: =IF(O22=0,"",CONCATENATE(O22," ",$F22)) | F22: =VLOOKUP($A22,Orçamento!$A$9:$J$108,5,0) -> M2 | G22: =VLOOKUP($A22,Orçamento!$A$9:$J$108,6,0) -> 23.56 | H22: =VLOOKUP($A22,Orçamento!$A$9:$J$108,8,0) -> 30.37 | I22: =VLOOKUP($A22,Orçamento!$A$9:$J$108,10,0) -> 715.51 | K22: =G22 -> 23.56 | L22: =IF(K22=0,"",TRUNC($H22*K22,2)) -> 715.51 | N22: =IF(M22=0,"",TRUNC($H22*M22,2)) | P22: =IF(O22=0,"",TRUNC($H22*O22,2)) | S22: =SUMIF($K$9:$P$9,$K$9,K22:P22) -> 23.56 | T22: =IF(S22=G22,"","FALTA") | U22: =SUMIF($K$9:$P$9,$L$9,K22:P22) -> 715.51 | V22: =IF(U22=I22,"","FALTA")
A23: 2.1.2 | B23: =VLOOKUP($A23,Orçamento!$A$9:$J$108,4,0) -> Remoção de entulho de obra com caçamba metálica - material rejeitado e misturado por vegetação, isopor, manta asfáltica e lã de vidro | C23: =IF(K23=0,"",CONCATENATE(K23," ",$F23)) -> 8,03 M3 | D23: =IF(M23=0,"",CONCATENATE(M23," ",$F23)) | E23: =IF(O23=0,"",CONCATENATE(O23," ",$F23)) | F23: =VLOOKUP($A23,Orçamento!$A$9:$J$108,5,0) -> M3 | G23: =VLOOKUP($A23,Orçamento!$A$9:$J$108,6,0) -> 8.03 | H23: =VLOOKUP($A23,Orçamento!$A$9:$J$108,8,0) -> 172.86 | I23: =VLOOKUP($A23,Orçamento!$A$9:$J$108,10,0) -> 1388.06 | K23: =G23 -> 8.03 | L23: =IF(K23=0,"",TRUNC($H23*K23,2)) -> 1388.06 | N23: =IF(M23=0,"",TRUNC($H23*M23,2)) | P23: =IF(O23=0,"",TRUNC($H23*O23,2)) | S23: =SUMIF($K$9:$P$9,$K$9,K23:P23) -> 8.03 | T23: =IF(S23=G23,"","FALTA") | U23: =SUMIF($K$9:$P$9,$L$9,K23:P23) -> 1388.06 | V23: =IF(U23=I23,"","FALTA")
A24: 2.1.3 | B24: =VLOOKUP($A24,Orçamento!$A$9:$J$108,4,0) -> Taxa de destinação de resíduo sólido em aterro, tipo inerte | C24: =IF(K24=0,"",CONCATENATE(K24," ",$F24)) -> 12,05 T | D24: =IF(M24=0,"",CONCATENATE(M24," ",$F24)) | E24: =IF(O24=0,"",CONCATENATE(O24," ",$F24)) | F24: =VLOOKUP($A24,Orçamento!$A$9:$J$108,5,0) -> T | G24: =VLOOKUP($A24,Orçamento!$A$9:$J$108,6,0) -> 12.05 | H24: =VLOOKUP($A24,Orçamento!$A$9:$J$108,8,0) -> 59.97 | I24: =VLOOKUP($A24,Orçamento!$A$9:$J$108,10,0) -> 722.63 | K24: =G24 -> 12.05 | L24: =IF(K24=0,"",TRUNC($H24*K24,2)) -> 722.63 | N24: =IF(M24=0,"",TRUNC($H24*M24,2)) | P24: =IF(O24=0,"",TRUNC($H24*O24,2)) | S24: =SUMIF($K$9:$P$9,$K$9,K24:P24) -> 12.05 | T24: =IF(S24=G24,"","FALTA") | U24: =SUMIF($K$9:$P$9,$L$9,K24:P24) -> 722.63 | V24: =IF(U24=I24,"","FALTA")
A26: 3 | B26: =VLOOKUP($A26,Orçamento!$A$9:$J$108,4,0) -> FECHAMENTO
A27: 3.1 | B27: =VLOOKUP($A27,Orçamento!$A$9:$J$108,4,0) -> INFRAESTRUTURA – ARQUIBANCADA | C27: EVENTO 6 | L27: =SUM(L28:L38) -> 12448.28 | N27: =SUM(N28:N38) -> 0 | P27: =SUM(P28:P38) -> 0
A28: 3.1.1 | B28: =VLOOKUP($A28,Orçamento!$A$9:$J$108,4,0) -> ESCAVAÇÃO MECANIZADA PARA VIGA BALDRAME OU SAPATA CORRIDA COM MINI-ESCAVADEIRA (INCLUINDO ESCAVAÇÃO PARA COLOCAÇÃO DE FÔRMAS). AF_01/2024 | C28: =IF(K28=0,"",CONCATENATE(K28," ",$F28)) -> 2,62 M3 | D28: =IF(M28=0,"",CONCATENATE(M28," ",$F28)) | E28: =IF(O28=0,"",CONCATENATE(O28," ",$F28)) | F28: =VLOOKUP($A28,Orçamento!$A$9:$J$108,5,0) -> M3 | G28: =VLOOKUP($A28,Orçamento!$A$9:$J$108,6,0) -> 2.62 | H28: =VLOOKUP($A28,Orçamento!$A$9:$J$108,8,0) -> 85 | I28: =VLOOKUP($A28,Orçamento!$A$9:$J$108,10,0) -> 222.7 | K28: =G28 -> 2.62 | L28: =IF(K28=0,"",TRUNC($H28*K28,2)) -> 222.7 | N28: =IF(M28=0,"",TRUNC($H28*M28,2)) | P28: =IF(O28=0,"",TRUNC($H28*O28,2)) | S28: =SUMIF($K$9:$P$9,$K$9,K28:P28) -> 2.62 | T28: =IF(S28=G28,"","FALTA") | U28: =SUMIF($K$9:$P$9,$L$9,K28:P28) -> 222.7 | V28: =IF(U28=I28,"","FALTA")
A29: 3.1.2 | B29: =VLOOKUP($A29,Orçamento!$A$9:$J$108,4,0) -> PREPARO DE FUNDO DE VALA COM LARGURA MENOR QUE 1,5 M (ACERTO DO SOLO NATURAL), EM LOCAL COM NÍVEL BAIXO DE INTERFERÊNCIA. AF_01/2026 | C29: =IF(K29=0,"",CONCATENATE(K29," ",$F29)) -> 8,3 M2 | D29: =IF(M29=0,"",CONCATENATE(M29," ",$F29)) | E29: =IF(O29=0,"",CONCATENATE(O29," ",$F29)) | F29: =VLOOKUP($A29,Orçamento!$A$9:$J$108,5,0) -> M2 | G29: =VLOOKUP($A29,Orçamento!$A$9:$J$108,6,0) -> 8.3 | H29: =VLOOKUP($A29,Orçamento!$A$9:$J$108,8,0) -> 13.1 | I29: =VLOOKUP($A29,Orçamento!$A$9:$J$108,10,0) -> 108.73 | K29: =G29 -> 8.3 | L29: =IF(K29=0,"",TRUNC($H29*K29,2)) -> 108.73 | N29: =IF(M29=0,"",TRUNC($H29*M29,2)) | P29: =IF(O29=0,"",TRUNC($H29*O29,2)) | S29: =SUMIF($K$9:$P$9,$K$9,K29:P29) -> 8.3 | T29: =IF(S29=G29,"","FALTA") | U29: =SUMIF($K$9:$P$9,$L$9,K29:P29) -> 108.73 | V29: =IF(U29=I29,"","FALTA")
A30: 3.1.3 | B30: =VLOOKUP($A30,Orçamento!$A$9:$J$108,4,0) -> Broca em concreto armado diâmetro de 20 cm - completa | C30: =IF(K30=0,"",CONCATENATE(K30," ",$F30)) -> 16 M | D30: =IF(M30=0,"",CONCATENATE(M30," ",$F30)) | E30: =IF(O30=0,"",CONCATENATE(O30," ",$F30)) | F30: =VLOOKUP($A30,Orçamento!$A$9:$J$108,5,0) -> M | G30: =VLOOKUP($A30,Orçamento!$A$9:$J$108,6,0) -> 16 | H30: =VLOOKUP($A30,Orçamento!$A$9:$J$108,8,0) -> 93.23 | I30: =VLOOKUP($A30,Orçamento!$A$9:$J$108,10,0) -> 1491.68 | K30: =G30 -> 16 | L30: =IF(K30=0,"",TRUNC($H30*K30,2)) -> 1491.68 | N30: =IF(M30=0,"",TRUNC($H30*M30,2)) | P30: =IF(O30=0,"",TRUNC($H30*O30,2)) | S30: =SUMIF($K$9:$P$9,$K$9,K30:P30) -> 16 | T30: =IF(S30=G30,"","FALTA") | U30: =SUMIF($K$9:$P$9,$L$9,K30:P30) -> 1491.68 | V30: =IF(U30=I30,"","FALTA")
A31: 3.1.4 | B31: =VLOOKUP($A31,Orçamento!$A$9:$J$108,4,0) -> LASTRO COM MATERIAL GRANULAR, APLICAÇÃO EM BLOCOS DE COROAMENTO, ESPESSURA DE *5 CM*. AF_01/2024 | C31: =IF(K31=0,"",CONCATENATE(K31," ",$F31)) -> 0,42 M3 | D31: =IF(M31=0,"",CONCATENATE(M31," ",$F31)) | E31: =IF(O31=0,"",CONCATENATE(O31," ",$F31)) | F31: =VLOOKUP($A31,Orçamento!$A$9:$J$108,5,0) -> M3 | G31: =VLOOKUP($A31,Orçamento!$A$9:$J$108,6,0) -> 0.42 | H31: =VLOOKUP($A31,Orçamento!$A$9:$J$108,8,0) -> 294.16 | I31: =VLOOKUP($A31,Orçamento!$A$9:$J$108,10,0) -> 123.54 | K31: =G31 -> 0.42 | L31: =IF(K31=0,"",TRUNC($H31*K31,2)) -> 123.54 | N31: =IF(M31=0,"",TRUNC($H31*M31,2)) | P31: =IF(O31=0,"",TRUNC($H31*O31,2)) | S31: =SUMIF($K$9:$P$9,$K$9,K31:P31) -> 0.42 | T31: =IF(S31=G31,"","FALTA") | U31: =SUMIF($K$9:$P$9,$L$9,K31:P31) -> 123.54 | V31: =IF(U31=I31,"","FALTA")
A32: 3.1.5 | B32: =VLOOKUP($A32,Orçamento!$A$9:$J$108,4,0) -> FABRICAÇÃO, MONTAGEM E DESMONTAGEM DE FÔRMA PARA BLOCO DE COROAMENTO, EM MADEIRA SERRADA, E=25 MM, 1 UTILIZAÇÃO. AF_01/2024 | C32: =IF(K32=0,"",CONCATENATE(K32," ",$F32)) -> 5,76 M2 | D32: =IF(M32=0,"",CONCATENATE(M32," ",$F32)) | E32: =IF(O32=0,"",CONCATENATE(O32," ",$F32)) | F32: =VLOOKUP($A32,Orçamento!$A$9:$J$108,5,0) -> M2 | G32: =VLOOKUP($A32,Orçamento!$A$9:$J$108,6,0) -> 5.76 | H32: =VLOOKUP($A32,Orçamento!$A$9:$J$108,8,0) -> 213.23 | I32: =VLOOKUP($A32,Orçamento!$A$9:$J$108,10,0) -> 1228.2 | K32: =G32 -> 5.76 | L32: =IF(K32=0,"",TRUNC($H32*K32,2)) -> 1228.2 | N32: =IF(M32=0,"",TRUNC($H32*M32,2)) | P32: =IF(O32=0,"",TRUNC($H32*O32,2)) | S32: =SUMIF($K$9:$P$9,$K$9,K32:P32) -> 5.76 | T32: =IF(S32=G32,"","FALTA") | U32: =SUMIF($K$9:$P$9,$L$9,K32:P32) -> 1228.2 | V32: =IF(U32=I32,"","FALTA")
A33: 3.1.6 | B33: =VLOOKUP($A33,Orçamento!$A$9:$J$108,4,0) -> ARMAÇÃO DE BLOCO UTILIZANDO AÇO CA-50 DE 10 MM - MONTAGEM. AF_01/2024 | C33: =IF(K33=0,"",CONCATENATE(K33," ",$F33)) -> 32,33 KG | D33: =IF(M33=0,"",CONCATENATE(M33," ",$F33)) | E33: =IF(O33=0,"",CONCATENATE(O33," ",$F33)) | F33: =VLOOKUP($A33,Orçamento!$A$9:$J$108,5,0) -> KG | G33: =VLOOKUP($A33,Orçamento!$A$9:$J$108,6,0) -> 32.33 | H33: =VLOOKUP($A33,Orçamento!$A$9:$J$108,8,0) -> 17.57 | I33: =VLOOKUP($A33,Orçamento!$A$9:$J$108,10,0) -> 568.03 | K33: =G33 -> 32.33 | L33: =IF(K33=0,"",TRUNC($H33*K33,2)) -> 568.03 | N33: =IF(M33=0,"",TRUNC($H33*M33,2)) | P33: =IF(O33=0,"",TRUNC($H33*O33,2)) | S33: =SUMIF($K$9:$P$9,$K$9,K33:P33) -> 32.33 | T33: =IF(S33=G33,"","FALTA") | U33: =SUMIF($K$9:$P$9,$L$9,K33:P33) -> 568.03 | V33: =IF(U33=I33,"","FALTA")
A34: 3.1.7 | B34: =VLOOKUP($A34,Orçamento!$A$9:$J$108,4,0) -> FABRICAÇÃO, MONTAGEM E DESMONTAGEM DE FÔRMA PARA VIGA BALDRAME, EM MADEIRA SERRADA, E=25 MM, 1 UTILIZAÇÃO. AF_01/2024 | C34: =IF(K34=0,"",CONCATENATE(K34," ",$F34)) -> 17,01 M2 | D34: =IF(M34=0,"",CONCATENATE(M34," ",$F34)) | E34: =IF(O34=0,"",CONCATENATE(O34," ",$F34)) | F34: =VLOOKUP($A34,Orçamento!$A$9:$J$108,5,0) -> M2 | G34: =VLOOKUP($A34,Orçamento!$A$9:$J$108,6,0) -> 17.01 | H34: =VLOOKUP($A34,Orçamento!$A$9:$J$108,8,0) -> 193.05 | I34: =VLOOKUP($A34,Orçamento!$A$9:$J$108,10,0) -> 3283.78 | K34: =G34 -> 17.01 | L34: =IF(K34=0,"",TRUNC($H34*K34,2)) -> 3283.78 | N34: =IF(M34=0,"",TRUNC($H34*M34,2)) | P34: =IF(O34=0,"",TRUNC($H34*O34,2)) | S34: =SUMIF($K$9:$P$9,$K$9,K34:P34) -> 17.01 | T34: =IF(S34=G34,"","FALTA") | U34: =SUMIF($K$9:$P$9,$L$9,K34:P34) -> 3283.78 | V34: =IF(U34=I34,"","FALTA")
A35: 3.1.8 | B35: =VLOOKUP($A35,Orçamento!$A$9:$J$108,4,0) -> ARMAÇÃO DE SAPATA ISOLADA, VIGA BALDRAME E SAPATA CORRIDA UTILIZANDO AÇO CA-50 DE 10 MM - MONTAGEM. AF_01/2024 | C35: =IF(K35=0,"",CONCATENATE(K35," ",$F35)) -> 63,82 KG | D35: =IF(M35=0,"",CONCATENATE(M35," ",$F35)) | E35: =IF(O35=0,"",CONCATENATE(O35," ",$F35)) | F35: =VLOOKUP($A35,Orçamento!$A$9:$J$108,5,0) -> KG | G35: =VLOOKUP($A35,Orçamento!$A$9:$J$108,6,0) -> 63.82 | H35: =VLOOKUP($A35,Orçamento!$A$9:$J$108,8,0) -> 15.39 | I35: =VLOOKUP($A35,Orçamento!$A$9:$J$108,10,0) -> 982.18 | K35: =G35 -> 63.82 | L35: =IF(K35=0,"",TRUNC($H35*K35,2)) -> 982.18 | N35: =IF(M35=0,"",TRUNC($H35*M35,2)) | P35: =IF(O35=0,"",TRUNC($H35*O35,2)) | S35: =SUMIF($K$9:$P$9,$K$9,K35:P35) -> 63.82 | T35: =IF(S35=G35,"","FALTA") | U35: =SUMIF($K$9:$P$9,$L$9,K35:P35) -> 982.18 | V35: =IF(U35=I35,"","FALTA")
A36: 3.1.9 | B36: =VLOOKUP($A36,Orçamento!$A$9:$J$108,4,0) -> ARMAÇÃO DE SAPATA ISOLADA, VIGA BALDRAME E SAPATA CORRIDA UTILIZANDO AÇO CA-60 DE 5 MM - MONTAGEM. AF_01/2024 | C36: =IF(K36=0,"",CONCATENATE(K36," ",$F36)) -> 23,1 KG | D36: =IF(M36=0,"",CONCATENATE(M36," ",$F36)) | E36: =IF(O36=0,"",CONCATENATE(O36," ",$F36)) | F36: =VLOOKUP($A36,Orçamento!$A$9:$J$108,5,0) -> KG | G36: =VLOOKUP($A36,Orçamento!$A$9:$J$108,6,0) -> 23.1 | H36: =VLOOKUP($A36,Orçamento!$A$9:$J$108,8,0) -> 22.6 | I36: =VLOOKUP($A36,Orçamento!$A$9:$J$108,10,0) -> 522.06 | K36: =G36 -> 23.1 | L36: =IF(K36=0,"",TRUNC($H36*K36,2)) -> 522.06 | N36: =IF(M36=0,"",TRUNC($H36*M36,2)) | P36: =IF(O36=0,"",TRUNC($H36*O36,2)) | S36: =SUMIF($K$9:$P$9,$K$9,K36:P36) -> 23.1 | T36: =IF(S36=G36,"","FALTA") | U36: =SUMIF($K$9:$P$9,$L$9,K36:P36) -> 522.06 | V36: =IF(U36=I36,"","FALTA")
A37: 3.1.10 | B37: =VLOOKUP($A37,Orçamento!$A$9:$J$108,4,0) -> CONCRETAGEM DE BLOCO DE COROAMENTO OU VIGA BALDRAME, FCK 30 MPA, COM USO DE BOMBA - LANÇAMENTO, ADENSAMENTO E ACABAMENTO. AF_01/2024 | C37: =IF(K37=0,"",CONCATENATE(K37," ",$F37)) -> 2,62 M3 | D37: =IF(M37=0,"",CONCATENATE(M37," ",$F37)) | E37: =IF(O37=0,"",CONCATENATE(O37," ",$F37)) | F37: =VLOOKUP($A37,Orçamento!$A$9:$J$108,5,0) -> M3 | G37: =VLOOKUP($A37,Orçamento!$A$9:$J$108,6,0) -> 2.62 | H37: =VLOOKUP($A37,Orçamento!$A$9:$J$108,8,0) -> 877.26 | I37: =VLOOKUP($A37,Orçamento!$A$9:$J$108,10,0) -> 2298.42 | K37: =G37 -> 2.62 | L37: =IF(K37=0,"",TRUNC($H37*K37,2)) -> 2298.42 | N37: =IF(M37=0,"",TRUNC($H37*M37,2)) | P37: =IF(O37=0,"",TRUNC($H37*O37,2)) | S37: =SUMIF($K$9:$P$9,$K$9,K37:P37) -> 2.62 | T37: =IF(S37=G37,"","FALTA") | U37: =SUMIF($K$9:$P$9,$L$9,K37:P37) -> 2298.42 | V37: =IF(U37=I37,"","FALTA")
A38: 3.1.11 | B38: =VLOOKUP($A38,Orçamento!$A$9:$J$108,4,0) -> IMPERMEABILIZAÇÃO DE SUPERFÍCIE COM EMULSÃO ASFÁLTICA, 2 DEMÃOS. AF_09/2023 | C38: =IF(K38=0,"",CONCATENATE(K38," ",$F38)) -> 28 M2 | D38: =IF(M38=0,"",CONCATENATE(M38," ",$F38)) | E38: =IF(O38=0,"",CONCATENATE(O38," ",$F38)) | F38: =VLOOKUP($A38,Orçamento!$A$9:$J$108,5,0) -> M2 | G38: =VLOOKUP($A38,Orçamento!$A$9:$J$108,6,0) -> 28 | H38: =VLOOKUP($A38,Orçamento!$A$9:$J$108,8,0) -> 57.82 | I38: =VLOOKUP($A38,Orçamento!$A$9:$J$108,10,0) -> 1618.96 | K38: =G38 -> 28 | L38: =IF(K38=0,"",TRUNC($H38*K38,2)) -> 1618.96 | N38: =IF(M38=0,"",TRUNC($H38*M38,2)) | P38: =IF(O38=0,"",TRUNC($H38*O38,2)) | S38: =SUMIF($K$9:$P$9,$K$9,K38:P38) -> 28 | T38: =IF(S38=G38,"","FALTA") | U38: =SUMIF($K$9:$P$9,$L$9,K38:P38) -> 1618.96 | V38: =IF(U38=I38,"","FALTA")
A40: 3.2 | B40: =VLOOKUP($A40,Orçamento!$A$9:$J$108,4,0) -> SUPERESTRUTURA – ARQUIBANCADA | D40: EVENTO 7 | E40: EVENTO 8 | L40: =SUM(L41:L56) -> 0 | N40: =SUM(N41:N52) -> 12035.7 | P40: =SUM(P41:P56) -> 0
A41: 3.2.1 | B41: =VLOOKUP($A41,Orçamento!$A$9:$J$108,4,0) -> ALVENARIA DE BLOCOS DE CONCRETO ESTRUTURAL 14X19X39 CM (ESPESSURA 14 CM), FBK = 4,5 MPA, UTILIZANDO COLHER DE PEDREIRO. AF_07/2026 | C41: =IF(K41=0,"",CONCATENATE(K41," ",$F41)) | D41: =IF(M41=0,"",CONCATENATE(M41," ",$F41)) -> 18,74 M2 | E41: =IF(O41=0,"",CONCATENATE(O41," ",$F41)) | F41: =VLOOKUP($A41,Orçamento!$A$9:$J$108,5,0) -> M2 | G41: =VLOOKUP($A41,Orçamento!$A$9:$J$108,6,0) -> 18.74 | H41: =VLOOKUP($A41,Orçamento!$A$9:$J$108,8,0) -> 167.53 | I41: =VLOOKUP($A41,Orçamento!$A$9:$J$108,10,0) -> 3139.51 | L41: =IF(K41=0,"",TRUNC($H41*K41,2)) | M41: =G41 -> 18.74 | N41: =IF(M41=0,"",TRUNC($H41*M41,2)) -> 3139.51 | P41: =IF(O41=0,"",TRUNC($H41*O41,2)) | S41: =SUMIF($K$9:$P$9,$K$9,K41:P41) -> 18.74 | T41: =IF(S41=G41,"","FALTA") | U41: =SUMIF($K$9:$P$9,$L$9,K41:P41) -> 3139.51 | V41: =IF(U41=I41,"","FALTA")
A42: 3.2.2 | B42: =VLOOKUP($A42,Orçamento!$A$9:$J$108,4,0) -> ARMAÇÃO DE CINTA DE ALVENARIA ESTRUTURAL; DIÂMETRO DE 10,0 MM. AF_06/2026 | C42: =IF(K42=0,"",CONCATENATE(K42," ",$F42)) | D42: =IF(M42=0,"",CONCATENATE(M42," ",$F42)) -> 9,25 KG | E42: =IF(O42=0,"",CONCATENATE(O42," ",$F42)) | F42: =VLOOKUP($A42,Orçamento!$A$9:$J$108,5,0) -> KG | G42: =VLOOKUP($A42,Orçamento!$A$9:$J$108,6,0) -> 9.25 | H42: =VLOOKUP($A42,Orçamento!$A$9:$J$108,8,0) -> 13.07 | I42: =VLOOKUP($A42,Orçamento!$A$9:$J$108,10,0) -> 120.89 | L42: =IF(K42=0,"",TRUNC($H42*K42,2)) | M42: =G42 -> 9.25 | N42: =IF(M42=0,"",TRUNC($H42*M42,2)) -> 120.89 | P42: =IF(O42=0,"",TRUNC($H42*O42,2)) | S42: =SUMIF($K$9:$P$9,$K$9,K42:P42) -> 9.25 | T42: =IF(S42=G42,"","FALTA") | U42: =SUMIF($K$9:$P$9,$L$9,K42:P42) -> 120.89 | V42: =IF(U42=I42,"","FALTA")
A43: 3.2.3 | B43: =VLOOKUP($A43,Orçamento!$A$9:$J$108,4,0) -> ARMAÇÃO DE VERGA E CONTRAVERGA DE ALVENARIA ESTRUTURAL; DIÂMETRO DE 10,0 MM. AF_06/2026 | C43: =IF(K43=0,"",CONCATENATE(K43," ",$F43)) | D43: =IF(M43=0,"",CONCATENATE(M43," ",$F43)) -> 14,49 KG | E43: =IF(O43=0,"",CONCATENATE(O43," ",$F43)) | F43: =VLOOKUP($A43,Orçamento!$A$9:$J$108,5,0) -> KG | G43: =VLOOKUP($A43,Orçamento!$A$9:$J$108,6,0) -> 14.49 | H43: =VLOOKUP($A43,Orçamento!$A$9:$J$108,8,0) -> 27.14 | I43: =VLOOKUP($A43,Orçamento!$A$9:$J$108,10,0) -> 393.25 | L43: =IF(K43=0,"",TRUNC($H43*K43,2)) | M43: =G43 -> 14.49 | N43: =IF(M43=0,"",TRUNC($H43*M43,2)) -> 393.25 | P43: =IF(O43=0,"",TRUNC($H43*O43,2)) | S43: =SUMIF($K$9:$P$9,$K$9,K43:P43) -> 14.49 | T43: =IF(S43=G43,"","FALTA") | U43: =SUMIF($K$9:$P$9,$L$9,K43:P43) -> 393.25 | V43: =IF(U43=I43,"","FALTA")
A44: 3.2.4 | B44: =VLOOKUP($A44,Orçamento!$A$9:$J$108,4,0) -> ARMAÇÃO VERTICAL DE ALVENARIA ESTRUTURAL; DIÂMETRO DE 10,0 MM. AF_06/2026 | C44: =IF(K44=0,"",CONCATENATE(K44," ",$F44)) | D44: =IF(M44=0,"",CONCATENATE(M44," ",$F44)) -> 11,83 KG | E44: =IF(O44=0,"",CONCATENATE(O44," ",$F44)) | F44: =VLOOKUP($A44,Orçamento!$A$9:$J$108,5,0) -> KG | G44: =VLOOKUP($A44,Orçamento!$A$9:$J$108,6,0) -> 11.83 | H44: =VLOOKUP($A44,Orçamento!$A$9:$J$108,8,0) -> 13.7 | I44: =VLOOKUP($A44,Orçamento!$A$9:$J$108,10,0) -> 162.07 | L44: =IF(K44=0,"",TRUNC($H44*K44,2)) | M44: =G44 -> 11.83 | N44: =IF(M44=0,"",TRUNC($H44*M44,2)) -> 162.07 | P44: =IF(O44=0,"",TRUNC($H44*O44,2)) | S44: =SUMIF($K$9:$P$9,$K$9,K44:P44) -> 11.83 | T44: =IF(S44=G44,"","FALTA") | U44: =SUMIF($K$9:$P$9,$L$9,K44:P44) -> 162.07 | V44: =IF(U44=I44,"","FALTA")
A45: 3.2.5 | B45: =VLOOKUP($A45,Orçamento!$A$9:$J$108,4,0) -> GRAUTEAMENTO DE CINTA INTERMEDIÁRIA OU DE CONTRAVERGA EM ALVENARIA ESTRUTURAL, FGK = 20 MPA. AF_06/2026 | C45: =IF(K45=0,"",CONCATENATE(K45," ",$F45)) | D45: =IF(M45=0,"",CONCATENATE(M45," ",$F45)) -> 0,17 M3 | E45: =IF(O45=0,"",CONCATENATE(O45," ",$F45)) | F45: =VLOOKUP($A45,Orçamento!$A$9:$J$108,5,0) -> M3 | G45: =VLOOKUP($A45,Orçamento!$A$9:$J$108,6,0) -> 0.17 | H45: =VLOOKUP($A45,Orçamento!$A$9:$J$108,8,0) -> 2137.41 | I45: =VLOOKUP($A45,Orçamento!$A$9:$J$108,10,0) -> 363.35 | L45: =IF(K45=0,"",TRUNC($H45*K45,2)) | M45: =G45 -> 0.17 | N45: =IF(M45=0,"",TRUNC($H45*M45,2)) -> 363.35 | P45: =IF(O45=0,"",TRUNC($H45*O45,2)) | S45: =SUMIF($K$9:$P$9,$K$9,K45:P45) -> 0.17 | T45: =IF(S45=G45,"","FALTA") | U45: =SUMIF($K$9:$P$9,$L$9,K45:P45) -> 363.35 | V45: =IF(U45=I45,"","FALTA")
A46: 3.2.6 | B46: =VLOOKUP($A46,Orçamento!$A$9:$J$108,4,0) -> GRAUTEAMENTO DE CINTA SUPERIOR OU DE VERGA EM ALVENARIA ESTRUTURAL, FGK = 20 MPA. AF_06/2026 | C46: =IF(K46=0,"",CONCATENATE(K46," ",$F46)) | D46: =IF(M46=0,"",CONCATENATE(M46," ",$F46)) -> 0,27 M3 | E46: =IF(O46=0,"",CONCATENATE(O46," ",$F46)) | F46: =VLOOKUP($A46,Orçamento!$A$9:$J$108,5,0) -> M3 | G46: =VLOOKUP($A46,Orçamento!$A$9:$J$108,6,0) -> 0.27 | H46: =VLOOKUP($A46,Orçamento!$A$9:$J$108,8,0) -> 1403.36 | I46: =VLOOKUP($A46,Orçamento!$A$9:$J$108,10,0) -> 378.9 | L46: =IF(K46=0,"",TRUNC($H46*K46,2)) | M46: =G46 -> 0.27 | N46: =IF(M46=0,"",TRUNC($H46*M46,2)) -> 378.9 | P46: =IF(O46=0,"",TRUNC($H46*O46,2)) | S46: =SUMIF($K$9:$P$9,$K$9,K46:P46) -> 0.27 | T46: =IF(S46=G46,"","FALTA") | U46: =SUMIF($K$9:$P$9,$L$9,K46:P46) -> 378.9 | V46: =IF(U46=I46,"","FALTA")
A47: 3.2.7 | B47: =VLOOKUP($A47,Orçamento!$A$9:$J$108,4,0) -> GRAUTEAMENTO VERTICAL EM ALVENARIA ESTRUTURAL, FGK = 20 MPA. AF_06/2026 | C47: =IF(K47=0,"",CONCATENATE(K47," ",$F47)) | D47: =IF(M47=0,"",CONCATENATE(M47," ",$F47)) -> 0,13 M3 | E47: =IF(O47=0,"",CONCATENATE(O47," ",$F47)) | F47: =VLOOKUP($A47,Orçamento!$A$9:$J$108,5,0) -> M3 | G47: =VLOOKUP($A47,Orçamento!$A$9:$J$108,6,0) -> 0.13 | H47: =VLOOKUP($A47,Orçamento!$A$9:$J$108,8,0) -> 1489.94 | I47: =VLOOKUP($A47,Orçamento!$A$9:$J$108,10,0) -> 193.69 | L47: =IF(K47=0,"",TRUNC($H47*K47,2)) | M47: =G47 -> 0.13 | N47: =IF(M47=0,"",TRUNC($H47*M47,2)) -> 193.69 | P47: =IF(O47=0,"",TRUNC($H47*O47,2)) | S47: =SUMIF($K$9:$P$9,$K$9,K47:P47) -> 0.13 | T47: =IF(S47=G47,"","FALTA") | U47: =SUMIF($K$9:$P$9,$L$9,K47:P47) -> 193.69 | V47: =IF(U47=I47,"","FALTA")
A48: 3.2.8 | B48: =VLOOKUP($A48,Orçamento!$A$9:$J$108,4,0) -> MONTAGEM E DESMONTAGEM DE FÔRMA DE LAJE MACIÇA, PÉ-DIREITO SIMPLES, EM CHAPA DE MADEIRA COMPENSADA RESINADA, 2 UTILIZAÇÕES. AF_09/2020 | C48: =IF(K48=0,"",CONCATENATE(K48," ",$F48)) | D48: =IF(M48=0,"",CONCATENATE(M48," ",$F48)) -> 17,76 M2 | E48: =IF(O48=0,"",CONCATENATE(O48," ",$F48)) | F48: =VLOOKUP($A48,Orçamento!$A$9:$J$108,5,0) -> M2 | G48: =VLOOKUP($A48,Orçamento!$A$9:$J$108,6,0) -> 17.76 | H48: =VLOOKUP($A48,Orçamento!$A$9:$J$108,8,0) -> 86.35 | I48: =VLOOKUP($A48,Orçamento!$A$9:$J$108,10,0) -> 1533.57 | L48: =IF(K48=0,"",TRUNC($H48*K48,2)) | M48: =G48 -> 17.76 | N48: =IF(M48=0,"",TRUNC($H48*M48,2)) -> 1533.57 | P48: =IF(O48=0,"",TRUNC($H48*O48,2)) | S48: =SUMIF($K$9:$P$9,$K$9,K48:P48) -> 17.76 | T48: =IF(S48=G48,"","FALTA") | U48: =SUMIF($K$9:$P$9,$L$9,K48:P48) -> 1533.57 | V48: =IF(U48=I48,"","FALTA")
A49: 3.2.9 | B49: =VLOOKUP($A49,Orçamento!$A$9:$J$108,4,0) -> ARMAÇÃO DE LAJE DE ESTRUTURA CONVENCIONAL DE CONCRETO ARMADO UTILIZANDO AÇO CA-50 DE 8,0 MM - MONTAGEM. AF_06/2022 | C49: =IF(K49=0,"",CONCATENATE(K49," ",$F49)) | D49: =IF(M49=0,"",CONCATENATE(M49," ",$F49)) -> 132,52 KG | E49: =IF(O49=0,"",CONCATENATE(O49," ",$F49)) | F49: =VLOOKUP($A49,Orçamento!$A$9:$J$108,5,0) -> KG | G49: =VLOOKUP($A49,Orçamento!$A$9:$J$108,6,0) -> 132.52 | H49: =VLOOKUP($A49,Orçamento!$A$9:$J$108,8,0) -> 13.55 | I49: =VLOOKUP($A49,Orçamento!$A$9:$J$108,10,0) -> 1795.64 | L49: =IF(K49=0,"",TRUNC($H49*K49,2)) | M49: =G49 -> 132.52 | N49: =IF(M49=0,"",TRUNC($H49*M49,2)) -> 1795.64 | P49: =IF(O49=0,"",TRUNC($H49*O49,2)) | S49: =SUMIF($K$9:$P$9,$K$9,K49:P49) -> 132.52 | T49: =IF(S49=G49,"","FALTA") | U49: =SUMIF($K$9:$P$9,$L$9,K49:P49) -> 1795.64 | V49: =IF(U49=I49,"","FALTA")
A50: 3.2.10 | B50: =VLOOKUP($A50,Orçamento!$A$9:$J$108,4,0) -> CONCRETAGEM DE VIGAS E LAJES, FCK=25 MPA, PARA QUALQUER TIPO DE LAJE COM BALDES EM EDIFICAÇÃO TÉRREA - LANÇAMENTO, ADENSAMENTO E ACABAMENTO. AF_02/2022 | C50: =IF(K50=0,"",CONCATENATE(K50," ",$F50)) | D50: =IF(M50=0,"",CONCATENATE(M50," ",$F50)) -> 1,58 M3 | E50: =IF(O50=0,"",CONCATENATE(O50," ",$F50)) | F50: =VLOOKUP($A50,Orçamento!$A$9:$J$108,5,0) -> M3 | G50: =VLOOKUP($A50,Orçamento!$A$9:$J$108,6,0) -> 1.58 | H50: =VLOOKUP($A50,Orçamento!$A$9:$J$108,8,0) -> 1331.16 | I50: =VLOOKUP($A50,Orçamento!$A$9:$J$108,10,0) -> 2103.23 | L50: =IF(K50=0,"",TRUNC($H50*K50,2)) | M50: =G50 -> 1.58 | N50: =IF(M50=0,"",TRUNC($H50*M50,2)) -> 2103.23 | P50: =IF(O50=0,"",TRUNC($H50*O50,2)) | S50: =SUMIF($K$9:$P$9,$K$9,K50:P50) -> 1.58 | T50: =IF(S50=G50,"","FALTA") | U50: =SUMIF($K$9:$P$9,$L$9,K50:P50) -> 2103.23 | V50: =IF(U50=I50,"","FALTA")
A51: 3.2.11 | B51: =VLOOKUP($A51,Orçamento!$A$9:$J$108,4,0) -> ACABAMENTO POLIDO PARA PISO DE CONCRETO ARMADO DE ALTA RESISTÊNCIA. AF_07/2026 | C51: =IF(K51=0,"",CONCATENATE(K51," ",$F51)) | D51: =IF(M51=0,"",CONCATENATE(M51," ",$F51)) -> 14,42 M2 | E51: =IF(O51=0,"",CONCATENATE(O51," ",$F51)) | F51: =VLOOKUP($A51,Orçamento!$A$9:$J$108,5,0) -> M2 | G51: =VLOOKUP($A51,Orçamento!$A$9:$J$108,6,0) -> 14.42 | H51: =VLOOKUP($A51,Orçamento!$A$9:$J$108,8,0) -> 46.53 | I51: =VLOOKUP($A51,Orçamento!$A$9:$J$108,10,0) -> 670.96 | L51: =IF(K51=0,"",TRUNC($H51*K51,2)) | M51: =G51 -> 14.42 | N51: =IF(M51=0,"",TRUNC($H51*M51,2)) -> 670.96 | P51: =IF(O51=0,"",TRUNC($H51*O51,2)) | S51: =SUMIF($K$9:$P$9,$K$9,K51:P51) -> 14.42 | T51: =IF(S51=G51,"","FALTA") | U51: =SUMIF($K$9:$P$9,$L$9,K51:P51) -> 670.96 | V51: =IF(U51=I51,"","FALTA")
A52: 3.2.12 | B52: =VLOOKUP($A52,Orçamento!$A$9:$J$108,4,0) -> ESCADA EM CONCRETO ARMADO MOLDADO IN LOCO, FCK 25 MPA, COM 1 LANCE E LAJE PLANA, FÔRMA EM CHAPA DE MADEIRA COMPENSADA RESINADA. AF_11/2020 | C52: =IF(K52=0,"",CONCATENATE(K52," ",$F52)) | D52: =IF(M52=0,"",CONCATENATE(M52," ",$F52)) -> 0,24 M3 | E52: =IF(O52=0,"",CONCATENATE(O52," ",$F52)) | F52: =VLOOKUP($A52,Orçamento!$A$9:$J$108,5,0) -> M3 | G52: =VLOOKUP($A52,Orçamento!$A$9:$J$108,6,0) -> 0.24 | H52: =VLOOKUP($A52,Orçamento!$A$9:$J$108,8,0) -> 4919.37 | I52: =VLOOKUP($A52,Orçamento!$A$9:$J$108,10,0) -> 1180.64 | L52: =IF(K52=0,"",TRUNC($H52*K52,2)) | M52: 0.24 | N52: =IF(M52=0,"",TRUNC($H52*M52,2)) -> 1180.64 | P52: =IF(O52=0,"",TRUNC($H52*O52,2)) | S52: =SUMIF($K$9:$P$9,$K$9,K52:P52) -> 0.24 | T52: =IF(S52=G52,"","FALTA") | U52: =SUMIF($K$9:$P$9,$L$9,K52:P52) -> 1180.64 | V52: =IF(U52=I52,"","FALTA")
A54: 3.3 | B54: =VLOOKUP($A54,Orçamento!$A$9:$J$108,4,0) -> REVESTIMENTOS ARGAMASSADOS | D54: EVENTO 9 | E54: EVENTO 10 | L54: =SUM(L55:L56) -> 0 | N54: =SUM(N55:N56) -> 1416.47 | P54: =SUM(P55:P56) -> 0
A55: 3.3.1 | B55: =VLOOKUP($A55,Orçamento!$A$9:$J$108,4,0) -> CHAPISCO APLICADO EM ALVENARIA (SEM PRESENÇA DE VÃOS) E ESTRUTURAS DE CONCRETO DE FACHADA, COM COLHER DE PEDREIRO. ARGAMASSA TRAÇO 1:3 COM PREPARO MANUAL. AF_10/2022 | C55: =IF(K55=0,"",CONCATENATE(K55," ",$F55)) | D55: =IF(M55=0,"",CONCATENATE(M55," ",$F55)) -> 17,86 M2 | E55: =IF(O55=0,"",CONCATENATE(O55," ",$F55)) | F55: =VLOOKUP($A55,Orçamento!$A$9:$J$108,5,0) -> M2 | G55: =VLOOKUP($A55,Orçamento!$A$9:$J$108,6,0) -> 17.86 | H55: =VLOOKUP($A55,Orçamento!$A$9:$J$108,8,0) -> 11.76 | I55: =VLOOKUP($A55,Orçamento!$A$9:$J$108,10,0) -> 210.03 | L55: =IF(K55=0,"",TRUNC($H55*K55,2)) | M55: =G55 -> 17.86 | N55: =IF(M55=0,"",TRUNC($H55*M55,2)) -> 210.03 | P55: =IF(O55=0,"",TRUNC($H55*O55,2)) | S55: =SUMIF($K$9:$P$9,$K$9,K55:P55) -> 17.86 | T55: =IF(S55=G55,"","FALTA") | U55: =SUMIF($K$9:$P$9,$L$9,K55:P55) -> 210.03 | V55: =IF(U55=I55,"","FALTA")
A56: 3.3.2 | B56: =VLOOKUP($A56,Orçamento!$A$9:$J$108,4,0) -> EMBOÇO OU MASSA ÚNICA EM ARGAMASSA TRAÇO 1:2:8, PREPARO MANUAL, APLICADA MANUALMENTE EM PANOS CEGOS DE FACHADA (SEM PRESENÇA DE VÃOS), ESPESSURA DE 25 MM. AF_09/2022 | C56: =IF(K56=0,"",CONCATENATE(K56," ",$F56)) | D56: =IF(M56=0,"",CONCATENATE(M56," ",$F56)) -> 17,86 M2 | E56: =IF(O56=0,"",CONCATENATE(O56," ",$F56)) | F56: =VLOOKUP($A56,Orçamento!$A$9:$J$108,5,0) -> M2 | G56: =VLOOKUP($A56,Orçamento!$A$9:$J$108,6,0) -> 17.86 | H56: =VLOOKUP($A56,Orçamento!$A$9:$J$108,8,0) -> 67.55 | I56: =VLOOKUP($A56,Orçamento!$A$9:$J$108,10,0) -> 1206.44 | L56: =IF(K56=0,"",TRUNC($H56*K56,2)) | M56: =G56 -> 17.86 | N56: =IF(M56=0,"",TRUNC($H56*M56,2)) -> 1206.44 | P56: =IF(O56=0,"",TRUNC($H56*O56,2)) | S56: =SUMIF($K$9:$P$9,$K$9,K56:P56) -> 17.86 | T56: =IF(S56=G56,"","FALTA") | U56: =SUMIF($K$9:$P$9,$L$9,K56:P56) -> 1206.44 | V56: =IF(U56=I56,"","FALTA")
A58: 3.4 | B58: =VLOOKUP($A58,Orçamento!$A$9:$J$108,4,0) -> PINTURA | D58: EVENTO 9 | E58: EVENTO 10 | L58: =SUM(L59:L61) -> 0 | N58: =SUM(N59:N61) -> 0 | P58: =SUM(P59:P61) -> 912.27
A59: 3.4.1 | B59: =VLOOKUP($A59,Orçamento!$A$9:$J$108,4,0) -> APLICAÇÃO MANUAL DE MASSA ACRÍLICA EM PAREDES EXTERNAS DE CASAS, UMA DEMÃO. AF_03/2024 | C59: =IF(K59=0,"",CONCATENATE(K59," ",$F59)) | D59: =IF(M59=0,"",CONCATENATE(M59," ",$F59)) | E59: =IF(O59=0,"",CONCATENATE(O59," ",$F59)) -> 17,86 M2 | F59: =VLOOKUP($A59,Orçamento!$A$9:$J$108,5,0) -> M2 | G59: =VLOOKUP($A59,Orçamento!$A$9:$J$108,6,0) -> 17.86 | H59: =VLOOKUP($A59,Orçamento!$A$9:$J$108,8,0) -> 30.29 | I59: =VLOOKUP($A59,Orçamento!$A$9:$J$108,10,0) -> 540.97 | L59: =IF(K59=0,"",TRUNC($H59*K59,2)) | N59: =IF(M59=0,"",TRUNC($H59*M59,2)) | O59: 17.86 | P59: =IF(O59=0,"",TRUNC($H59*O59,2)) -> 540.97 | S59: =SUMIF($K$9:$P$9,$K$9,K59:P59) -> 17.86 | T59: =IF(S59=G59,"","FALTA") | U59: =SUMIF($K$9:$P$9,$L$9,K59:P59) -> 540.97 | V59: =IF(U59=I59,"","FALTA")
A60: 3.4.2 | B60: =VLOOKUP($A60,Orçamento!$A$9:$J$108,4,0) -> FUNDO SELADOR ACRÍLICO, APLICAÇÃO MANUAL EM PAREDE, UMA DEMÃO. AF_04/2023 | C60: =IF(K60=0,"",CONCATENATE(K60," ",$F60)) | D60: =IF(M60=0,"",CONCATENATE(M60," ",$F60)) | E60: =IF(O60=0,"",CONCATENATE(O60," ",$F60)) -> 17,86 M2 | F60: =VLOOKUP($A60,Orçamento!$A$9:$J$108,5,0) -> M2 | G60: =VLOOKUP($A60,Orçamento!$A$9:$J$108,6,0) -> 17.86 | H60: =VLOOKUP($A60,Orçamento!$A$9:$J$108,8,0) -> 6.38 | I60: =VLOOKUP($A60,Orçamento!$A$9:$J$108,10,0) -> 113.94 | L60: =IF(K60=0,"",TRUNC($H60*K60,2)) | N60: =IF(M60=0,"",TRUNC($H60*M60,2)) | O60: 17.86 | P60: =IF(O60=0,"",TRUNC($H60*O60,2)) -> 113.94 | S60: =SUMIF($K$9:$P$9,$K$9,K60:P60) -> 17.86 | T60: =IF(S60=G60,"","FALTA") | U60: =SUMIF($K$9:$P$9,$L$9,K60:P60) -> 113.94 | V60: =IF(U60=I60,"","FALTA")
A61: 3.4.3 | B61: =VLOOKUP($A61,Orçamento!$A$9:$J$108,4,0) -> PINTURA LÁTEX ACRÍLICA ECONÔMICA, APLICAÇÃO MANUAL EM PAREDES, DUAS DEMÃOS. AF_04/2023 | C61: =IF(K61=0,"",CONCATENATE(K61," ",$F61)) | D61: =IF(M61=0,"",CONCATENATE(M61," ",$F61)) | E61: =IF(O61=0,"",CONCATENATE(O61," ",$F61)) -> 17,86 M2 | F61: =VLOOKUP($A61,Orçamento!$A$9:$J$108,5,0) -> M2 | G61: =VLOOKUP($A61,Orçamento!$A$9:$J$108,6,0) -> 17.86 | H61: =VLOOKUP($A61,Orçamento!$A$9:$J$108,8,0) -> 14.41 | I61: =VLOOKUP($A61,Orçamento!$A$9:$J$108,10,0) -> 257.36 | L61: =IF(K61=0,"",TRUNC($H61*K61,2)) | N61: =IF(M61=0,"",TRUNC($H61*M61,2)) | O61: =G61 -> 17.86 | P61: =IF(O61=0,"",TRUNC($H61*O61,2)) -> 257.36 | S61: =SUMIF($K$9:$P$9,$K$9,K61:P61) -> 17.86 | T61: =IF(S61=G61,"","FALTA") | U61: =SUMIF($K$9:$P$9,$L$9,K61:P61) -> 257.36 | V61: =IF(U61=I61,"","FALTA")
A63: 3.5 | B63: =VLOOKUP($A63,Orçamento!$A$9:$J$108,4,0) -> ALAMBRADO | D63: EVENTO 9 | E63: EVENTO 10 | L63: =SUM(L64:L67) -> 0 | N63: =SUM(N64:N67) -> 29084.83 | P63: =SUM(P64:P67) -> 10521.16
A64: 3.5.1 | B64: =VLOOKUP($A64,Orçamento!$A$9:$J$108,4,0) -> Broca em concreto armado diâmetro de 20 cm - completa | C64: =IF(K64=0,"",CONCATENATE(K64," ",$F64)) | D64: =IF(M64=0,"",CONCATENATE(M64," ",$F64)) -> 28 M | E64: =IF(O64=0,"",CONCATENATE(O64," ",$F64)) | F64: =VLOOKUP($A64,Orçamento!$A$9:$J$108,5,0) -> M | G64: =VLOOKUP($A64,Orçamento!$A$9:$J$108,6,0) -> 28 | H64: =VLOOKUP($A64,Orçamento!$A$9:$J$108,8,0) -> 93.23 | I64: =VLOOKUP($A64,Orçamento!$A$9:$J$108,10,0) -> 2610.44 | L64: =IF(K64=0,"",TRUNC($H64*K64,2)) | M64: 28 | N64: =IF(M64=0,"",TRUNC($H64*M64,2)) -> 2610.44 | P64: =IF(O64=0,"",TRUNC($H64*O64,2)) | S64: =SUMIF($K$9:$P$9,$K$9,K64:P64) -> 28 | T64: =IF(S64=G64,"","FALTA") | U64: =SUMIF($K$9:$P$9,$L$9,K64:P64) -> 2610.44 | V64: =IF(U64=I64,"","FALTA")
A65: 3.5.2 | B65: =VLOOKUP($A65,Orçamento!$A$9:$J$108,4,0) -> GRADIL DE FERRO GALVANIZADO ELETROFUNDIDO - BARRA 25X2MM - MALHA 65X132MM - MONTANTE COM DISTÂNCIA DE 1650MM - COM PINTURA | C65: =IF(K65=0,"",CONCATENATE(K65," ",$F65)) | D65: =IF(M65=0,"",CONCATENATE(M65," ",$F65)) -> 61,06 M2 | E65: =IF(O65=0,"",CONCATENATE(O65," ",$F65)) | F65: =VLOOKUP($A65,Orçamento!$A$9:$J$108,5,0) -> M2 | G65: =VLOOKUP($A65,Orçamento!$A$9:$J$108,6,0) -> 61.06 | H65: =VLOOKUP($A65,Orçamento!$A$9:$J$108,8,0) -> 433.58 | I65: =VLOOKUP($A65,Orçamento!$A$9:$J$108,10,0) -> 26474.39 | L65: =IF(K65=0,"",TRUNC($H65*K65,2)) | M65: 61.06 | N65: =IF(M65=0,"",TRUNC($H65*M65,2)) -> 26474.39 | P65: =IF(O65=0,"",TRUNC($H65*O65,2)) | S65: =SUMIF($K$9:$P$9,$K$9,K65:P65) -> 61.06 | T65: =IF(S65=G65,"","FALTA") | U65: =SUMIF($K$9:$P$9,$L$9,K65:P65) -> 26474.39 | V65: =IF(U65=I65,"","FALTA")
A66: 3.5.3 | B66: =VLOOKUP($A66,Orçamento!$A$9:$J$108,4,0) -> PORTÃO EM FERRO GALVANIZADO ELETROFUNDIDO MALHA 65X132MM, DE ABRIR, 1 FOLHA, COM PINTURA ELETROLÍTICA | C66: =IF(K66=0,"",CONCATENATE(K66," ",$F66)) | D66: =IF(M66=0,"",CONCATENATE(M66," ",$F66)) | E66: =IF(O66=0,"",CONCATENATE(O66," ",$F66)) -> 1,89 M2 | F66: =VLOOKUP($A66,Orçamento!$A$9:$J$108,5,0) -> M2 | G66: =VLOOKUP($A66,Orçamento!$A$9:$J$108,6,0) -> 1.89 | H66: =VLOOKUP($A66,Orçamento!$A$9:$J$108,8,0) -> 2055.87 | I66: =VLOOKUP($A66,Orçamento!$A$9:$J$108,10,0) -> 3885.59 | L66: =IF(K66=0,"",TRUNC($H66*K66,2)) | N66: =IF(M66=0,"",TRUNC($H66*M66,2)) | O66: 1.89 | P66: =IF(O66=0,"",TRUNC($H66*O66,2)) -> 3885.59 | S66: =SUMIF($K$9:$P$9,$K$9,K66:P66) -> 1.89 | T66: =IF(S66=G66,"","FALTA") | U66: =SUMIF($K$9:$P$9,$L$9,K66:P66) -> 3885.59 | V66: =IF(U66=I66,"","FALTA")
A67: 3.5.4 | B67: =VLOOKUP($A67,Orçamento!$A$9:$J$108,4,0) -> PORTÃO EM FERRO GALVANIZADO ELETROFUNDIDO MALHA 65X132MM, DE ABRIR, 2 FOLHAS, COM PINTURA ELETROLÍTICA | C67: =IF(K67=0,"",CONCATENATE(K67," ",$F67)) | D67: =IF(M67=0,"",CONCATENATE(M67," ",$F67)) | E67: =IF(O67=0,"",CONCATENATE(O67," ",$F67)) -> 3,18 M2 | F67: =VLOOKUP($A67,Orçamento!$A$9:$J$108,5,0) -> M2 | G67: =VLOOKUP($A67,Orçamento!$A$9:$J$108,6,0) -> 3.18 | H67: =VLOOKUP($A67,Orçamento!$A$9:$J$108,8,0) -> 2086.66 | I67: =VLOOKUP($A67,Orçamento!$A$9:$J$108,10,0) -> 6635.57 | L67: =IF(K67=0,"",TRUNC($H67*K67,2)) | N67: =IF(M67=0,"",TRUNC($H67*M67,2)) | O67: 3.18 | P67: =IF(O67=0,"",TRUNC($H67*O67,2)) -> 6635.57 | S67: =SUMIF($K$9:$P$9,$K$9,K67:P67) -> 3.18 | T67: =IF(S67=G67,"","FALTA") | U67: =SUMIF($K$9:$P$9,$L$9,K67:P67) -> 6635.57 | V67: =IF(U67=I67,"","FALTA")
A69: 4 | B69: =VLOOKUP($A69,Orçamento!$A$9:$J$108,4,0) -> REVITALIZAÇÃO E ACESSIBILIDADE
A70: 4.1 | B70: =VLOOKUP($A70,Orçamento!$A$9:$J$108,4,0) -> ACESSIBILIDADE E PROTEÇÃO | D70: EVENTO 11 | E70: EVENTO 12 | L70: =SUM(L71:L76) -> 0 | N70: =SUM(N71:N76) -> 2289.3 | P70: =SUM(P71:P76) -> 1721.65
A71: 4.1.1 | B71: =VLOOKUP($A71,Orçamento!$A$9:$J$108,4,0) -> GRADIL DE FERRO GALVANIZADO ELETROFUNDIDO - BARRA 25X2MM - MALHA 65X132MM - MONTANTE COM DISTÂNCIA DE 1650MM - COM PINTURA | C71: =IF(K71=0,"",CONCATENATE(K71," ",$F71)) | D71: =IF(M71=0,"",CONCATENATE(M71," ",$F71)) -> 5,28 M2 | E71: =IF(O71=0,"",CONCATENATE(O71," ",$F71)) | F71: =VLOOKUP($A71,Orçamento!$A$9:$J$108,5,0) -> M2 | G71: =VLOOKUP($A71,Orçamento!$A$9:$J$108,6,0) -> 5.28 | H71: =VLOOKUP($A71,Orçamento!$A$9:$J$108,8,0) -> 433.58 | I71: =VLOOKUP($A71,Orçamento!$A$9:$J$108,10,0) -> 2289.3 | L71: =IF(K71=0,"",TRUNC($H71*K71,2)) | M71: =G71 -> 5.28 | N71: =IF(M71=0,"",TRUNC($H71*M71,2)) -> 2289.3 | P71: =IF(O71=0,"",TRUNC($H71*O71,2)) | S71: =SUMIF($K$9:$P$9,$K$9,K71:P71) -> 5.28 | T71: =IF(S71=G71,"","FALTA") | U71: =SUMIF($K$9:$P$9,$L$9,K71:P71) -> 2289.3 | V71: =IF(U71=I71,"","FALTA")
A72: 4.1.2 | B72: =VLOOKUP($A72,Orçamento!$A$9:$J$108,4,0) -> CORRIMÃO SIMPLES FIXADO EM PAREDE, DIÂMETRO EXTERNO = 1 1/2", EM AÇO GALVANIZADO. AF_10/2025 | C72: =IF(K72=0,"",CONCATENATE(K72," ",$F72)) | D72: =IF(M72=0,"",CONCATENATE(M72," ",$F72)) | E72: =IF(O72=0,"",CONCATENATE(O72," ",$F72)) -> 8,16 M | F72: =VLOOKUP($A72,Orçamento!$A$9:$J$108,5,0) -> M | G72: =VLOOKUP($A72,Orçamento!$A$9:$J$108,6,0) -> 8.16 | H72: =VLOOKUP($A72,Orçamento!$A$9:$J$108,8,0) -> 120.37 | I72: =VLOOKUP($A72,Orçamento!$A$9:$J$108,10,0) -> 982.21 | L72: =IF(K72=0,"",TRUNC($H72*K72,2)) | N72: =IF(M72=0,"",TRUNC($H72*M72,2)) | O72: =G72 -> 8.16 | P72: =IF(O72=0,"",TRUNC($H72*O72,2)) -> 982.21 | S72: =SUMIF($K$9:$P$9,$K$9,K72:P72) -> 8.16 | T72: =IF(S72=G72,"","FALTA") | U72: =SUMIF($K$9:$P$9,$L$9,K72:P72) -> 982.21 | V72: =IF(U72=I72,"","FALTA")
A73: 4.1.3 | B73: =VLOOKUP($A73,Orçamento!$A$9:$J$108,4,0) -> Placa para sinalização tátil (início ou final) em braile para corrimão | C73: =IF(K73=0,"",CONCATENATE(K73," ",$F73)) | D73: =IF(M73=0,"",CONCATENATE(M73," ",$F73)) | E73: =IF(O73=0,"",CONCATENATE(O73," ",$F73)) -> 4 UN | F73: =VLOOKUP($A73,Orçamento!$A$9:$J$108,5,0) -> UN | G73: =VLOOKUP($A73,Orçamento!$A$9:$J$108,6,0) -> 4 | H73: =VLOOKUP($A73,Orçamento!$A$9:$J$108,8,0) -> 14.72 | I73: =VLOOKUP($A73,Orçamento!$A$9:$J$108,10,0) -> 58.88 | L73: =IF(K73=0,"",TRUNC($H73*K73,2)) | N73: =IF(M73=0,"",TRUNC($H73*M73,2)) | O73: =G73 -> 4 | P73: =IF(O73=0,"",TRUNC($H73*O73,2)) -> 58.88 | S73: =SUMIF($K$9:$P$9,$K$9,K73:P73) -> 4 | T73: =IF(S73=G73,"","FALTA") | U73: =SUMIF($K$9:$P$9,$L$9,K73:P73) -> 58.88 | V73: =IF(U73=I73,"","FALTA")
A74: 4.1.4 | B74: =VLOOKUP($A74,Orçamento!$A$9:$J$108,4,0) -> Piso em ladrilho hidráulico podotátil várias cores (25x25cm), assentado com argamassa mista | C74: =IF(K74=0,"",CONCATENATE(K74," ",$F74)) | D74: =IF(M74=0,"",CONCATENATE(M74," ",$F74)) | E74: =IF(O74=0,"",CONCATENATE(O74," ",$F74)) -> 2,61 M2 | F74: =VLOOKUP($A74,Orçamento!$A$9:$J$108,5,0) -> M2 | G74: =VLOOKUP($A74,Orçamento!$A$9:$J$108,6,0) -> 2.61 | H74: =VLOOKUP($A74,Orçamento!$A$9:$J$108,8,0) -> 183.7 | I74: =VLOOKUP($A74,Orçamento!$A$9:$J$108,10,0) -> 479.45 | L74: =IF(K74=0,"",TRUNC($H74*K74,2)) | N74: =IF(M74=0,"",TRUNC($H74*M74,2)) | O74: =G74 -> 2.61 | P74: =IF(O74=0,"",TRUNC($H74*O74,2)) -> 479.45 | S74: =SUMIF($K$9:$P$9,$K$9,K74:P74) -> 2.61 | T74: =IF(S74=G74,"","FALTA") | U74: =SUMIF($K$9:$P$9,$L$9,K74:P74) -> 479.45 | V74: =IF(U74=I74,"","FALTA")
A75: 4.1.5 | B75: =VLOOKUP($A75,Orçamento!$A$9:$J$108,4,0) -> Sinalização com pictograma em tinta acrílica | C75: =IF(K75=0,"",CONCATENATE(K75," ",$F75)) | D75: =IF(M75=0,"",CONCATENATE(M75," ",$F75)) | E75: =IF(O75=0,"",CONCATENATE(O75," ",$F75)) -> 1 UN | F75: =VLOOKUP($A75,Orçamento!$A$9:$J$108,5,0) -> UN | G75: =VLOOKUP($A75,Orçamento!$A$9:$J$108,6,0) -> 1 | H75: =VLOOKUP($A75,Orçamento!$A$9:$J$108,8,0) -> 93.59 | I75: =VLOOKUP($A75,Orçamento!$A$9:$J$108,10,0) -> 93.59 | L75: =IF(K75=0,"",TRUNC($H75*K75,2)) | N75: =IF(M75=0,"",TRUNC($H75*M75,2)) | O75: =G75 -> 1 | P75: =IF(O75=0,"",TRUNC($H75*O75,2)) -> 93.59 | S75: =SUMIF($K$9:$P$9,$K$9,K75:P75) -> 1 | T75: =IF(S75=G75,"","FALTA") | U75: =SUMIF($K$9:$P$9,$L$9,K75:P75) -> 93.59 | V75: =IF(U75=I75,"","FALTA")
A76: 4.1.6 | B76: =VLOOKUP($A76,Orçamento!$A$9:$J$108,4,0) -> SINALIZAÇÃO VISUAL DE DEGRAUS PARA DEFICIENTE VISUAL | C76: =IF(K76=0,"",CONCATENATE(K76," ",$F76)) | D76: =IF(M76=0,"",CONCATENATE(M76," ",$F76)) | E76: =IF(O76=0,"",CONCATENATE(O76," ",$F76)) -> 12 UN | F76: =VLOOKUP($A76,Orçamento!$A$9:$J$108,5,0) -> UN | G76: =VLOOKUP($A76,Orçamento!$A$9:$J$108,6,0) -> 12 | H76: =VLOOKUP($A76,Orçamento!$A$9:$J$108,8,0) -> 8.96 | I76: =VLOOKUP($A76,Orçamento!$A$9:$J$108,10,0) -> 107.52 | L76: =IF(K76=0,"",TRUNC($H76*K76,2)) | N76: =IF(M76=0,"",TRUNC($H76*M76,2)) | O76: =G76 -> 12 | P76: =IF(O76=0,"",TRUNC($H76*O76,2)) -> 107.52 | S76: =SUMIF($K$9:$P$9,$K$9,K76:P76) -> 12 | T76: =IF(S76=G76,"","FALTA") | U76: =SUMIF($K$9:$P$9,$L$9,K76:P76) -> 107.52 | V76: =IF(U76=I76,"","FALTA")
A78: 4.2 | B78: =VLOOKUP($A78,Orçamento!$A$9:$J$108,4,0) -> PASSEIO INTERNO | C78: EVENTO 13 | D78: EVENTO 14 | L78: =SUM(L79:L84) -> 150.41 | N78: =SUM(N79:N84) -> 1959.86 | P78: =SUM(P79:P84) -> 0
A79: 4.2.1 | B79: =VLOOKUP($A79,Orçamento!$A$9:$J$108,4,0) -> Escavação manual em solo de 1ª e 2ª categoria em vala ou cava até 1,5 m | C79: =IF(K79=0,"",CONCATENATE(K79," ",$F79)) -> 1,46 M3 | D79: =IF(M79=0,"",CONCATENATE(M79," ",$F79)) | E79: =IF(O79=0,"",CONCATENATE(O79," ",$F79)) | F79: =VLOOKUP($A79,Orçamento!$A$9:$J$108,5,0) -> M3 | G79: =VLOOKUP($A79,Orçamento!$A$9:$J$108,6,0) -> 1.46 | H79: =VLOOKUP($A79,Orçamento!$A$9:$J$108,8,0) -> 88.57 | I79: =VLOOKUP($A79,Orçamento!$A$9:$J$108,10,0) -> 129.31 | K79: =G79 -> 1.46 | L79: =IF(K79=0,"",TRUNC($H79*K79,2)) -> 129.31 | N79: =IF(M79=0,"",TRUNC($H79*M79,2)) | P79: =IF(O79=0,"",TRUNC($H79*O79,2)) | S79: =SUMIF($K$9:$P$9,$K$9,K79:P79) -> 1.46 | T79: =IF(S79=G79,"","FALTA") | U79: =SUMIF($K$9:$P$9,$L$9,K79:P79) -> 129.31 | V79: =IF(U79=I79,"","FALTA")
A80: 4.2.2 | B80: =VLOOKUP($A80,Orçamento!$A$9:$J$108,4,0) -> COMPACTAÇÃO MECÂNICA DE SOLO PARA EXECUÇÃO DE RADIER, PISO DE CONCRETO OU LAJE SOBRE SOLO, COM COMPACTADOR DE SOLOS TIPO PLACA VIBRATÓRIA. AF_07/2026 | C80: =IF(K80=0,"",CONCATENATE(K80," ",$F80)) -> 15,75 M2 | D80: =IF(M80=0,"",CONCATENATE(M80," ",$F80)) | E80: =IF(O80=0,"",CONCATENATE(O80," ",$F80)) | F80: =VLOOKUP($A80,Orçamento!$A$9:$J$108,5,0) -> M2 | G80: =VLOOKUP($A80,Orçamento!$A$9:$J$108,6,0) -> 15.75 | H80: =VLOOKUP($A80,Orçamento!$A$9:$J$108,8,0) -> 1.34 | I80: =VLOOKUP($A80,Orçamento!$A$9:$J$108,10,0) -> 21.1 | K80: =G80 -> 15.75 | L80: =IF(K80=0,"",TRUNC($H80*K80,2)) -> 21.1 | N80: =IF(M80=0,"",TRUNC($H80*M80,2)) | P80: =IF(O80=0,"",TRUNC($H80*O80,2)) | S80: =SUMIF($K$9:$P$9,$K$9,K80:P80) -> 15.75 | T80: =IF(S80=G80,"","FALTA") | U80: =SUMIF($K$9:$P$9,$L$9,K80:P80) -> 21.1 | V80: =IF(U80=I80,"","FALTA")
A81: 4.2.3 | B81: =VLOOKUP($A81,Orçamento!$A$9:$J$108,4,0) -> Lastro de pedra britada | C81: =IF(K81=0,"",CONCATENATE(K81," ",$F81)) | D81: =IF(M81=0,"",CONCATENATE(M81," ",$F81)) -> 0,79 M3 | E81: =IF(O81=0,"",CONCATENATE(O81," ",$F81)) | F81: =VLOOKUP($A81,Orçamento!$A$9:$J$108,5,0) -> M3 | G81: =VLOOKUP($A81,Orçamento!$A$9:$J$108,6,0) -> 0.79 | H81: =VLOOKUP($A81,Orçamento!$A$9:$J$108,8,0) -> 276.87 | I81: =VLOOKUP($A81,Orçamento!$A$9:$J$108,10,0) -> 218.72 | L81: =IF(K81=0,"",TRUNC($H81*K81,2)) | M81: =G81 -> 0.79 | N81: =IF(M81=0,"",TRUNC($H81*M81,2)) -> 218.72 | P81: =IF(O81=0,"",TRUNC($H81*O81,2)) | S81: =SUMIF($K$9:$P$9,$K$9,K81:P81) -> 0.79 | T81: =IF(S81=G81,"","FALTA") | U81: =SUMIF($K$9:$P$9,$L$9,K81:P81) -> 218.72 | V81: =IF(U81=I81,"","FALTA")
A82: 4.2.4 | B82: =VLOOKUP($A82,Orçamento!$A$9:$J$108,4,0) -> ARMAÇÃO PARA EXECUÇÃO DE RADIER, PISO DE CONCRETO OU LAJE SOBRE SOLO, COM USO DE TELA Q-92. AF_07/2026 | C82: =IF(K82=0,"",CONCATENATE(K82," ",$F82)) | D82: =IF(M82=0,"",CONCATENATE(M82," ",$F82)) -> 25,64 KG | E82: =IF(O82=0,"",CONCATENATE(O82," ",$F82)) | F82: =VLOOKUP($A82,Orçamento!$A$9:$J$108,5,0) -> KG | G82: =VLOOKUP($A82,Orçamento!$A$9:$J$108,6,0) -> 25.64 | H82: =VLOOKUP($A82,Orçamento!$A$9:$J$108,8,0) -> 18.41 | I82: =VLOOKUP($A82,Orçamento!$A$9:$J$108,10,0) -> 472.03 | L82: =IF(K82=0,"",TRUNC($H82*K82,2)) | M82: =G82 -> 25.64 | N82: =IF(M82=0,"",TRUNC($H82*M82,2)) -> 472.03 | P82: =IF(O82=0,"",TRUNC($H82*O82,2)) | S82: =SUMIF($K$9:$P$9,$K$9,K82:P82) -> 25.64 | T82: =IF(S82=G82,"","FALTA") | U82: =SUMIF($K$9:$P$9,$L$9,K82:P82) -> 472.03 | V82: =IF(U82=I82,"","FALTA")
A83: 4.2.5 | B83: =VLOOKUP($A83,Orçamento!$A$9:$J$108,4,0) -> EXECUÇÃO DE PASSEIO (CALÇADA) OU PISO DE CONCRETO COM CONCRETO MOLDADO IN LOCO, USINADO C25, ACABAMENTO CONVENCIONAL, NÃO ARMADO. AF_03/2023 | C83: =IF(K83=0,"",CONCATENATE(K83," ",$F83)) | D83: =IF(M83=0,"",CONCATENATE(M83," ",$F83)) -> 1,26 M3 | E83: =IF(O83=0,"",CONCATENATE(O83," ",$F83)) | F83: =VLOOKUP($A83,Orçamento!$A$9:$J$108,5,0) -> M3 | G83: =VLOOKUP($A83,Orçamento!$A$9:$J$108,6,0) -> 1.26 | H83: =VLOOKUP($A83,Orçamento!$A$9:$J$108,8,0) -> 934.17 | I83: =VLOOKUP($A83,Orçamento!$A$9:$J$108,10,0) -> 1177.05 | L83: =IF(K83=0,"",TRUNC($H83*K83,2)) | M83: =G83 -> 1.26 | N83: =IF(M83=0,"",TRUNC($H83*M83,2)) -> 1177.05 | P83: =IF(O83=0,"",TRUNC($H83*O83,2)) | S83: =SUMIF($K$9:$P$9,$K$9,K83:P83) -> 1.26 | T83: =IF(S83=G83,"","FALTA") | U83: =SUMIF($K$9:$P$9,$L$9,K83:P83) -> 1177.05 | V83: =IF(U83=I83,"","FALTA")
A84: 4.2.6 | B84: =VLOOKUP($A84,Orçamento!$A$9:$J$108,4,0) -> Corte de junta de dilatação, com serra de disco diamantado para pisos | C84: =IF(K84=0,"",CONCATENATE(K84," ",$F84)) | D84: =IF(M84=0,"",CONCATENATE(M84," ",$F84)) -> 6,15 M | E84: =IF(O84=0,"",CONCATENATE(O84," ",$F84)) | F84: =VLOOKUP($A84,Orçamento!$A$9:$J$108,5,0) -> M | G84: =VLOOKUP($A84,Orçamento!$A$9:$J$108,6,0) -> 6.15 | H84: =VLOOKUP($A84,Orçamento!$A$9:$J$108,8,0) -> 14.97 | I84: =VLOOKUP($A84,Orçamento!$A$9:$J$108,10,0) -> 92.06 | L84: =IF(K84=0,"",TRUNC($H84*K84,2)) | M84: =G84 -> 6.15 | N84: =IF(M84=0,"",TRUNC($H84*M84,2)) -> 92.06 | P84: =IF(O84=0,"",TRUNC($H84*O84,2)) | S84: =SUMIF($K$9:$P$9,$K$9,K84:P84) -> 6.15 | T84: =IF(S84=G84,"","FALTA") | U84: =SUMIF($K$9:$P$9,$L$9,K84:P84) -> 92.06 | V84: =IF(U84=I84,"","FALTA")
A86: 4.3 | B86: =VLOOKUP($A86,Orçamento!$A$9:$J$108,4,0) -> REVITALIZAÇÃO DE OBSTÁCULOS | D86: EVENTO 15 | L86: =SUM(L87:L91) -> 0 | N86: =SUM(N87:N91) -> 5873.26 | P86: =SUM(P87:P91) -> 0
A87: 4.3.1 | B87: =VLOOKUP($A87,Orçamento!$A$9:$J$108,4,0) -> Remoção de pintura em massa com lixamento | C87: =IF(K87=0,"",CONCATENATE(K87," ",$F87)) | D87: =IF(M87=0,"",CONCATENATE(M87," ",$F87)) -> 59,06 M2 | E87: =IF(O87=0,"",CONCATENATE(O87," ",$F87)) | F87: =VLOOKUP($A87,Orçamento!$A$9:$J$108,5,0) -> M2 | G87: =VLOOKUP($A87,Orçamento!$A$9:$J$108,6,0) -> 59.06 | H87: =VLOOKUP($A87,Orçamento!$A$9:$J$108,8,0) -> 9.25 | I87: =VLOOKUP($A87,Orçamento!$A$9:$J$108,10,0) -> 546.3 | L87: =IF(K87=0,"",TRUNC($H87*K87,2)) | M87: =G87 -> 59.06 | N87: =IF(M87=0,"",TRUNC($H87*M87,2)) -> 546.3 | P87: =IF(O87=0,"",TRUNC($H87*O87,2)) | S87: =SUMIF($K$9:$P$9,$K$9,K87:P87) -> 59.06 | T87: =IF(S87=G87,"","FALTA") | U87: =SUMIF($K$9:$P$9,$L$9,K87:P87) -> 546.3 | V87: =IF(U87=I87,"","FALTA")
A88: 4.3.2 | B88: =VLOOKUP($A88,Orçamento!$A$9:$J$108,4,0) -> FUNDO SELADOR ACRÍLICO, APLICAÇÃO MANUAL EM PAREDE, UMA DEMÃO. AF_04/2023 | C88: =IF(K88=0,"",CONCATENATE(K88," ",$F88)) | D88: =IF(M88=0,"",CONCATENATE(M88," ",$F88)) -> 59,06 M2 | E88: =IF(O88=0,"",CONCATENATE(O88," ",$F88)) | F88: =VLOOKUP($A88,Orçamento!$A$9:$J$108,5,0) -> M2 | G88: =VLOOKUP($A88,Orçamento!$A$9:$J$108,6,0) -> 59.06 | H88: =VLOOKUP($A88,Orçamento!$A$9:$J$108,8,0) -> 6.38 | I88: =VLOOKUP($A88,Orçamento!$A$9:$J$108,10,0) -> 376.8 | L88: =IF(K88=0,"",TRUNC($H88*K88,2)) | M88: =G88 -> 59.06 | N88: =IF(M88=0,"",TRUNC($H88*M88,2)) -> 376.8 | P88: =IF(O88=0,"",TRUNC($H88*O88,2)) | S88: =SUMIF($K$9:$P$9,$K$9,K88:P88) -> 59.06 | T88: =IF(S88=G88,"","FALTA") | U88: =SUMIF($K$9:$P$9,$L$9,K88:P88) -> 376.8 | V88: =IF(U88=I88,"","FALTA")
A89: 4.3.3 | B89: =VLOOKUP($A89,Orçamento!$A$9:$J$108,4,0) -> PINTURA LÁTEX ACRÍLICA ECONÔMICA, APLICAÇÃO MANUAL EM PAREDES, DUAS DEMÃOS. AF_04/2023 | C89: =IF(K89=0,"",CONCATENATE(K89," ",$F89)) | D89: =IF(M89=0,"",CONCATENATE(M89," ",$F89)) -> 59,06 M2 | E89: =IF(O89=0,"",CONCATENATE(O89," ",$F89)) | F89: =VLOOKUP($A89,Orçamento!$A$9:$J$108,5,0) -> M2 | G89: =VLOOKUP($A89,Orçamento!$A$9:$J$108,6,0) -> 59.06 | H89: =VLOOKUP($A89,Orçamento!$A$9:$J$108,8,0) -> 14.41 | I89: =VLOOKUP($A89,Orçamento!$A$9:$J$108,10,0) -> 851.05 | L89: =IF(K89=0,"",TRUNC($H89*K89,2)) | M89: =G89 -> 59.06 | N89: =IF(M89=0,"",TRUNC($H89*M89,2)) -> 851.05 | P89: =IF(O89=0,"",TRUNC($H89*O89,2)) | S89: =SUMIF($K$9:$P$9,$K$9,K89:P89) -> 59.06 | T89: =IF(S89=G89,"","FALTA") | U89: =SUMIF($K$9:$P$9,$L$9,K89:P89) -> 851.05 | V89: =IF(U89=I89,"","FALTA")
A90: 4.3.4 | B90: =VLOOKUP($A90,Orçamento!$A$9:$J$108,4,0) -> Remoção de pintura em superfícies de madeira e/ou metálicas com lixamento | C90: =IF(K90=0,"",CONCATENATE(K90," ",$F90)) | D90: =IF(M90=0,"",CONCATENATE(M90," ",$F90)) -> 47,83 M2 | E90: =IF(O90=0,"",CONCATENATE(O90," ",$F90)) | F90: =VLOOKUP($A90,Orçamento!$A$9:$J$108,5,0) -> M2 | G90: =VLOOKUP($A90,Orçamento!$A$9:$J$108,6,0) -> 47.83 | H90: =VLOOKUP($A90,Orçamento!$A$9:$J$108,8,0) -> 13.55 | I90: =VLOOKUP($A90,Orçamento!$A$9:$J$108,10,0) -> 648.09 | L90: =IF(K90=0,"",TRUNC($H90*K90,2)) | M90: =G90 -> 47.83 | N90: =IF(M90=0,"",TRUNC($H90*M90,2)) -> 648.09 | P90: =IF(O90=0,"",TRUNC($H90*O90,2)) | S90: =SUMIF($K$9:$P$9,$K$9,K90:P90) -> 47.83 | T90: =IF(S90=G90,"","FALTA") | U90: =SUMIF($K$9:$P$9,$L$9,K90:P90) -> 648.09 | V90: =IF(U90=I90,"","FALTA")
A91: 4.3.5 | B91: =VLOOKUP($A91,Orçamento!$A$9:$J$108,4,0) -> Esmalte à base água em superfície metálica, inclusive preparo | C91: =IF(K91=0,"",CONCATENATE(K91," ",$F91)) | D91: =IF(M91=0,"",CONCATENATE(M91," ",$F91)) -> 50,52 M2 | E91: =IF(O91=0,"",CONCATENATE(O91," ",$F91)) | F91: =VLOOKUP($A91,Orçamento!$A$9:$J$108,5,0) -> M2 | G91: =VLOOKUP($A91,Orçamento!$A$9:$J$108,6,0) -> 50.52 | H91: =VLOOKUP($A91,Orçamento!$A$9:$J$108,8,0) -> 68.31 | I91: =VLOOKUP($A91,Orçamento!$A$9:$J$108,10,0) -> 3451.02 | L91: =IF(K91=0,"",TRUNC($H91*K91,2)) | M91: =G91 -> 50.52 | N91: =IF(M91=0,"",TRUNC($H91*M91,2)) -> 3451.02 | P91: =IF(O91=0,"",TRUNC($H91*O91,2)) | S91: =SUMIF($K$9:$P$9,$K$9,K91:P91) -> 50.52 | T91: =IF(S91=G91,"","FALTA") | U91: =SUMIF($K$9:$P$9,$L$9,K91:P91) -> 3451.02 | V91: =IF(U91=I91,"","FALTA")
A93: 5 | B93: =VLOOKUP($A93,Orçamento!$A$9:$J$108,4,0) -> ELÉTRICA
A94: 5.1 | B94: =VLOOKUP($A94,Orçamento!$A$9:$J$108,4,0) -> POSTES EXISTENTES | C94: EVENTO 16 | D94: EVENTO 17 | E94: EVENTO 18 | L94: =SUM(L95:L102) -> 9.17 | N94: =SUM(N95:N102) -> 328.8 | P94: =SUM(P95:P102) -> 216.06
A95: 5.1.1 | B95: =VLOOKUP($A95,Orçamento!$A$9:$J$108,4,0) -> Escavação manual em solo de 1ª e 2ª categoria em vala ou cava até 1,5 m | C95: =IF(K95=0,"",CONCATENATE(K95," ",$F95)) -> 0,08 M3 | D95: =IF(M95=0,"",CONCATENATE(M95," ",$F95)) | E95: =IF(O95=0,"",CONCATENATE(O95," ",$F95)) | F95: =VLOOKUP($A95,Orçamento!$A$9:$J$108,5,0) -> M3 | G95: =VLOOKUP($A95,Orçamento!$A$9:$J$108,6,0) -> 0.08 | H95: =VLOOKUP($A95,Orçamento!$A$9:$J$108,8,0) -> 88.57 | I95: =VLOOKUP($A95,Orçamento!$A$9:$J$108,10,0) -> 7.08 | K95: =G95 -> 0.08 | L95: =IF(K95=0,"",TRUNC($H95*K95,2)) -> 7.08 | N95: =IF(M95=0,"",TRUNC($H95*M95,2)) | P95: =IF(O95=0,"",TRUNC($H95*O95,2)) | S95: =SUMIF($K$9:$P$9,$K$9,K95:P95) -> 0.08 | T95: =IF(S95=G95,"","FALTA") | U95: =SUMIF($K$9:$P$9,$L$9,K95:P95) -> 7.08 | V95: =IF(U95=I95,"","FALTA")
A96: 5.1.2 | B96: =VLOOKUP($A96,Orçamento!$A$9:$J$108,4,0) -> PREPARO DE FUNDO DE VALA COM LARGURA MENOR QUE 1,5 M (ACERTO DO SOLO NATURAL), EM LOCAL COM NÍVEL BAIXO DE INTERFERÊNCIA. AF_01/2026 | C96: =IF(K96=0,"",CONCATENATE(K96," ",$F96)) -> 0,16 M2 | D96: =IF(M96=0,"",CONCATENATE(M96," ",$F96)) | E96: =IF(O96=0,"",CONCATENATE(O96," ",$F96)) | F96: =VLOOKUP($A96,Orçamento!$A$9:$J$108,5,0) -> M2 | G96: =VLOOKUP($A96,Orçamento!$A$9:$J$108,6,0) -> 0.16 | H96: =VLOOKUP($A96,Orçamento!$A$9:$J$108,8,0) -> 13.1 | I96: =VLOOKUP($A96,Orçamento!$A$9:$J$108,10,0) -> 2.09 | K96: =G96 -> 0.16 | L96: =IF(K96=0,"",TRUNC($H96*K96,2)) -> 2.09 | N96: =IF(M96=0,"",TRUNC($H96*M96,2)) | P96: =IF(O96=0,"",TRUNC($H96*O96,2)) | S96: =SUMIF($K$9:$P$9,$K$9,K96:P96) -> 0.16 | T96: =IF(S96=G96,"","FALTA") | U96: =SUMIF($K$9:$P$9,$L$9,K96:P96) -> 2.09 | V96: =IF(U96=I96,"","FALTA")
A97: 5.1.3 | B97: =VLOOKUP($A97,Orçamento!$A$9:$J$108,4,0) -> CAIXA ENTERRADA ELÉTRICA RETANGULAR, EM CONCRETO PRÉ-MOLDADO, FUNDO COM BRITA, DIMENSÕES INTERNAS: 0,4X0,4X0,4 M. AF_12/2020 | C97: =IF(K97=0,"",CONCATENATE(K97," ",$F97)) | D97: =IF(M97=0,"",CONCATENATE(M97," ",$F97)) -> 1 UN | E97: =IF(O97=0,"",CONCATENATE(O97," ",$F97)) | F97: =VLOOKUP($A97,Orçamento!$A$9:$J$108,5,0) -> UN | G97: =VLOOKUP($A97,Orçamento!$A$9:$J$108,6,0) -> 1 | H97: =VLOOKUP($A97,Orçamento!$A$9:$J$108,8,0) -> 309.49 | I97: =VLOOKUP($A97,Orçamento!$A$9:$J$108,10,0) -> 309.49 | L97: =IF(K97=0,"",TRUNC($H97*K97,2)) | M97: =G97 -> 1 | N97: =IF(M97=0,"",TRUNC($H97*M97,2)) -> 309.49 | P97: =IF(O97=0,"",TRUNC($H97*O97,2)) | S97: =SUMIF($K$9:$P$9,$K$9,K97:P97) -> 1 | T97: =IF(S97=G97,"","FALTA") | U97: =SUMIF($K$9:$P$9,$L$9,K97:P97) -> 309.49 | V97: =IF(U97=I97,"","FALTA")
A98: 5.1.4 | B98: =VLOOKUP($A98,Orçamento!$A$9:$J$108,4,0) -> Lastro de pedra britada | C98: =IF(K98=0,"",CONCATENATE(K98," ",$F98)) | D98: =IF(M98=0,"",CONCATENATE(M98," ",$F98)) -> 0,05 M3 | E98: =IF(O98=0,"",CONCATENATE(O98," ",$F98)) | F98: =VLOOKUP($A98,Orçamento!$A$9:$J$108,5,0) -> M3 | G98: =VLOOKUP($A98,Orçamento!$A$9:$J$108,6,0) -> 0.05 | H98: =VLOOKUP($A98,Orçamento!$A$9:$J$108,8,0) -> 276.87 | I98: =VLOOKUP($A98,Orçamento!$A$9:$J$108,10,0) -> 13.84 | L98: =IF(K98=0,"",TRUNC($H98*K98,2)) | M98: =G98 -> 0.05 | N98: =IF(M98=0,"",TRUNC($H98*M98,2)) -> 13.84 | P98: =IF(O98=0,"",TRUNC($H98*O98,2)) | S98: =SUMIF($K$9:$P$9,$K$9,K98:P98) -> 0.05 | T98: =IF(S98=G98,"","FALTA") | U98: =SUMIF($K$9:$P$9,$L$9,K98:P98) -> 13.84 | V98: =IF(U98=I98,"","FALTA")
A99: 5.1.5 | B99: =VLOOKUP($A99,Orçamento!$A$9:$J$108,4,0) -> CONCRETO FCK = 15MPA, TRAÇO 1:3,4:3,5 (EM MASSA SECA DE CIMENTO/ AREIA MÉDIA/ BRITA 1) - PREPARO MECÂNICO COM BETONEIRA 400 L. AF_05/2021 | C99: =IF(K99=0,"",CONCATENATE(K99," ",$F99)) | D99: =IF(M99=0,"",CONCATENATE(M99," ",$F99)) -> 0,01 M3 | E99: =IF(O99=0,"",CONCATENATE(O99," ",$F99)) | F99: =VLOOKUP($A99,Orçamento!$A$9:$J$108,5,0) -> M3 | G99: =VLOOKUP($A99,Orçamento!$A$9:$J$108,6,0) -> 0.01 | H99: =VLOOKUP($A99,Orçamento!$A$9:$J$108,8,0) -> 547.98 | I99: =VLOOKUP($A99,Orçamento!$A$9:$J$108,10,0) -> 5.47 | L99: =IF(K99=0,"",TRUNC($H99*K99,2)) | M99: =G99 -> 0.01 | N99: =IF(M99=0,"",TRUNC($H99*M99,2)) -> 5.47 | P99: =IF(O99=0,"",TRUNC($H99*O99,2)) | S99: =SUMIF($K$9:$P$9,$K$9,K99:P99) -> 0.01 | T99: =IF(S99=G99,"","FALTA") | U99: =SUMIF($K$9:$P$9,$L$9,K99:P99) -> 5.47 | V99: =IF(U99=I99,"","FALTA")
A100: 5.1.6 | B100: =VLOOKUP($A100,Orçamento!$A$9:$J$108,4,0) -> Cabo de cobre flexível de 3 x 1,5 mm², isolamento 0,6/1 kV - isolação HEPR 90°C | C100: =IF(K100=0,"",CONCATENATE(K100," ",$F100)) | D100: =IF(M100=0,"",CONCATENATE(M100," ",$F100)) | E100: =IF(O100=0,"",CONCATENATE(O100," ",$F100)) -> 8 M | F100: =VLOOKUP($A100,Orçamento!$A$9:$J$108,5,0) -> M | G100: =VLOOKUP($A100,Orçamento!$A$9:$J$108,6,0) -> 8 | H100: =VLOOKUP($A100,Orçamento!$A$9:$J$108,8,0) -> 9.47 | I100: =VLOOKUP($A100,Orçamento!$A$9:$J$108,10,0) -> 75.76 | L100: =IF(K100=0,"",TRUNC($H100*K100,2)) | N100: =IF(M100=0,"",TRUNC($H100*M100,2)) | O100: =G100 -> 8 | P100: =IF(O100=0,"",TRUNC($H100*O100,2)) -> 75.76 | S100: =SUMIF($K$9:$P$9,$K$9,K100:P100) -> 8 | T100: =IF(S100=G100,"","FALTA") | U100: =SUMIF($K$9:$P$9,$L$9,K100:P100) -> 75.76 | V100: =IF(U100=I100,"","FALTA")
A101: 5.1.7 | B101: =VLOOKUP($A101,Orçamento!$A$9:$J$108,4,0) -> HASTE DE ATERRAMENTO, DIÂMETRO 5/8", COM 3 METROS - FORNECIMENTO E INSTALAÇÃO. AF_08/2023 | C101: =IF(K101=0,"",CONCATENATE(K101," ",$F101)) | D101: =IF(M101=0,"",CONCATENATE(M101," ",$F101)) | E101: =IF(O101=0,"",CONCATENATE(O101," ",$F101)) -> 1 UN | F101: =VLOOKUP($A101,Orçamento!$A$9:$J$108,5,0) -> UN | G101: =VLOOKUP($A101,Orçamento!$A$9:$J$108,6,0) -> 1 | H101: =VLOOKUP($A101,Orçamento!$A$9:$J$108,8,0) -> 108.12 | I101: =VLOOKUP($A101,Orçamento!$A$9:$J$108,10,0) -> 108.12 | L101: =IF(K101=0,"",TRUNC($H101*K101,2)) | N101: =IF(M101=0,"",TRUNC($H101*M101,2)) | O101: =G101 -> 1 | P101: =IF(O101=0,"",TRUNC($H101*O101,2)) -> 108.12 | S101: =SUMIF($K$9:$P$9,$K$9,K101:P101) -> 1 | T101: =IF(S101=G101,"","FALTA") | U101: =SUMIF($K$9:$P$9,$L$9,K101:P101) -> 108.12 | V101: =IF(U101=I101,"","FALTA")
A102: 5.1.8 | B102: =VLOOKUP($A102,Orçamento!$A$9:$J$108,4,0) -> Conector cabo/haste de 3/4´ | C102: =IF(K102=0,"",CONCATENATE(K102," ",$F102)) | D102: =IF(M102=0,"",CONCATENATE(M102," ",$F102)) | E102: =IF(O102=0,"",CONCATENATE(O102," ",$F102)) -> 1 UN | F102: =VLOOKUP($A102,Orçamento!$A$9:$J$108,5,0) -> UN | G102: =VLOOKUP($A102,Orçamento!$A$9:$J$108,6,0) -> 1 | H102: =VLOOKUP($A102,Orçamento!$A$9:$J$108,8,0) -> 32.18 | I102: =VLOOKUP($A102,Orçamento!$A$9:$J$108,10,0) -> 32.18 | L102: =IF(K102=0,"",TRUNC($H102*K102,2)) | N102: =IF(M102=0,"",TRUNC($H102*M102,2)) | O102: =G102 -> 1 | P102: =IF(O102=0,"",TRUNC($H102*O102,2)) -> 32.18 | S102: =SUMIF($K$9:$P$9,$K$9,K102:P102) -> 1 | T102: =IF(S102=G102,"","FALTA") | U102: =SUMIF($K$9:$P$9,$L$9,K102:P102) -> 32.18 | V102: =IF(U102=I102,"","FALTA")
A104: 6 | B104: =VLOOKUP($A104,Orçamento!$A$9:$J$108,4,0) -> SERVIÇOS COMPLEMENTARES
A105: 6.1 | B105: =VLOOKUP($A105,Orçamento!$A$9:$J$108,4,0) -> LIMPEZA | E105: EVENTO 19 | L105: =SUM(L106:L107) -> 0 | N105: =SUM(N106:N107) -> 0 | P105: =SUM(P106:P107) -> 2443.04
A106: 6.1.1 | B106: =VLOOKUP($A106,Orçamento!$A$9:$J$108,4,0) -> LIMPEZA GERAL DA OBRA | C106: =IF(K106=0,"",CONCATENATE(K106," ",$F106)) | D106: =IF(M106=0,"",CONCATENATE(M106," ",$F106)) | E106: =IF(O106=0,"",CONCATENATE(O106," ",$F106)) -> 101,08 M2 | F106: =VLOOKUP($A106,Orçamento!$A$9:$J$108,5,0) -> M2 | G106: =VLOOKUP($A106,Orçamento!$A$9:$J$108,6,0) -> 101.08 | H106: =VLOOKUP($A106,Orçamento!$A$9:$J$108,8,0) -> 20.11 | I106: =VLOOKUP($A106,Orçamento!$A$9:$J$108,10,0) -> 2032.71 | L106: =IF(K106=0,"",TRUNC($H106*K106,2)) | N106: =IF(M106=0,"",TRUNC($H106*M106,2)) | O106: =G106 -> 101.08 | P106: =IF(O106=0,"",TRUNC($H106*O106,2)) -> 2032.71 | S106: =SUMIF($K$9:$P$9,$K$9,K106:P106) -> 101.08 | T106: =IF(S106=G106,"","FALTA") | U106: =SUMIF($K$9:$P$9,$L$9,K106:P106) -> 2032.71 | V106: =IF(U106=I106,"","FALTA")
A107: 6.1.2 | B107: =VLOOKUP($A107,Orçamento!$A$9:$J$108,4,0) -> PLACA ORIENTATIVA SOBRE O USO, 0,80 M X 1,20M, INSTALADA SOBRE GRADIL METÁLICO | C107: =IF(K107=0,"",CONCATENATE(K107," ",$F107)) | D107: =IF(M107=0,"",CONCATENATE(M107," ",$F107)) | E107: =IF(O107=0,"",CONCATENATE(O107," ",$F107)) -> 1 UN. | F107: =VLOOKUP($A107,Orçamento!$A$9:$J$108,5,0) -> UN. | G107: =VLOOKUP($A107,Orçamento!$A$9:$J$108,6,0) -> 1 | H107: =VLOOKUP($A107,Orçamento!$A$9:$J$108,8,0) -> 410.33 | I107: =VLOOKUP($A107,Orçamento!$A$9:$J$108,10,0) -> 410.33 | L107: =IF(K107=0,"",TRUNC($H107*K107,2)) | N107: =IF(M107=0,"",TRUNC($H107*M107,2)) | O107: =G107 -> 1 | P107: =IF(O107=0,"",TRUNC($H107*O107,2)) -> 410.33 | S107: =SUMIF($K$9:$P$9,$K$9,K107:P107) -> 1 | T107: =IF(S107=G107,"","FALTA") | U107: =SUMIF($K$9:$P$9,$L$9,K107:P107) -> 410.33 | V107: =IF(U107=I107,"","FALTA")
A109: OBSERVAÇÃO: Os EVENTOS especificadas para cada item só serão consideradas concluídos quando todas as quantidades especificadas para cada subitem a ele pertencentes estiverem executadas (Exemplo: o EVENTO 1 só será considerado concluído após a execução de todos os quantitativos especificados nele para os subitens 1.1.1 a 1.1.4).
